Workbook

Sheet Directions & Deadlines
C1: Directions & Deadlines | H1: Version 1.6 Last Updated: 10/1/2026
C3: Dates that have been struck through have passed the deadline | H3: The addendum is reserved for items dealing with an "emergency matter." Items can be included on the addendum if they meet one or more of the following conditions: (1) the item is time sensitive, (2) the delay will result in the County being in violation of a local, state, or federal law, or (3) the County will incur costs or liability as a result of the delay. All addendum items must be approved by the County Administrator prior to briefing.
C4: Commissioners Court Date | D4: Agenda Deadline for Commissioners Court | E4: Addendum Deadline (Emergency Items Only)
C5: 46301 | D5: 46286 | E5: 46293
C6: 46315 | D6: 46300 | E6: 46307
C7: 46329 | D7: 46314 | E7: 46321
C8: 46343 | D8: 46328 | E8: 46335
C9: 46357 | D9: 46342 | E9: 46349
C10: 46371 | D10: 46356 | E10: 46363
C11: 46392 | D11: 46377 | E11: 46384
C12: 46406 | D12: 46391 | E12: 46398
C13: 46420 | D13: 46405 | E13: 46412
C14: 46434 | D14: 46419 | E14: 46426
C15: 46448 | D15: 46433 | E15: 46440
C16: 46462 | D16: 46447 | E16: 46454
... C26: 46651 | D26: 46636 | E26: 46643
C27: End of Fiscal Year 2027
C28: Click here to view 2026 and 2027 County Holidays

Sheet Full Brief
C1: Commissioners Court Full Brief Template
C2: Please use this section if requesting the Office of Budget and Evaluation (OBE) to submit a full brief on your department's behalf. OBE is charged with briefing those items that contain a budgetary impact to Commissioners Court.
B4: 1 | C4: Background of Issue:
C5: a. | D5: Establish the purpose/origin of issue
C6: b. | D6: Discuss previous history/action that has recently been taken.
C7: c. | D7: Discuss what needs to be done.
C8: Answer the questions listed above here.
B15: 2 | C15: Impact on operations and maintenance: What options/alternatives does the County have? Does the issue:
C16: a. | D16: Increase/improve service?
C17: b. | D17: Increase productivity?
C18: c. | D18: Require additional staff?
C19: d. | D19: Require additional space?
C20: e. | D20: Require the reordering of priorities?
C21: f. | D21: Represent a change in existing policy?
C22: g. | D22: Result in any cost-savings?
C24: Answer the questions listed above here.
B35: 3 | C35: Legal Information (when applicable): Identify /address all relevant legal issues
C36: Answer the questions listed above here.
B43: 4 | C43: Financial Impact/Considerations:
C44: a. | D44: Identify all costs
C45: b. | D45: Explain how costs were derived.
C46: c. | D46: Discuss whether costs represent one-time expenditures or annually recurring costs.
C47: d. | D47: Quantify anticipated cost-savings/increases in productivity
C48: e. | D48: Discuss method for deriving cost-savings/productivity increases.
C49: f. | D49: Identify funding source.
C51: Answer the questions listed above here.
B62: 5 | C62: Project Schedule/implementation: Identify who/what department will be responsible for completing a project/resolving an issue and develop a schedule/identify a date for completing a project/resolving an issue
C64: Answer the questions listed above here.
B71: 6 | C71: Mission, Vision, Values Compliance: Please add how the briefing item reflects the Mission and Vision or how the County values are modeled in the briefing you are submitting:
C73: Answer the questions listed above here.
B80: 7 | C80: SBE Information (when applicable): Outline all relevant SBE information
C82: Answer the questions listed above here.
B89: 8 | C89: Recommendation: State the recommended course of action. If, for instance, memoranda are of an information nature only, then they should state at the conclusion that no further action is needed. The recommendation will generate a Court Order to be considered for action by the Commissioners Court. MUST INCLUDE $ AMOUNT IF SEEKING FUNDING APPROVAL. This information will be included in the Motion as well.
C92: Answer the questions listed above here.
C99: You have reached the end. Please submit the completed form along with any relevant attachments to your assigned budget analyst. If submitting a grant application or grant acceptance, please submit to the OBE Grant Coordinator.
C100: Click here to find your assigned OBE staff

Sheet Misc. Equipment
B1: # | C1: Department | D1: Fund Source | E1: Funding | F1: GL Expense Code | G1: Quantity | H1: Item Description | I1: Unit Cost | J1: Total Cost (rounded) | K1: New / Replacement | L1: Justification
B2: 1 | J2: =IFERROR(ROUNDUP(G2*I2,0),0) -> 0
B3: 2 | J3: =IFERROR(ROUNDUP(G3*I3,0),0) -> 0
B4: 3 | J4: =IFERROR(ROUNDUP(G4*I4,0),0) -> 0
B5: 4 | J5: =IFERROR(ROUNDUP(G5*I5,0),0) -> 0
B6: 5 | J6: =IFERROR(ROUNDUP(G6*I6,0),0) -> 0
B7: 6 | J7: =IFERROR(ROUNDUP(G7*I7,0),0) -> 0
B8: 7 | J8: =IFERROR(ROUNDUP(G8*I8,0),0) -> 0
B9: 8 | J9: =IFERROR(ROUNDUP(G9*I9,0),0) -> 0
B10: 9 | J10: =IFERROR(ROUNDUP(G10*I10,0),0) -> 0
B11: 10 | J11: =IFERROR(ROUNDUP(G11*I11,0),0) -> 0
B12: 11 | J12: =IFERROR(ROUNDUP(G12*I12,0),0) -> 0
B13: 12 | J13: =IFERROR(ROUNDUP(G13*I13,0),0) -> 0
... B101: 100 | J101: =IFERROR(ROUNDUP(G101*I101,0),0) -> 0

Sheet Travel
B1: # | E1: Travel / Training Information | L1: Travel/ Training Costs | W1: Funding Source
C2: Total Cost | D2: Department Name | E2: Attendee Name | F2: Event Name | G2: City | H2: State (XX) | I2: Virtual or In-Person | J2: Travel Start Date (MM/DD/YYYY) | K2: Travel End Date (MM/DD/YYYY) | L2: County Vehicle (Yes/No) | M2: Registration | N2: Airfare | O2: Luggage | P2: Bus | Q2: Rideshare | R2: Car Rental | S2: Lodging | T2: Per Diem | U2: Mileage | V2: Parking | W2: Fund Source Grant Name | X2: Company | Y2: Fund | Z2: Cost Center | AA2: Account | AB2: Function | AC2: Account String | AD2: Company_Hidden | AE2: Fund_hidden | AF2: CostCenter_hidden | AG2: Account_hidden | AH2: Function_hidden
B3: 1 | C3: =SUM(M3:V3) -> 0 | AC3: =_xlfn.CONCAT(TableTravel[[#This Row],[ Company_Hidden]],".",TableTravel[[#This Row],[Fund_hidden]],".",TableTravel[[#This Row],[CostCenter_hidden]],".",TableTravel[[#This Row],[Account_hidden]],".",TableTravel[[#This Row],[Function_hidden]]) -> .... | AD3: =IFERROR(_xlfn.TEXTBEFORE(TableTravel[[#This Row],[Company]]," "),"") | AE3: =IFERROR(_xlfn.TEXTBEFORE(TableTravel[[#This Row],[Fund]]," "),"") | AF3: =IFERROR(_xlfn.TEXTBEFORE(TableTravel[[#This Row],[Cost Center]]," "),"") | AG3: =IFERROR(_xlfn.TEXTBEFORE(TableTravel[[#This Row],[Account]]," "),"") | AH3: =IFERROR(_xlfn.TEXTBEFORE(TableTravel[[#This Row],[Function]]," "),"")
B4: 2 | C4: =SUM(M4:V4) -> 0 | AC4: =_xlfn.CONCAT(TableTravel[[#This Row],[ Company_Hidden]],".",TableTravel[[#This Row],[Fund_hidden]],".",TableTravel[[#This Row],[CostCenter_hidden]],".",TableTravel[[#This Row],[Account_hidden]],".",TableTravel[[#This Row],[Function_hidden]]) -> .... | AD4: =IFERROR(_xlfn.TEXTBEFORE(TableTravel[[#This Row],[Company]]," "),"") | AE4: =IFERROR(_xlfn.TEXTBEFORE(TableTravel[[#This Row],[Fund]]," "),"") | AF4: =IFERROR(_xlfn.TEXTBEFORE(TableTravel[[#This Row],[Cost Center]]," "),"") | AG4: =IFERROR(_xlfn.TEXTBEFORE(TableTravel[[#This Row],[Account]]," "),"") | AH4: =IFERROR(_xlfn.TEXTBEFORE(TableTravel[[#This Row],[Function]]," "),"")
B5: 3 | C5: =SUM(M5:V5) -> 0 | AC5: =_xlfn.CONCAT(TableTravel[[#This Row],[ Company_Hidden]],".",TableTravel[[#This Row],[Fund_hidden]],".",TableTravel[[#This Row],[CostCenter_hidden]],".",TableTravel[[#This Row],[Account_hidden]],".",TableTravel[[#This Row],[Function_hidden]]) -> .... | AD5: =IFERROR(_xlfn.TEXTBEFORE(TableTravel[[#This Row],[Company]]," "),"") | AE5: =IFERROR(_xlfn.TEXTBEFORE(TableTravel[[#This Row],[Fund]]," "),"") | AF5: =IFERROR(_xlfn.TEXTBEFORE(TableTravel[[#This Row],[Cost Center]]," "),"") | AG5: =IFERROR(_xlfn.TEXTBEFORE(TableTravel[[#This Row],[Account]]," "),"") | AH5: =IFERROR(_xlfn.TEXTBEFORE(TableTravel[[#This Row],[Function]]," "),"")
B6: 4 | C6: =SUM(M6:V6) -> 0 | AC6: =_xlfn.CONCAT(TableTravel[[#This Row],[ Company_Hidden]],".",TableTravel[[#This Row],[Fund_hidden]],".",TableTravel[[#This Row],[CostCenter_hidden]],".",TableTravel[[#This Row],[Account_hidden]],".",TableTravel[[#This Row],[Function_hidden]]) -> .... | AD6: =IFERROR(_xlfn.TEXTBEFORE(TableTravel[[#This Row],[Company]]," "),"") | AE6: =IFERROR(_xlfn.TEXTBEFORE(TableTravel[[#This Row],[Fund]]," "),"") | AF6: =IFERROR(_xlfn.TEXTBEFORE(TableTravel[[#This Row],[Cost Center]]," "),"") | AG6: =IFERROR(_xlfn.TEXTBEFORE(TableTravel[[#This Row],[Account]]," "),"") | AH6: =IFERROR(_xlfn.TEXTBEFORE(TableTravel[[#This Row],[Function]]," "),"")
B7: 5 | C7: =SUM(M7:V7) -> 0 | AC7: =_xlfn.CONCAT(TableTravel[[#This Row],[ Company_Hidden]],".",TableTravel[[#This Row],[Fund_hidden]],".",TableTravel[[#This Row],[CostCenter_hidden]],".",TableTravel[[#This Row],[Account_hidden]],".",TableTravel[[#This Row],[Function_hidden]]) -> .... | AD7: =IFERROR(_xlfn.TEXTBEFORE(TableTravel[[#This Row],[Company]]," "),"") | AE7: =IFERROR(_xlfn.TEXTBEFORE(TableTravel[[#This Row],[Fund]]," "),"") | AF7: =IFERROR(_xlfn.TEXTBEFORE(TableTravel[[#This Row],[Cost Center]]," "),"") | AG7: =IFERROR(_xlfn.TEXTBEFORE(TableTravel[[#This Row],[Account]]," "),"") | AH7: =IFERROR(_xlfn.TEXTBEFORE(TableTravel[[#This Row],[Function]]," "),"")
B8: 6 | C8: =SUM(M8:V8) -> 0 | AC8: =_xlfn.CONCAT(TableTravel[[#This Row],[ Company_Hidden]],".",TableTravel[[#This Row],[Fund_hidden]],".",TableTravel[[#This Row],[CostCenter_hidden]],".",TableTravel[[#This Row],[Account_hidden]],".",TableTravel[[#This Row],[Function_hidden]]) -> .... | AD8: =IFERROR(_xlfn.TEXTBEFORE(TableTravel[[#This Row],[Company]]," "),"") | AE8: =IFERROR(_xlfn.TEXTBEFORE(TableTravel[[#This Row],[Fund]]," "),"") | AF8: =IFERROR(_xlfn.TEXTBEFORE(TableTravel[[#This Row],[Cost Center]]," "),"") | AG8: =IFERROR(_xlfn.TEXTBEFORE(TableTravel[[#This Row],[Account]]," "),"") | AH8: =IFERROR(_xlfn.TEXTBEFORE(TableTravel[[#This Row],[Function]]," "),"")
B9: 7 | C9: =SUM(M9:V9) -> 0 | AC9: =_xlfn.CONCAT(TableTravel[[#This Row],[ Company_Hidden]],".",TableTravel[[#This Row],[Fund_hidden]],".",TableTravel[[#This Row],[CostCenter_hidden]],".",TableTravel[[#This Row],[Account_hidden]],".",TableTravel[[#This Row],[Function_hidden]]) -> .... | AD9: =IFERROR(_xlfn.TEXTBEFORE(TableTravel[[#This Row],[Company]]," "),"") | AE9: =IFERROR(_xlfn.TEXTBEFORE(TableTravel[[#This Row],[Fund]]," "),"") | AF9: =IFERROR(_xlfn.TEXTBEFORE(TableTravel[[#This Row],[Cost Center]]," "),"") | AG9: =IFERROR(_xlfn.TEXTBEFORE(TableTravel[[#This Row],[Account]]," "),"") | AH9: =IFERROR(_xlfn.TEXTBEFORE(TableTravel[[#This Row],[Function]]," "),"")
B10: 8 | C10: =SUM(M10:V10) -> 0 | AC10: =_xlfn.CONCAT(TableTravel[[#This Row],[ Company_Hidden]],".",TableTravel[[#This Row],[Fund_hidden]],".",TableTravel[[#This Row],[CostCenter_hidden]],".",TableTravel[[#This Row],[Account_hidden]],".",TableTravel[[#This Row],[Function_hidden]]) -> .... | AD10: =IFERROR(_xlfn.TEXTBEFORE(TableTravel[[#This Row],[Company]]," "),"") | AE10: =IFERROR(_xlfn.TEXTBEFORE(TableTravel[[#This Row],[Fund]]," "),"") | AF10: =IFERROR(_xlfn.TEXTBEFORE(TableTravel[[#This Row],[Cost Center]]," "),"") | AG10: =IFERROR(_xlfn.TEXTBEFORE(TableTravel[[#This Row],[Account]]," "),"") | AH10: =IFERROR(_xlfn.TEXTBEFORE(TableTravel[[#This Row],[Function]]," "),"")
B11: 9 | C11: =SUM(M11:V11) -> 0 | AC11: =_xlfn.CONCAT(TableTravel[[#This Row],[ Company_Hidden]],".",TableTravel[[#This Row],[Fund_hidden]],".",TableTravel[[#This Row],[CostCenter_hidden]],".",TableTravel[[#This Row],[Account_hidden]],".",TableTravel[[#This Row],[Function_hidden]]) -> .... | AD11: =IFERROR(_xlfn.TEXTBEFORE(TableTravel[[#This Row],[Company]]," "),"") | AE11: =IFERROR(_xlfn.TEXTBEFORE(TableTravel[[#This Row],[Fund]]," "),"") | AF11: =IFERROR(_xlfn.TEXTBEFORE(TableTravel[[#This Row],[Cost Center]]," "),"") | AG11: =IFERROR(_xlfn.TEXTBEFORE(TableTravel[[#This Row],[Account]]," "),"") | AH11: =IFERROR(_xlfn.TEXTBEFORE(TableTravel[[#This Row],[Function]]," "),"")
B12: 10 | C12: =SUM(M12:V12) -> 0 | AC12: =_xlfn.CONCAT(TableTravel[[#This Row],[ Company_Hidden]],".",TableTravel[[#This Row],[Fund_hidden]],".",TableTravel[[#This Row],[CostCenter_hidden]],".",TableTravel[[#This Row],[Account_hidden]],".",TableTravel[[#This Row],[Function_hidden]]) -> .... | AD12: =IFERROR(_xlfn.TEXTBEFORE(TableTravel[[#This Row],[Company]]," "),"") | AE12: =IFERROR(_xlfn.TEXTBEFORE(TableTravel[[#This Row],[Fund]]," "),"") | AF12: =IFERROR(_xlfn.TEXTBEFORE(TableTravel[[#This Row],[Cost Center]]," "),"") | AG12: =IFERROR(_xlfn.TEXTBEFORE(TableTravel[[#This Row],[Account]]," "),"") | AH12: =IFERROR(_xlfn.TEXTBEFORE(TableTravel[[#This Row],[Function]]," "),"")
B13: 11 | C13: =SUM(M13:V13) -> 0 | AC13: =_xlfn.CONCAT(TableTravel[[#This Row],[ Company_Hidden]],".",TableTravel[[#This Row],[Fund_hidden]],".",TableTravel[[#This Row],[CostCenter_hidden]],".",TableTravel[[#This Row],[Account_hidden]],".",TableTravel[[#This Row],[Function_hidden]]) -> .... | AD13: =IFERROR(_xlfn.TEXTBEFORE(TableTravel[[#This Row],[Company]]," "),"") | AE13: =IFERROR(_xlfn.TEXTBEFORE(TableTravel[[#This Row],[Fund]]," "),"") | AF13: =IFERROR(_xlfn.TEXTBEFORE(TableTravel[[#This Row],[Cost Center]]," "),"") | AG13: =IFERROR(_xlfn.TEXTBEFORE(TableTravel[[#This Row],[Account]]," "),"") | AH13: =IFERROR(_xlfn.TEXTBEFORE(TableTravel[[#This Row],[Function]]," "),"")
B14: 12 | C14: =SUM(M14:V14) -> 0 | AC14: =_xlfn.CONCAT(TableTravel[[#This Row],[ Company_Hidden]],".",TableTravel[[#This Row],[Fund_hidden]],".",TableTravel[[#This Row],[CostCenter_hidden]],".",TableTravel[[#This Row],[Account_hidden]],".",TableTravel[[#This Row],[Function_hidden]]) -> .... | AD14: =IFERROR(_xlfn.TEXTBEFORE(TableTravel[[#This Row],[Company]]," "),"") | AE14: =IFERROR(_xlfn.TEXTBEFORE(TableTravel[[#This Row],[Fund]]," "),"") | AF14: =IFERROR(_xlfn.TEXTBEFORE(TableTravel[[#This Row],[Cost Center]]," "),"") | AG14: =IFERROR(_xlfn.TEXTBEFORE(TableTravel[[#This Row],[Account]]," "),"") | AH14: =IFERROR(_xlfn.TEXTBEFORE(TableTravel[[#This Row],[Function]]," "),"")
... B99: 97 | C99: =SUM(M99:V99) -> 0 | AC99: =_xlfn.CONCAT(TableTravel[[#This Row],[ Company_Hidden]],".",TableTravel[[#This Row],[Fund_hidden]],".",TableTravel[[#This Row],[CostCenter_hidden]],".",TableTravel[[#This Row],[Account_hidden]],".",TableTravel[[#This Row],[Function_hidden]]) -> .... | AD99: =IFERROR(_xlfn.TEXTBEFORE(TableTravel[[#This Row],[Company]]," "),"") | AE99: =IFERROR(_xlfn.TEXTBEFORE(TableTravel[[#This Row],[Fund]]," "),"") | AF99: =IFERROR(_xlfn.TEXTBEFORE(TableTravel[[#This Row],[Cost Center]]," "),"") | AG99: =IFERROR(_xlfn.TEXTBEFORE(TableTravel[[#This Row],[Account]]," "),"") | AH99: =IFERROR(_xlfn.TEXTBEFORE(TableTravel[[#This Row],[Function]]," "),"")
C100: =SUM(M100:V100) -> 0 | AC100: =_xlfn.CONCAT(TableTravel[[#This Row],[ Company_Hidden]],".",TableTravel[[#This Row],[Fund_hidden]],".",TableTravel[[#This Row],[CostCenter_hidden]],".",TableTravel[[#This Row],[Account_hidden]],".",TableTravel[[#This Row],[Function_hidden]]) -> .... | AD100: =IFERROR(_xlfn.TEXTBEFORE(TableTravel[[#This Row],[Company]]," "),"") | AE100: =IFERROR(_xlfn.TEXTBEFORE(TableTravel[[#This Row],[Fund]]," "),"") | AF100: =IFERROR(_xlfn.TEXTBEFORE(TableTravel[[#This Row],[Cost Center]]," "),"") | AG100: =IFERROR(_xlfn.TEXTBEFORE(TableTravel[[#This Row],[Account]]," "),"") | AH100: =IFERROR(_xlfn.TEXTBEFORE(TableTravel[[#This Row],[Function]]," "),"")

Sheet Non-Compliant
B1: # | C1: Department | D1: Noncompliant Item | E1: Amount | F1: Vendor | G1: Justification | H1: Fund | I1: Cost Center/ Project Number | J1: Funding Source | K1: Invoice Number | L1: Company | M1: Fund | N1: Cost Center | O1: Account | P1: Function | Q1: Account String | R1: Requestor
B2: 1 | Q2: =_xlfn.CONCAT(L2,".",M2,".",N2,".",O2,".",P2) -> ....
B3: 2 | Q3: =_xlfn.CONCAT(L3,".",M3,".",N3,".",O3,".",P3) -> ....
B4: 3 | Q4: =_xlfn.CONCAT(L4,".",M4,".",N4,".",O4,".",P4) -> ....
B5: 4 | Q5: =_xlfn.CONCAT(L5,".",M5,".",N5,".",O5,".",P5) -> ....
B6: 5 | Q6: =_xlfn.CONCAT(L6,".",M6,".",N6,".",O6,".",P6) -> ....
B7: 6 | Q7: =_xlfn.CONCAT(L7,".",M7,".",N7,".",O7,".",P7) -> ....
B8: 7 | Q8: =_xlfn.CONCAT(L8,".",M8,".",N8,".",O8,".",P8) -> ....
B9: 8 | Q9: =_xlfn.CONCAT(L9,".",M9,".",N9,".",O9,".",P9) -> ....
B10: 9 | Q10: =_xlfn.CONCAT(L10,".",M10,".",N10,".",O10,".",P10) -> ....
B11: 10 | Q11: =_xlfn.CONCAT(L11,".",M11,".",N11,".",O11,".",P11) -> ....
B12: 11 | Q12: =_xlfn.CONCAT(L12,".",M12,".",N12,".",O12,".",P12) -> ....
B13: 12 | Q13: =_xlfn.CONCAT(L13,".",M13,".",N13,".",O13,".",P13) -> ....
... B99: 98 | Q99: =_xlfn.CONCAT(L99,".",M99,".",N99,".",O99,".",P99) -> ....

Sheet Facilities
B1: # | C1: Item | D1: Quantity | E1: Funding_source | F1: Fund | G1: Project_Department | H1: Unit_cost | I1: Total | J1: Justification | K1: CAPEX | L1: Transfer | M1: GL_funding | N1: POETA_information | O1: Vendor | P1: Requested_by
B2: 1 | I2: =D2*H2 -> 0
B3: 2 | I3: =D3*H3 -> 0
B4: 3 | I4: =D4*H4 -> 0
B5: 4 | I5: =D5*H5 -> 0
B6: 5 | I6: =D6*H6 -> 0
B7: 6 | I7: =D7*H7 -> 0
B8: 7 | I8: =D8*H8 -> 0
B9: 8 | I9: =D9*H9 -> 0
B10: 9 | I10: =D10*H10 -> 0
B11: 10 | I11: =D11*H11 -> 0
B12: 11 | I12: =D12*H12 -> 0
B13: 12 | I13: =D13*H13 -> 0
... B100: 99 | I100: =D100*H100 -> 0

Sheet Surplus
B1: Requesting Department | C1: Quantity | D1: Item Description | E1: Current Location | F1: Destination Office Name | G1: Destination/Delivery Address

Sheet Lists
A1: Company List | B1: Fund List | C1: Cost Center List | D1: Account List | E1: Function List | G1: State | H1: Abbreviation
A2: 100 - Dallas County | B2: 00000 - Default | C2: 0000 - Default Cost Center | D2: 61010 - Salaries - Official | E2: 10000 - General Government | G2: Alabama | H2: AL
A3: 200 - Community Supervision and Corrections Department (CSCD) | B3: 10500 - Road and Bridge | C3: 1010 - County Judge | D3: 61011 - District Court Judges(Tex. Govt. Code Sec. 659.012(a)(1)) | E3: 10005 - Trust-County Insurance | G3: Alaska | H3: AK
A4: 300 - Dallas County Elections Department | B4: 10501 - Road & Bridge District 1 | C4: 1011 - Truancy Courts | D4: 61012 - Court of Appeals Justices(Tex. Govt. Code Sec. 659.012(a)(2)) | E4: 10015 - Vehicle Inventory Tax | G4: Arizona | H4: AZ
A5: 400 - Dallas County Tax Office | B5: 10502 - Road & Bridge District 2 | C5: 1016 - Planning and Development | D5: 61013 - Supreme Court Justices & Court of Criminal Appeals Judges(Tex. Govt. Code Sec. 659.012(a)(3)) | E5: 10020 - Adullt Safety Net Program (ASNP) | G5: Arkansas | H5: AR
A6: 500 - Dallas County Academy for Academic Excellence | B6: 10503 - Road & Bridge District 3 | C6: 1020 - Commissioners' Court Administrator | D6: 61014 - County Court at Law Judges (Tex. Govt. Code Sec. 25.0005) | E6: 10050 - DC COVID-19 Response | G6: California | H6: CA
B7: 10504 - Road & Bridge District 4 | C7: 1021 - Operation Services - Engineering | D7: 61015 - Probate Court Judges(Tex. Govt. Code Sec. 25.0023) | E7: 10051 - DC COVID-19 Vaccination Center | G7: Colorado | H7: CO
B8: 10505 - Road Reserves | C8: 1022 - Operation Services - Facilities | D8: 61016 - Appointed Directors | E8: 10052 - Hurriance Laura Response | G8: Connecticut | H8: CT
A9: Fund Source | B9: 12000 - General Fund | C9: 1023 - Operation Services - Comm/Central Services | D9: 61020 - Salaries - Assistant | E9: 10053 - Winter Storm Uri | G9: Delaware | H9: DE
A10: General Fund | B10: 12400 - Jury Special Fund | C10: 1024 - Operation Services - Records Mgmt | D10: 61025 - Supplemental Pay | E10: 10054 - Monkey Pox Cleanup Costs | G10: Florida | H10: FL
A11: Permanent Improvement | B11: 12500 - Petit Jury Fund | C11: 1027 - Operation Services - Auto Service Center | D11: 61030 - Salaries - Court Coordinators | E11: 10055 - COVID-19 Eastfield College Vaccination | G11: Georgia | H11: GA
A12: Major Technology | B12: 12600 - Permanent Improvement Fund | C12: 1035 - Tax Assessor/Collector | D12: 61040 - Salaries - Court Reporters | E12: 19017 - General Government | G12: Hawaii | H12: HI
A13: Major Capital Development | B13: 12800 - Adult Probation | C13: 1040 - Human Resource/Civil Service | D13: 61050 - Salaries - Overtime | E13: 10999 - General Government | G13: Idaho | H13: ID
A14: Road and Bridge | B14: 13000 - Election Special Fund | C14: 1041 - HRCS - 52e Employees | D14: 61060 - Salaries - Extra Help | E14: 11470 - General Government | G14: Illinois | H14: IL
A15: Escrow Fund | B15: 16200 - Alternate Dispute Resolution | C15: 1045 - Records Bldg Fitness Center | D15: 61061 - Salaries - Part-time Regular | E15: 11471 - General Government | G15: Indiana | H15: IN
A16: Grant Fund | B16: 16800 - Dallas County Historical Commission | C16: 1050 - County Treasurer | D16: 61062 - Salaries - Part-time Temporary | E16: 11473 - General Government | G16: Iowa | H16: IA
B17: 16900 - Historical Exhibit | C17: 1060 - Office of Budget & Evaluation | D17: 61070 - Automobile Allowance | E17: 11474 - General Government | G17: Kansas | H17: KS
B18: 17000 - Return Check Collection | C18: 1070 - County Auditor | D18: 61080 - Mileage Reimbursement | E18: 11475 - General Government | G18: Kentucky | H18: KY
B19: 18000 - Housing Finance Corp | C19: 1080 - Purchasing | D19: 61090 - Salary Lag Account | E19: 11476 - General Government | G19: Louisiana | H19: LA
B20: 19000 - CMAQ Congestion, Mitigation, & Air Quality | C20: 1082 - Small Business Enterprise(SBE) | D20: 61110 - Social Security | E20: 11477 - General Government | G20: Maine | H20: ME
B21: 19500 - Major Technology Fund | C21: 1090 - IT Data Services | D21: 61111 - FICA_A01111 | E21: 11478 - General Government | G21: Maryland | H21: MD
B22: 19600 - Major Projects | C22: 1210 - Elections | D22: 61112 - Medicare_A01112 | E22: 20000 - Public Welfare | G22: Massachusetts | H22: MA
B23: 20000 - Judicial | C23: 2050 - Texas Cooperative Extension | D23: 61113 - PARS | E23: 20005 - Administration for Immunization | G23: Michigan | H23: MI
B24: 20100 - Technology | C24: 2060 - Veterans Service | D24: 61120 - Sick Leave Payoff | E24: 20010 - Criminal Justice 1115 Waiver | G24: Minnesota | H24: MN
B25: 20200 - Local Government | C25: 2080 - Historical Commission | D25: 61140 - Insurance -Employer | E25: 20015 - Health & Human Service 1115 Wavier | G25: Mississippi | H25: MS
B26: 20300 - Local Official | C26: 2110 - Public Works | D26: 61150 - Fringe Benefits Retirement-Employer | E26: 20020 - 340B Drug Pricing Program | G26: Missouri | H26: MO
B27: 20400 - Record Management | C27: 2115 - PW - Economic Development | D27: 61160 - Unemployment Insurance | E27: 20035 - MWBE General Escrow | G27: Montana | H27: MT
B28: 20500 - Interest and Debt Retirement (Debt Service) Fund | C28: 2510 - Road Precinct #1 | D28: 61190 - Workers Compensation- County | E28: 30000 - Public Safety | G28: Nebraska | H28: NE
... B51: 50000 - Payroll Fund | C51: 3131 - Fugitive Transportation | D51: 62039 - Emergency Foster Care | E51: 31010 - Sheriff E- Accident | G51: Wyoming | H51: WY
B52: 50100 - County Clerk-Special | C52: 3132 - Civil | D52: 62040 - Emergency Food Assistance | E52: 31015 - Print Shop Escrow
B53: 50200 - County Clerk-Trust | C53: 3133 - Patrol | D53: 62041 - Emergency Medical Assistance | E53: 31020 - DC Fire Marshal Inspection Fee
B54: 50300 - District Clerk-Special | C54: 3134 - Criminal Investigation | D54: 62042 - School/Recreation Expense | E54: 31025 - Juror Donations
B55: 50400 - District Clerk-Trust | C55: 3136 - FLEET | D55: 62043 - Residential Placement | E55: 31035 - Juvenile Department General Escrow
B56: 50500 - Sheriff-Special | C56: 3137 - Freeway Management Program | D56: 62044 - Medical Expenses | E56: 31040 - Juvenile Cultural Activities
B57: 50600 - County Clerk Special Trust Fund | C57: 3140 - Detention Services | D57: 62050 - Conference/Staff Development Expense | E57: 31295 - Public Safety
B58: 53200 - ESCROW FUND | C58: 3141 - North Tower | D58: 62080 - Dues & Subscriptions | E58: 32036 - Public Safety
B59: 53400 - DA Restitution | C59: 3142 - West Tower | D59: 62081 - Organizational Dues | E59: 40000 - Judicial
B60: 53500 - District Attorney Forfeiture | C60: 3147 - Central Intake | D60: 62082 - Subscriptions | E60: 40005 - Department of Justice Federal Forfeiture District Attorney
B61: 53700 - Youth Village Special Fund | C61: 3148 - South Tower | D61: 62083 - Refunds | E61: 40006 - Treasury Federal Forfeiture District Attorney
B62: 53800 - DA- Check Processing Fees | C62: 3150 - Classification and Release | D62: 62084 - Reporting Vital Statistics | E62: 40007 - State Forfeiture District Attorney
B63: 54000 - DA Forfeitures-Federal | C63: 3151 - Inmate Program | D63: 62090 - Property Less than $5000 | E63: 40019 - State Probate Courts Guardians Fee
... B102: 58300 - Constable 3-A Special Fund No. 583 Mike | C102: 4080 - Court Cost Miscellaneous | D102: 62214 - Internet Access | E102: 60000 - Education
C103: 4090 - Appellate Justice System | D103: 62215 - Telecom maintenance and repair | E103: 70000 - Highways and Streets
C104: 4110 - 14th Civil District Court | D104: 62216 - Telecom contracts | E104: 80000 - Debt Service
C105: 4115 - 44th Civil District Court | D105: 62217 - Telecommunications | E105: 90000 - Other Functions
C106: 4120 - 68th Civil District Court | D106: 62218 - Telephone Reimbursement | E106: 91000 - CSCD Functions
C107: 4125 - 95th Civil District Court | D107: 62219 - Long Distance | E107: 91010 - CSCD PPM
C108: 4130 - 101st Civil District Court | D108: 62221 - Financial & Audit | E108: 91100 - Basic Supervision Y0
C109: 4135 - 116th Civil District Court | D109: 62222 - Sign Painting & Lettering | E109: 91101 - Basic Supervision Y1
C110: 4140 - 134th Civil District Court | D110: 62223 - Medical Services | E110: 91102 - Basic Supervision Y2
C111: 4145 - 160th Civil District Court | D111: 62225 - Other Professional Fees | E111: 91103 - Basic Supervision Y3
C112: 4150 - 162nd Civil District Court | D112: 62226 - Professional Fees - Sub-Recipients | E112: 91104 - Basic Supervision Y4
C113: 4155 - 191st Civil District Court | D113: 62227 - Collection Fees - Linebarger | E113: 91105 - Basic Supervision Y5
C114: 4160 - 192nd Civil District Court | D114: 62228 - Judical Region - Local Issue | E114: 91106 - Basic Supervision Y6
... C127: 4310 - 304th Juvenile Court | D127: 62262 - Road Gravel | E127: 91909 - T.A.I.P Y9
C128: 4320 - 305th Juvenile Court | D128: 62263 - Hazardous Waste Disposal
C129: 4401 - Criminal District Court #1 | D129: 62264 - Waste Disposal
C130: 4402 - Criminal District Court #2 | D130: 62265 - Trash / Litter Removal
C131: 4403 - Criminal District Court #3 | D131: 62266 - Cement Sacrete
C132: 4404 - Criminal District Court #4 | D132: 62267 - Signage
C133: 4405 - Criminal District Court #5 | D133: 62268 - Surety Bonds
C134: 4406 - Criminal District Court #6 | D134: 62269 - Death/Burial Expense
C135: 4407 - Criminal District Court #7 | D135: 62271 - Delivery Service
C136: 4410 - 194th Criminal District Court | D136: 62270 - Line Stabilizer
C137: 4415 - 195th Criminal District Court | D137: 62275 - Usage Equipment
C138: 4420 - 203rd Criminal District Court | D138: 62280 - Usage Materials/Burdened
C139: 4425 - 204th Criminal District Court | D139: 62285 - Fuel
... C304: 9455 - Household Hazardous Waste | D304: 63111 - GT6211-Legal Services
D305: 63112 - GT6212-Audit Services
D306: 63113 - GT6239-Education Service Center
D307: 63114 - GT6249-Maintenance and Repair
D308: 63115 - GT6259-Utilities
D309: 63116 - GT6269-Rentals - Operating Lea
D310: 63117 - GT6299-No Description
D311: 63118 - GT6319-Supplies for Maintenanc
D312: 63119 - GT6321-Textbooks
D313: 63120 - GT6329-No Description
D314: 63121 - GT6339-Testing Materials
D315: 63122 - GT6399-Supplies and Materials
D316: 63123 - GT6411-Employee Travel
... D418: 67530 - Principal Payment

Sheet company_dp
A1: Company
A2: {=TRANSPOSE(_xlfn._xlws.SORT(_xlfn._xlws.FILTER(TableCompany[Company List],ISNUMBER(SEARCH(Travel!X3, TableCompany[Company List])))))} -> 100 - Dallas County | B2: 200 - Community Supervision and Corrections Department (CSCD) | C2: 300 - Dallas County Elections Department | D2: 400 - Dallas County Tax Office | E2: 500 - Dallas County Academy for Academic Excellence
A3: {=TRANSPOSE(_xlfn._xlws.SORT(_xlfn._xlws.FILTER(TableCompany[Company List],ISNUMBER(SEARCH(Travel!X4, TableCompany[Company List])))))} -> 100 - Dallas County | B3: 200 - Community Supervision and Corrections Department (CSCD) | C3: 300 - Dallas County Elections Department | D3: 400 - Dallas County Tax Office | E3: 500 - Dallas County Academy for Academic Excellence
A4: {=TRANSPOSE(_xlfn._xlws.SORT(_xlfn._xlws.FILTER(TableCompany[Company List],ISNUMBER(SEARCH(Travel!X5, TableCompany[Company List])))))} -> 100 - Dallas County | B4: 200 - Community Supervision and Corrections Department (CSCD) | C4: 300 - Dallas County Elections Department | D4: 400 - Dallas County Tax Office | E4: 500 - Dallas County Academy for Academic Excellence
A5: {=TRANSPOSE(_xlfn._xlws.SORT(_xlfn._xlws.FILTER(TableCompany[Company List],ISNUMBER(SEARCH(Travel!X6, TableCompany[Company List])))))} -> 100 - Dallas County | B5: 200 - Community Supervision and Corrections Department (CSCD) | C5: 300 - Dallas County Elections Department | D5: 400 - Dallas County Tax Office | E5: 500 - Dallas County Academy for Academic Excellence
A6: {=TRANSPOSE(_xlfn._xlws.SORT(_xlfn._xlws.FILTER(TableCompany[Company List],ISNUMBER(SEARCH(Travel!X7, TableCompany[Company List])))))} -> 100 - Dallas County | B6: 200 - Community Supervision and Corrections Department (CSCD) | C6: 300 - Dallas County Elections Department | D6: 400 - Dallas County Tax Office | E6: 500 - Dallas County Academy for Academic Excellence
A7: {=TRANSPOSE(_xlfn._xlws.SORT(_xlfn._xlws.FILTER(TableCompany[Company List],ISNUMBER(SEARCH(Travel!X8, TableCompany[Company List])))))} -> 100 - Dallas County | B7: 200 - Community Supervision and Corrections Department (CSCD) | C7: 300 - Dallas County Elections Department | D7: 400 - Dallas County Tax Office | E7: 500 - Dallas County Academy for Academic Excellence
A8: {=TRANSPOSE(_xlfn._xlws.SORT(_xlfn._xlws.FILTER(TableCompany[Company List],ISNUMBER(SEARCH(Travel!X9, TableCompany[Company List])))))} -> 100 - Dallas County | B8: 200 - Community Supervision and Corrections Department (CSCD) | C8: 300 - Dallas County Elections Department | D8: 400 - Dallas County Tax Office | E8: 500 - Dallas County Academy for Academic Excellence
A9: {=TRANSPOSE(_xlfn._xlws.SORT(_xlfn._xlws.FILTER(TableCompany[Company List],ISNUMBER(SEARCH(Travel!X10, TableCompany[Company List])))))} -> 100 - Dallas County | B9: 200 - Community Supervision and Corrections Department (CSCD) | C9: 300 - Dallas County Elections Department | D9: 400 - Dallas County Tax Office | E9: 500 - Dallas County Academy for Academic Excellence
A10: {=TRANSPOSE(_xlfn._xlws.SORT(_xlfn._xlws.FILTER(TableCompany[Company List],ISNUMBER(SEARCH(Travel!X11, TableCompany[Company List])))))} -> 100 - Dallas County | B10: 200 - Community Supervision and Corrections Department (CSCD) | C10: 300 - Dallas County Elections Department | D10: 400 - Dallas County Tax Office | E10: 500 - Dallas County Academy for Academic Excellence
A11: {=TRANSPOSE(_xlfn._xlws.SORT(_xlfn._xlws.FILTER(TableCompany[Company List],ISNUMBER(SEARCH(Travel!X12, TableCompany[Company List])))))} -> 100 - Dallas County | B11: 200 - Community Supervision and Corrections Department (CSCD) | C11: 300 - Dallas County Elections Department | D11: 400 - Dallas County Tax Office | E11: 500 - Dallas County Academy for Academic Excellence
A12: {=TRANSPOSE(_xlfn._xlws.SORT(_xlfn._xlws.FILTER(TableCompany[Company List],ISNUMBER(SEARCH(Travel!X13, TableCompany[Company List])))))} -> 100 - Dallas County | B12: 200 - Community Supervision and Corrections Department (CSCD) | C12: 300 - Dallas County Elections Department | D12: 400 - Dallas County Tax Office | E12: 500 - Dallas County Academy for Academic Excellence
A13: {=TRANSPOSE(_xlfn._xlws.SORT(_xlfn._xlws.FILTER(TableCompany[Company List],ISNUMBER(SEARCH(Travel!X14, TableCompany[Company List])))))} -> 100 - Dallas County | B13: 200 - Community Supervision and Corrections Department (CSCD) | C13: 300 - Dallas County Elections Department | D13: 400 - Dallas County Tax Office | E13: 500 - Dallas County Academy for Academic Excellence
... A98: {=TRANSPOSE(_xlfn._xlws.SORT(_xlfn._xlws.FILTER(TableCompany[Company List],ISNUMBER(SEARCH(Travel!X99, TableCompany[Company List])))))} -> 100 - Dallas County | B98: 200 - Community Supervision and Corrections Department (CSCD) | C98: 300 - Dallas County Elections Department | D98: 400 - Dallas County Tax Office | E98: 500 - Dallas County Academy for Academic Excellence
A99: {=TRANSPOSE(_xlfn._xlws.SORT(_xlfn._xlws.FILTER(TableCompany[Company List],ISNUMBER(SEARCH(Travel!W101, TableCompany[Company List])))))} -> 100 - Dallas County | B99: 200 - Community Supervision and Corrections Department (CSCD) | C99: 300 - Dallas County Elections Department | D99: 400 - Dallas County Tax Office | E99: 500 - Dallas County Academy for Academic Excellence

Sheet fund_dp
A1: Fund
A2: {=TRANSPOSE(_xlfn._xlws.SORT(_xlfn._xlws.FILTER(TableFund[Fund List],ISNUMBER(SEARCH(Travel!Y3, TableFund[Fund List])))))} -> 00000 - Default | B2: 10500 - Road and Bridge | C2: 10501 - Road & Bridge District 1 | D2: 10502 - Road & Bridge District 2 | E2: 10503 - Road & Bridge District 3 | F2: 10504 - Road & Bridge District 4 | G2: 10505 - Road Reserves | H2: 12000 - General Fund | I2: 12400 - Jury Special Fund | J2: 12500 - Petit Jury Fund | K2: 12600 - Permanent Improvement Fund | L2: 12800 - Adult Probation | M2: 13000 - Election Special Fund | N2: 16200 - Alternate Dispute Resolution | O2: 16600 - State Report Interest Fund | P2: 16800 - Dallas County Historical Commission | Q2: 16900 - Historical Exhibit | R2: 17000 - Return Check Collection | S2: 18000 - Housing Finance Corp | T2: 19000 - CMAQ Congestion, Mitigation, & Air Quality | U2: 19500 - Major Technology Fund | V2: 19600 - Major Projects | W2: 20000 - Judicial | X2: 20100 - Technology | Y2: 20200 - Local Government | Z2: 20300 - Local Official | AA2: 20400 - Record Management | AB2: 20500 - Interest and Debt Retirement (Debt Service) Fund | AC2: 21000 - DS Arbitrage Rebate | AD2: 41400 - 1995 Road Bond Fund | AE2: 41500 - 1995A Permanent Impovement | AF2: 41800 - Road Bond Series 1996 | AG2: 42400 - Unlimited Tax Road Bonds Series 2000 | AH2: 42700 - Unlimited Tax Refunding & Improvement Bo | AI2: 43300 - Tax Note Series 2011 | AJ2: 44000 - Tax Note Series 2013 | AK2: 44100 - Combination Tax and Parking Garage Rev C | AL2: 44200 - Certificates of Obligation 2022 | AM2: 46400 - American Rescue Plan | AN2: 46600 - Grant Funds | AO2: 46700 - HUD Section 8 | AP2: 46800 - Charter School Grants | AQ2: 47000 - Law Library Fund | AR2: 47100 - Appellate Judicial System | AS2: 48100 - Unlimited Tax Road Bonds, Series 1988A | AT2: 48200 - Permanent Improvement Bond Series 1988 | AU2: 49000 - Unlimited Tax Road Bond Fund-1985 | AV2: 49200 - 1992 Road Bond Fund | AW2: 49300 - 1992A Permanent Improvement Bond Fund | AX2: 49400 - Unlimited Tax Road Bond Fund-1977 | AY2: 50000 - Payroll Fund | AZ2: 50100 - County Clerk-Special | BA2: 50200 - County Clerk-Trust | BB2: 50300 - District Clerk-Special | BC2: 50400 - District Clerk-Trust | BD2: 50500 - Sheriff-Special | BE2: 50600 - County Clerk Special Trust Fund | BF2: 51500 - Constable-Precinct 8 | BG2: 53200 - ESCROW FUND | BH2: 53400 - DA Restitution | BI2: 53500 - District Attorney Forfeiture | BJ2: 53700 - Youth Village Special Fund | BK2: 53800 - DA- Check Processing Fees | BL2: 54000 - DA Forfeitures-Federal | BM2: 54100 - DA Forfeitures-State | BN2: 54200 - DA Unadjudicated - Police Agencies | BO2: 54300 - Adult Probation-Restitution | BP2: 54400 - DA Forfeitures - Attorney General | BQ2: 54500 - DA Unajudicated-Gambling Statutes | BR2: 54600 - DA Forfeitures-Narcotics | BS2: 54700 - DA-State Forfeiture Fees Other | BT2: 55000 - Justice of the Peace 1-1 Special fund No | BU2: 55100 - Justice of the Peace 1-2 Special Fund No | BV2: 55300 - Justice of the Peace 3-3 Special Fund No | BW2: 55400 - Justice of the Peace 2-1 Special Fund No | BX2: 55500 - Justice of the Peace 2-2 Special Fund No | BY2: 55600 - Justice of the Peace 3-1 Special Fund No | BZ2: 55700 - Justice of the Peace 3-2 Special Fund No | CA2: 55900 - Justice of the Peace 4-1 Special Fund No | CB2: 56000 - Justice of the Peace 4-2 Special Fund No. 560 Bob Whitney*Effective 12-17-01* | CC2: 56100 - Justice of the Peace 5-1 Special Fund No. 561 Luis Sepulveda*Effective 12-17-01* | CD2: 56200 - Justice of the Peace 5-2 Special Fund No. 562 Juan Jasso*Effective 12-17-01* | CE2: 57000 - Dallas County Housing Fin. - 1993 | CF2: 57100 - Dallas County Housing Fin. - 1994 | CG2: 58000 - Constable 1 Special Fund No. 580 Derick Evans*12-17-01* | CH2: 58100 - Constable 2 Special Fund No. 581 Michael Gothard*Effective 12-17-01* | CI2: 58200 - Constable 3 Special Fund No. 582 Rick Richardson*Effective 12-17-01* | CJ2: 58300 - Constable 3-A Special Fund No. 583 Mike | CK2: 58400 - Constable 4 Special Fund No. 584 R. L. Skinner*Effective 12-17-01* | CL2: 58600 - Constable 5 Special Fund No. 586 Michael Orozco*Effective 11-02-18* | CM2: 60000 - DCS - Administration | CN2: 67000 - Credit Card BOA Charge Back | CO2: 70400 - Unallocated Tax | CP2: 76400 - Welfare Food Orders | CQ2: 80200 - Child Support Holding Fund | CR2: 80700 - District Attorney Check Collection | CS2: 80800 - Child Support Clearing | CT2: 82200 - 0 | CU2: 88200 - Cash Receipt pass through Acct. | CV2: 90100 - General Fixed Assets | CW2: 90300 - Internal Service Fund
A3: {=TRANSPOSE(_xlfn._xlws.SORT(_xlfn._xlws.FILTER(TableFund[Fund List],ISNUMBER(SEARCH(Travel!Y4, TableFund[Fund List])))))} -> 00000 - Default | B3: 10500 - Road and Bridge | C3: 10501 - Road & Bridge District 1 | D3: 10502 - Road & Bridge District 2 | E3: 10503 - Road & Bridge District 3 | F3: 10504 - Road & Bridge District 4 | G3: 10505 - Road Reserves | H3: 12000 - General Fund | I3: 12400 - Jury Special Fund | J3: 12500 - Petit Jury Fund | K3: 12600 - Permanent Improvement Fund | L3: 12800 - Adult Probation | M3: 13000 - Election Special Fund | N3: 16200 - Alternate Dispute Resolution | O3: 16600 - State Report Interest Fund | P3: 16800 - Dallas County Historical Commission | Q3: 16900 - Historical Exhibit | R3: 17000 - Return Check Collection | S3: 18000 - Housing Finance Corp | T3: 19000 - CMAQ Congestion, Mitigation, & Air Quality | U3: 19500 - Major Technology Fund | V3: 19600 - Major Projects | W3: 20000 - Judicial | X3: 20100 - Technology | Y3: 20200 - Local Government | Z3: 20300 - Local Official | AA3: 20400 - Record Management | AB3: 20500 - Interest and Debt Retirement (Debt Service) Fund | AC3: 21000 - DS Arbitrage Rebate | AD3: 41400 - 1995 Road Bond Fund | AE3: 41500 - 1995A Permanent Impovement | AF3: 41800 - Road Bond Series 1996 | AG3: 42400 - Unlimited Tax Road Bonds Series 2000 | AH3: 42700 - Unlimited Tax Refunding & Improvement Bo | AI3: 43300 - Tax Note Series 2011 | AJ3: 44000 - Tax Note Series 2013 | AK3: 44100 - Combination Tax and Parking Garage Rev C | AL3: 44200 - Certificates of Obligation 2022 | AM3: 46400 - American Rescue Plan | AN3: 46600 - Grant Funds | AO3: 46700 - HUD Section 8 | AP3: 46800 - Charter School Grants | AQ3: 47000 - Law Library Fund | AR3: 47100 - Appellate Judicial System | AS3: 48100 - Unlimited Tax Road Bonds, Series 1988A | AT3: 48200 - Permanent Improvement Bond Series 1988 | AU3: 49000 - Unlimited Tax Road Bond Fund-1985 | AV3: 49200 - 1992 Road Bond Fund | AW3: 49300 - 1992A Permanent Improvement Bond Fund | AX3: 49400 - Unlimited Tax Road Bond Fund-1977 | AY3: 50000 - Payroll Fund | AZ3: 50100 - County Clerk-Special | BA3: 50200 - County Clerk-Trust | BB3: 50300 - District Clerk-Special | BC3: 50400 - District Clerk-Trust | BD3: 50500 - Sheriff-Special | BE3: 50600 - County Clerk Special Trust Fund | BF3: 51500 - Constable-Precinct 8 | BG3: 53200 - ESCROW FUND | BH3: 53400 - DA Restitution | BI3: 53500 - District Attorney Forfeiture | BJ3: 53700 - Youth Village Special Fund | BK3: 53800 - DA- Check Processing Fees | BL3: 54000 - DA Forfeitures-Federal | BM3: 54100 - DA Forfeitures-State | BN3: 54200 - DA Unadjudicated - Police Agencies | BO3: 54300 - Adult Probation-Restitution | BP3: 54400 - DA Forfeitures - Attorney General | BQ3: 54500 - DA Unajudicated-Gambling Statutes | BR3: 54600 - DA Forfeitures-Narcotics | BS3: 54700 - DA-State Forfeiture Fees Other | BT3: 55000 - Justice of the Peace 1-1 Special fund No | BU3: 55100 - Justice of the Peace 1-2 Special Fund No | BV3: 55300 - Justice of the Peace 3-3 Special Fund No | BW3: 55400 - Justice of the Peace 2-1 Special Fund No | BX3: 55500 - Justice of the Peace 2-2 Special Fund No | BY3: 55600 - Justice of the Peace 3-1 Special Fund No | BZ3: 55700 - Justice of the Peace 3-2 Special Fund No | CA3: 55900 - Justice of the Peace 4-1 Special Fund No | CB3: 56000 - Justice of the Peace 4-2 Special Fund No. 560 Bob Whitney*Effective 12-17-01* | CC3: 56100 - Justice of the Peace 5-1 Special Fund No. 561 Luis Sepulveda*Effective 12-17-01* | CD3: 56200 - Justice of the Peace 5-2 Special Fund No. 562 Juan Jasso*Effective 12-17-01* | CE3: 57000 - Dallas County Housing Fin. - 1993 | CF3: 57100 - Dallas County Housing Fin. - 1994 | CG3: 58000 - Constable 1 Special Fund No. 580 Derick Evans*12-17-01* | CH3: 58100 - Constable 2 Special Fund No. 581 Michael Gothard*Effective 12-17-01* | CI3: 58200 - Constable 3 Special Fund No. 582 Rick Richardson*Effective 12-17-01* | CJ3: 58300 - Constable 3-A Special Fund No. 583 Mike | CK3: 58400 - Constable 4 Special Fund No. 584 R. L. Skinner*Effective 12-17-01* | CL3: 58600 - Constable 5 Special Fund No. 586 Michael Orozco*Effective 11-02-18* | CM3: 60000 - DCS - Administration | CN3: 67000 - Credit Card BOA Charge Back | CO3: 70400 - Unallocated Tax | CP3: 76400 - Welfare Food Orders | CQ3: 80200 - Child Support Holding Fund | CR3: 80700 - District Attorney Check Collection | CS3: 80800 - Child Support Clearing | CT3: 82200 - 0 | CU3: 88200 - Cash Receipt pass through Acct. | CV3: 90100 - General Fixed Assets | CW3: 90300 - Internal Service Fund
A4: {=TRANSPOSE(_xlfn._xlws.SORT(_xlfn._xlws.FILTER(TableFund[Fund List],ISNUMBER(SEARCH(Travel!Y5, TableFund[Fund List])))))} -> 00000 - Default | B4: 10500 - Road and Bridge | C4: 10501 - Road & Bridge District 1 | D4: 10502 - Road & Bridge District 2 | E4: 10503 - Road & Bridge District 3 | F4: 10504 - Road & Bridge District 4 | G4: 10505 - Road Reserves | H4: 12000 - General Fund | I4: 12400 - Jury Special Fund | J4: 12500 - Petit Jury Fund | K4: 12600 - Permanent Improvement Fund | L4: 12800 - Adult Probation | M4: 13000 - Election Special Fund | N4: 16200 - Alternate Dispute Resolution | O4: 16600 - State Report Interest Fund | P4: 16800 - Dallas County Historical Commission | Q4: 16900 - Historical Exhibit | R4: 17000 - Return Check Collection | S4: 18000 - Housing Finance Corp | T4: 19000 - CMAQ Congestion, Mitigation, & Air Quality | U4: 19500 - Major Technology Fund | V4: 19600 - Major Projects | W4: 20000 - Judicial | X4: 20100 - Technology | Y4: 20200 - Local Government | Z4: 20300 - Local Official | AA4: 20400 - Record Management | AB4: 20500 - Interest and Debt Retirement (Debt Service) Fund | AC4: 21000 - DS Arbitrage Rebate | AD4: 41400 - 1995 Road Bond Fund | AE4: 41500 - 1995A Permanent Impovement | AF4: 41800 - Road Bond Series 1996 | AG4: 42400 - Unlimited Tax Road Bonds Series 2000 | AH4: 42700 - Unlimited Tax Refunding & Improvement Bo | AI4: 43300 - Tax Note Series 2011 | AJ4: 44000 - Tax Note Series 2013 | AK4: 44100 - Combination Tax and Parking Garage Rev C | AL4: 44200 - Certificates of Obligation 2022 | AM4: 46400 - American Rescue Plan | AN4: 46600 - Grant Funds | AO4: 46700 - HUD Section 8 | AP4: 46800 - Charter School Grants | AQ4: 47000 - Law Library Fund | AR4: 47100 - Appellate Judicial System | AS4: 48100 - Unlimited Tax Road Bonds, Series 1988A | AT4: 48200 - Permanent Improvement Bond Series 1988 | AU4: 49000 - Unlimited Tax Road Bond Fund-1985 | AV4: 49200 - 1992 Road Bond Fund | AW4: 49300 - 1992A Permanent Improvement Bond Fund | AX4: 49400 - Unlimited Tax Road Bond Fund-1977 | AY4: 50000 - Payroll Fund | AZ4: 50100 - County Clerk-Special | BA4: 50200 - County Clerk-Trust | BB4: 50300 - District Clerk-Special | BC4: 50400 - District Clerk-Trust | BD4: 50500 - Sheriff-Special | BE4: 50600 - County Clerk Special Trust Fund | BF4: 51500 - Constable-Precinct 8 | BG4: 53200 - ESCROW FUND | BH4: 53400 - DA Restitution | BI4: 53500 - District Attorney Forfeiture | BJ4: 53700 - Youth Village Special Fund | BK4: 53800 - DA- Check Processing Fees | BL4: 54000 - DA Forfeitures-Federal | BM4: 54100 - DA Forfeitures-State | BN4: 54200 - DA Unadjudicated - Police Agencies | BO4: 54300 - Adult Probation-Restitution | BP4: 54400 - DA Forfeitures - Attorney General | BQ4: 54500 - DA Unajudicated-Gambling Statutes | BR4: 54600 - DA Forfeitures-Narcotics | BS4: 54700 - DA-State Forfeiture Fees Other | BT4: 55000 - Justice of the Peace 1-1 Special fund No | BU4: 55100 - Justice of the Peace 1-2 Special Fund No | BV4: 55300 - Justice of the Peace 3-3 Special Fund No | BW4: 55400 - Justice of the Peace 2-1 Special Fund No | BX4: 55500 - Justice of the Peace 2-2 Special Fund No | BY4: 55600 - Justice of the Peace 3-1 Special Fund No | BZ4: 55700 - Justice of the Peace 3-2 Special Fund No | CA4: 55900 - Justice of the Peace 4-1 Special Fund No | CB4: 56000 - Justice of the Peace 4-2 Special Fund No. 560 Bob Whitney*Effective 12-17-01* | CC4: 56100 - Justice of the Peace 5-1 Special Fund No. 561 Luis Sepulveda*Effective 12-17-01* | CD4: 56200 - Justice of the Peace 5-2 Special Fund No. 562 Juan Jasso*Effective 12-17-01* | CE4: 57000 - Dallas County Housing Fin. - 1993 | CF4: 57100 - Dallas County Housing Fin. - 1994 | CG4: 58000 - Constable 1 Special Fund No. 580 Derick Evans*12-17-01* | CH4: 58100 - Constable 2 Special Fund No. 581 Michael Gothard*Effective 12-17-01* | CI4: 58200 - Constable 3 Special Fund No. 582 Rick Richardson*Effective 12-17-01* | CJ4: 58300 - Constable 3-A Special Fund No. 583 Mike | CK4: 58400 - Constable 4 Special Fund No. 584 R. L. Skinner*Effective 12-17-01* | CL4: 58600 - Constable 5 Special Fund No. 586 Michael Orozco*Effective 11-02-18* | CM4: 60000 - DCS - Administration | CN4: 67000 - Credit Card BOA Charge Back | CO4: 70400 - Unallocated Tax | CP4: 76400 - Welfare Food Orders | CQ4: 80200 - Child Support Holding Fund | CR4: 80700 - District Attorney Check Collection | CS4: 80800 - Child Support Clearing | CT4: 82200 - 0 | CU4: 88200 - Cash Receipt pass through Acct. | CV4: 90100 - General Fixed Assets | CW4: 90300 - Internal Service Fund
A5: {=TRANSPOSE(_xlfn._xlws.SORT(_xlfn._xlws.FILTER(TableFund[Fund List],ISNUMBER(SEARCH(Travel!Y6, TableFund[Fund List])))))} -> 00000 - Default | B5: 10500 - Road and Bridge | C5: 10501 - Road & Bridge District 1 | D5: 10502 - Road & Bridge District 2 | E5: 10503 - Road & Bridge District 3 | F5: 10504 - Road & Bridge District 4 | G5: 10505 - Road Reserves | H5: 12000 - General Fund | I5: 12400 - Jury Special Fund | J5: 12500 - Petit Jury Fund | K5: 12600 - Permanent Improvement Fund | L5: 12800 - Adult Probation | M5: 13000 - Election Special Fund | N5: 16200 - Alternate Dispute Resolution | O5: 16600 - State Report Interest Fund | P5: 16800 - Dallas County Historical Commission | Q5: 16900 - Historical Exhibit | R5: 17000 - Return Check Collection | S5: 18000 - Housing Finance Corp | T5: 19000 - CMAQ Congestion, Mitigation, & Air Quality | U5: 19500 - Major Technology Fund | V5: 19600 - Major Projects | W5: 20000 - Judicial | X5: 20100 - Technology | Y5: 20200 - Local Government | Z5: 20300 - Local Official | AA5: 20400 - Record Management | AB5: 20500 - Interest and Debt Retirement (Debt Service) Fund | AC5: 21000 - DS Arbitrage Rebate | AD5: 41400 - 1995 Road Bond Fund | AE5: 41500 - 1995A Permanent Impovement | AF5: 41800 - Road Bond Series 1996 | AG5: 42400 - Unlimited Tax Road Bonds Series 2000 | AH5: 42700 - Unlimited Tax Refunding & Improvement Bo | AI5: 43300 - Tax Note Series 2011 | AJ5: 44000 - Tax Note Series 2013 | AK5: 44100 - Combination Tax and Parking Garage Rev C | AL5: 44200 - Certificates of Obligation 2022 | AM5: 46400 - American Rescue Plan | AN5: 46600 - Grant Funds | AO5: 46700 - HUD Section 8 | AP5: 46800 - Charter School Grants | AQ5: 47000 - Law Library Fund | AR5: 47100 - Appellate Judicial System | AS5: 48100 - Unlimited Tax Road Bonds, Series 1988A | AT5: 48200 - Permanent Improvement Bond Series 1988 | AU5: 49000 - Unlimited Tax Road Bond Fund-1985 | AV5: 49200 - 1992 Road Bond Fund | AW5: 49300 - 1992A Permanent Improvement Bond Fund | AX5: 49400 - Unlimited Tax Road Bond Fund-1977 | AY5: 50000 - Payroll Fund | AZ5: 50100 - County Clerk-Special | BA5: 50200 - County Clerk-Trust | BB5: 50300 - District Clerk-Special | BC5: 50400 - District Clerk-Trust | BD5: 50500 - Sheriff-Special | BE5: 50600 - County Clerk Special Trust Fund | BF5: 51500 - Constable-Precinct 8 | BG5: 53200 - ESCROW FUND | BH5: 53400 - DA Restitution | BI5: 53500 - District Attorney Forfeiture | BJ5: 53700 - Youth Village Special Fund | BK5: 53800 - DA- Check Processing Fees | BL5: 54000 - DA Forfeitures-Federal | BM5: 54100 - DA Forfeitures-State | BN5: 54200 - DA Unadjudicated - Police Agencies | BO5: 54300 - Adult Probation-Restitution | BP5: 54400 - DA Forfeitures - Attorney General | BQ5: 54500 - DA Unajudicated-Gambling Statutes | BR5: 54600 - DA Forfeitures-Narcotics | BS5: 54700 - DA-State Forfeiture Fees Other | BT5: 55000 - Justice of the Peace 1-1 Special fund No | BU5: 55100 - Justice of the Peace 1-2 Special Fund No | BV5: 55300 - Justice of the Peace 3-3 Special Fund No | BW5: 55400 - Justice of the Peace 2-1 Special Fund No | BX5: 55500 - Justice of the Peace 2-2 Special Fund No | BY5: 55600 - Justice of the Peace 3-1 Special Fund No | BZ5: 55700 - Justice of the Peace 3-2 Special Fund No | CA5: 55900 - Justice of the Peace 4-1 Special Fund No | CB5: 56000 - Justice of the Peace 4-2 Special Fund No. 560 Bob Whitney*Effective 12-17-01* | CC5: 56100 - Justice of the Peace 5-1 Special Fund No. 561 Luis Sepulveda*Effective 12-17-01* | CD5: 56200 - Justice of the Peace 5-2 Special Fund No. 562 Juan Jasso*Effective 12-17-01* | CE5: 57000 - Dallas County Housing Fin. - 1993 | CF5: 57100 - Dallas County Housing Fin. - 1994 | CG5: 58000 - Constable 1 Special Fund No. 580 Derick Evans*12-17-01* | CH5: 58100 - Constable 2 Special Fund No. 581 Michael Gothard*Effective 12-17-01* | CI5: 58200 - Constable 3 Special Fund No. 582 Rick Richardson*Effective 12-17-01* | CJ5: 58300 - Constable 3-A Special Fund No. 583 Mike | CK5: 58400 - Constable 4 Special Fund No. 584 R. L. Skinner*Effective 12-17-01* | CL5: 58600 - Constable 5 Special Fund No. 586 Michael Orozco*Effective 11-02-18* | CM5: 60000 - DCS - Administration | CN5: 67000 - Credit Card BOA Charge Back | CO5: 70400 - Unallocated Tax | CP5: 76400 - Welfare Food Orders | CQ5: 80200 - Child Support Holding Fund | CR5: 80700 - District Attorney Check Collection | CS5: 80800 - Child Support Clearing | CT5: 82200 - 0 | CU5: 88200 - Cash Receipt pass through Acct. | CV5: 90100 - General Fixed Assets | CW5: 90300 - Internal Service Fund
A6: {=TRANSPOSE(_xlfn._xlws.SORT(_xlfn._xlws.FILTER(TableFund[Fund List],ISNUMBER(SEARCH(Travel!Y7, TableFund[Fund List])))))} -> 00000 - Default | B6: 10500 - Road and Bridge | C6: 10501 - Road & Bridge District 1 | D6: 10502 - Road & Bridge District 2 | E6: 10503 - Road & Bridge District 3 | F6: 10504 - Road & Bridge District 4 | G6: 10505 - Road Reserves | H6: 12000 - General Fund | I6: 12400 - Jury Special Fund | J6: 12500 - Petit Jury Fund | K6: 12600 - Permanent Improvement Fund | L6: 12800 - Adult Probation | M6: 13000 - Election Special Fund | N6: 16200 - Alternate Dispute Resolution | O6: 16600 - State Report Interest Fund | P6: 16800 - Dallas County Historical Commission | Q6: 16900 - Historical Exhibit | R6: 17000 - Return Check Collection | S6: 18000 - Housing Finance Corp | T6: 19000 - CMAQ Congestion, Mitigation, & Air Quality | U6: 19500 - Major Technology Fund | V6: 19600 - Major Projects | W6: 20000 - Judicial | X6: 20100 - Technology | Y6: 20200 - Local Government | Z6: 20300 - Local Official | AA6: 20400 - Record Management | AB6: 20500 - Interest and Debt Retirement (Debt Service) Fund | AC6: 21000 - DS Arbitrage Rebate | AD6: 41400 - 1995 Road Bond Fund | AE6: 41500 - 1995A Permanent Impovement | AF6: 41800 - Road Bond Series 1996 | AG6: 42400 - Unlimited Tax Road Bonds Series 2000 | AH6: 42700 - Unlimited Tax Refunding & Improvement Bo | AI6: 43300 - Tax Note Series 2011 | AJ6: 44000 - Tax Note Series 2013 | AK6: 44100 - Combination Tax and Parking Garage Rev C | AL6: 44200 - Certificates of Obligation 2022 | AM6: 46400 - American Rescue Plan | AN6: 46600 - Grant Funds | AO6: 46700 - HUD Section 8 | AP6: 46800 - Charter School Grants | AQ6: 47000 - Law Library Fund | AR6: 47100 - Appellate Judicial System | AS6: 48100 - Unlimited Tax Road Bonds, Series 1988A | AT6: 48200 - Permanent Improvement Bond Series 1988 | AU6: 49000 - Unlimited Tax Road Bond Fund-1985 | AV6: 49200 - 1992 Road Bond Fund | AW6: 49300 - 1992A Permanent Improvement Bond Fund | AX6: 49400 - Unlimited Tax Road Bond Fund-1977 | AY6: 50000 - Payroll Fund | AZ6: 50100 - County Clerk-Special | BA6: 50200 - County Clerk-Trust | BB6: 50300 - District Clerk-Special | BC6: 50400 - District Clerk-Trust | BD6: 50500 - Sheriff-Special | BE6: 50600 - County Clerk Special Trust Fund | BF6: 51500 - Constable-Precinct 8 | BG6: 53200 - ESCROW FUND | BH6: 53400 - DA Restitution | BI6: 53500 - District Attorney Forfeiture | BJ6: 53700 - Youth Village Special Fund | BK6: 53800 - DA- Check Processing Fees | BL6: 54000 - DA Forfeitures-Federal | BM6: 54100 - DA Forfeitures-State | BN6: 54200 - DA Unadjudicated - Police Agencies | BO6: 54300 - Adult Probation-Restitution | BP6: 54400 - DA Forfeitures - Attorney General | BQ6: 54500 - DA Unajudicated-Gambling Statutes | BR6: 54600 - DA Forfeitures-Narcotics | BS6: 54700 - DA-State Forfeiture Fees Other | BT6: 55000 - Justice of the Peace 1-1 Special fund No | BU6: 55100 - Justice of the Peace 1-2 Special Fund No | BV6: 55300 - Justice of the Peace 3-3 Special Fund No | BW6: 55400 - Justice of the Peace 2-1 Special Fund No | BX6: 55500 - Justice of the Peace 2-2 Special Fund No | BY6: 55600 - Justice of the Peace 3-1 Special Fund No | BZ6: 55700 - Justice of the Peace 3-2 Special Fund No | CA6: 55900 - Justice of the Peace 4-1 Special Fund No | CB6: 56000 - Justice of the Peace 4-2 Special Fund No. 560 Bob Whitney*Effective 12-17-01* | CC6: 56100 - Justice of the Peace 5-1 Special Fund No. 561 Luis Sepulveda*Effective 12-17-01* | CD6: 56200 - Justice of the Peace 5-2 Special Fund No. 562 Juan Jasso*Effective 12-17-01* | CE6: 57000 - Dallas County Housing Fin. - 1993 | CF6: 57100 - Dallas County Housing Fin. - 1994 | CG6: 58000 - Constable 1 Special Fund No. 580 Derick Evans*12-17-01* | CH6: 58100 - Constable 2 Special Fund No. 581 Michael Gothard*Effective 12-17-01* | CI6: 58200 - Constable 3 Special Fund No. 582 Rick Richardson*Effective 12-17-01* | CJ6: 58300 - Constable 3-A Special Fund No. 583 Mike | CK6: 58400 - Constable 4 Special Fund No. 584 R. L. Skinner*Effective 12-17-01* | CL6: 58600 - Constable 5 Special Fund No. 586 Michael Orozco*Effective 11-02-18* | CM6: 60000 - DCS - Administration | CN6: 67000 - Credit Card BOA Charge Back | CO6: 70400 - Unallocated Tax | CP6: 76400 - Welfare Food Orders | CQ6: 80200 - Child Support Holding Fund | CR6: 80700 - District Attorney Check Collection | CS6: 80800 - Child Support Clearing | CT6: 82200 - 0 | CU6: 88200 - Cash Receipt pass through Acct. | CV6: 90100 - General Fixed Assets | CW6: 90300 - Internal Service Fund
A7: {=TRANSPOSE(_xlfn._xlws.SORT(_xlfn._xlws.FILTER(TableFund[Fund List],ISNUMBER(SEARCH(Travel!Y8, TableFund[Fund List])))))} -> 00000 - Default | B7: 10500 - Road and Bridge | C7: 10501 - Road & Bridge District 1 | D7: 10502 - Road & Bridge District 2 | E7: 10503 - Road & Bridge District 3 | F7: 10504 - Road & Bridge District 4 | G7: 10505 - Road Reserves | H7: 12000 - General Fund | I7: 12400 - Jury Special Fund | J7: 12500 - Petit Jury Fund | K7: 12600 - Permanent Improvement Fund | L7: 12800 - Adult Probation | M7: 13000 - Election Special Fund | N7: 16200 - Alternate Dispute Resolution | O7: 16600 - State Report Interest Fund | P7: 16800 - Dallas County Historical Commission | Q7: 16900 - Historical Exhibit | R7: 17000 - Return Check Collection | S7: 18000 - Housing Finance Corp | T7: 19000 - CMAQ Congestion, Mitigation, & Air Quality | U7: 19500 - Major Technology Fund | V7: 19600 - Major Projects | W7: 20000 - Judicial | X7: 20100 - Technology | Y7: 20200 - Local Government | Z7: 20300 - Local Official | AA7: 20400 - Record Management | AB7: 20500 - Interest and Debt Retirement (Debt Service) Fund | AC7: 21000 - DS Arbitrage Rebate | AD7: 41400 - 1995 Road Bond Fund | AE7: 41500 - 1995A Permanent Impovement | AF7: 41800 - Road Bond Series 1996 | AG7: 42400 - Unlimited Tax Road Bonds Series 2000 | AH7: 42700 - Unlimited Tax Refunding & Improvement Bo | AI7: 43300 - Tax Note Series 2011 | AJ7: 44000 - Tax Note Series 2013 | AK7: 44100 - Combination Tax and Parking Garage Rev C | AL7: 44200 - Certificates of Obligation 2022 | AM7: 46400 - American Rescue Plan | AN7: 46600 - Grant Funds | AO7: 46700 - HUD Section 8 | AP7: 46800 - Charter School Grants | AQ7: 47000 - Law Library Fund | AR7: 47100 - Appellate Judicial System | AS7: 48100 - Unlimited Tax Road Bonds, Series 1988A | AT7: 48200 - Permanent Improvement Bond Series 1988 | AU7: 49000 - Unlimited Tax Road Bond Fund-1985 | AV7: 49200 - 1992 Road Bond Fund | AW7: 49300 - 1992A Permanent Improvement Bond Fund | AX7: 49400 - Unlimited Tax Road Bond Fund-1977 | AY7: 50000 - Payroll Fund | AZ7: 50100 - County Clerk-Special | BA7: 50200 - County Clerk-Trust | BB7: 50300 - District Clerk-Special | BC7: 50400 - District Clerk-Trust | BD7: 50500 - Sheriff-Special | BE7: 50600 - County Clerk Special Trust Fund | BF7: 51500 - Constable-Precinct 8 | BG7: 53200 - ESCROW FUND | BH7: 53400 - DA Restitution | BI7: 53500 - District Attorney Forfeiture | BJ7: 53700 - Youth Village Special Fund | BK7: 53800 - DA- Check Processing Fees | BL7: 54000 - DA Forfeitures-Federal | BM7: 54100 - DA Forfeitures-State | BN7: 54200 - DA Unadjudicated - Police Agencies | BO7: 54300 - Adult Probation-Restitution | BP7: 54400 - DA Forfeitures - Attorney General | BQ7: 54500 - DA Unajudicated-Gambling Statutes | BR7: 54600 - DA Forfeitures-Narcotics | BS7: 54700 - DA-State Forfeiture Fees Other | BT7: 55000 - Justice of the Peace 1-1 Special fund No | BU7: 55100 - Justice of the Peace 1-2 Special Fund No | BV7: 55300 - Justice of the Peace 3-3 Special Fund No | BW7: 55400 - Justice of the Peace 2-1 Special Fund No | BX7: 55500 - Justice of the Peace 2-2 Special Fund No | BY7: 55600 - Justice of the Peace 3-1 Special Fund No | BZ7: 55700 - Justice of the Peace 3-2 Special Fund No | CA7: 55900 - Justice of the Peace 4-1 Special Fund No | CB7: 56000 - Justice of the Peace 4-2 Special Fund No. 560 Bob Whitney*Effective 12-17-01* | CC7: 56100 - Justice of the Peace 5-1 Special Fund No. 561 Luis Sepulveda*Effective 12-17-01* | CD7: 56200 - Justice of the Peace 5-2 Special Fund No. 562 Juan Jasso*Effective 12-17-01* | CE7: 57000 - Dallas County Housing Fin. - 1993 | CF7: 57100 - Dallas County Housing Fin. - 1994 | CG7: 58000 - Constable 1 Special Fund No. 580 Derick Evans*12-17-01* | CH7: 58100 - Constable 2 Special Fund No. 581 Michael Gothard*Effective 12-17-01* | CI7: 58200 - Constable 3 Special Fund No. 582 Rick Richardson*Effective 12-17-01* | CJ7: 58300 - Constable 3-A Special Fund No. 583 Mike | CK7: 58400 - Constable 4 Special Fund No. 584 R. L. Skinner*Effective 12-17-01* | CL7: 58600 - Constable 5 Special Fund No. 586 Michael Orozco*Effective 11-02-18* | CM7: 60000 - DCS - Administration | CN7: 67000 - Credit Card BOA Charge Back | CO7: 70400 - Unallocated Tax | CP7: 76400 - Welfare Food Orders | CQ7: 80200 - Child Support Holding Fund | CR7: 80700 - District Attorney Check Collection | CS7: 80800 - Child Support Clearing | CT7: 82200 - 0 | CU7: 88200 - Cash Receipt pass through Acct. | CV7: 90100 - General Fixed Assets | CW7: 90300 - Internal Service Fund
A8: {=TRANSPOSE(_xlfn._xlws.SORT(_xlfn._xlws.FILTER(TableFund[Fund List],ISNUMBER(SEARCH(Travel!Y9, TableFund[Fund List])))))} -> 00000 - Default | B8: 10500 - Road and Bridge | C8: 10501 - Road & Bridge District 1 | D8: 10502 - Road & Bridge District 2 | E8: 10503 - Road & Bridge District 3 | F8: 10504 - Road & Bridge District 4 | G8: 10505 - Road Reserves | H8: 12000 - General Fund | I8: 12400 - Jury Special Fund | J8: 12500 - Petit Jury Fund | K8: 12600 - Permanent Improvement Fund | L8: 12800 - Adult Probation | M8: 13000 - Election Special Fund | N8: 16200 - Alternate Dispute Resolution | O8: 16600 - State Report Interest Fund | P8: 16800 - Dallas County Historical Commission | Q8: 16900 - Historical Exhibit | R8: 17000 - Return Check Collection | S8: 18000 - Housing Finance Corp | T8: 19000 - CMAQ Congestion, Mitigation, & Air Quality | U8: 19500 - Major Technology Fund | V8: 19600 - Major Projects | W8: 20000 - Judicial | X8: 20100 - Technology | Y8: 20200 - Local Government | Z8: 20300 - Local Official | AA8: 20400 - Record Management | AB8: 20500 - Interest and Debt Retirement (Debt Service) Fund | AC8: 21000 - DS Arbitrage Rebate | AD8: 41400 - 1995 Road Bond Fund | AE8: 41500 - 1995A Permanent Impovement | AF8: 41800 - Road Bond Series 1996 | AG8: 42400 - Unlimited Tax Road Bonds Series 2000 | AH8: 42700 - Unlimited Tax Refunding & Improvement Bo | AI8: 43300 - Tax Note Series 2011 | AJ8: 44000 - Tax Note Series 2013 | AK8: 44100 - Combination Tax and Parking Garage Rev C | AL8: 44200 - Certificates of Obligation 2022 | AM8: 46400 - American Rescue Plan | AN8: 46600 - Grant Funds | AO8: 46700 - HUD Section 8 | AP8: 46800 - Charter School Grants | AQ8: 47000 - Law Library Fund | AR8: 47100 - Appellate Judicial System | AS8: 48100 - Unlimited Tax Road Bonds, Series 1988A | AT8: 48200 - Permanent Improvement Bond Series 1988 | AU8: 49000 - Unlimited Tax Road Bond Fund-1985 | AV8: 49200 - 1992 Road Bond Fund | AW8: 49300 - 1992A Permanent Improvement Bond Fund | AX8: 49400 - Unlimited Tax Road Bond Fund-1977 | AY8: 50000 - Payroll Fund | AZ8: 50100 - County Clerk-Special | BA8: 50200 - County Clerk-Trust | BB8: 50300 - District Clerk-Special | BC8: 50400 - District Clerk-Trust | BD8: 50500 - Sheriff-Special | BE8: 50600 - County Clerk Special Trust Fund | BF8: 51500 - Constable-Precinct 8 | BG8: 53200 - ESCROW FUND | BH8: 53400 - DA Restitution | BI8: 53500 - District Attorney Forfeiture | BJ8: 53700 - Youth Village Special Fund | BK8: 53800 - DA- Check Processing Fees | BL8: 54000 - DA Forfeitures-Federal | BM8: 54100 - DA Forfeitures-State | BN8: 54200 - DA Unadjudicated - Police Agencies | BO8: 54300 - Adult Probation-Restitution | BP8: 54400 - DA Forfeitures - Attorney General | BQ8: 54500 - DA Unajudicated-Gambling Statutes | BR8: 54600 - DA Forfeitures-Narcotics | BS8: 54700 - DA-State Forfeiture Fees Other | BT8: 55000 - Justice of the Peace 1-1 Special fund No | BU8: 55100 - Justice of the Peace 1-2 Special Fund No | BV8: 55300 - Justice of the Peace 3-3 Special Fund No | BW8: 55400 - Justice of the Peace 2-1 Special Fund No | BX8: 55500 - Justice of the Peace 2-2 Special Fund No | BY8: 55600 - Justice of the Peace 3-1 Special Fund No | BZ8: 55700 - Justice of the Peace 3-2 Special Fund No | CA8: 55900 - Justice of the Peace 4-1 Special Fund No | CB8: 56000 - Justice of the Peace 4-2 Special Fund No. 560 Bob Whitney*Effective 12-17-01* | CC8: 56100 - Justice of the Peace 5-1 Special Fund No. 561 Luis Sepulveda*Effective 12-17-01* | CD8: 56200 - Justice of the Peace 5-2 Special Fund No. 562 Juan Jasso*Effective 12-17-01* | CE8: 57000 - Dallas County Housing Fin. - 1993 | CF8: 57100 - Dallas County Housing Fin. - 1994 | CG8: 58000 - Constable 1 Special Fund No. 580 Derick Evans*12-17-01* | CH8: 58100 - Constable 2 Special Fund No. 581 Michael Gothard*Effective 12-17-01* | CI8: 58200 - Constable 3 Special Fund No. 582 Rick Richardson*Effective 12-17-01* | CJ8: 58300 - Constable 3-A Special Fund No. 583 Mike | CK8: 58400 - Constable 4 Special Fund No. 584 R. L. Skinner*Effective 12-17-01* | CL8: 58600 - Constable 5 Special Fund No. 586 Michael Orozco*Effective 11-02-18* | CM8: 60000 - DCS - Administration | CN8: 67000 - Credit Card BOA Charge Back | CO8: 70400 - Unallocated Tax | CP8: 76400 - Welfare Food Orders | CQ8: 80200 - Child Support Holding Fund | CR8: 80700 - District Attorney Check Collection | CS8: 80800 - Child Support Clearing | CT8: 82200 - 0 | CU8: 88200 - Cash Receipt pass through Acct. | CV8: 90100 - General Fixed Assets | CW8: 90300 - Internal Service Fund
A9: {=TRANSPOSE(_xlfn._xlws.SORT(_xlfn._xlws.FILTER(TableFund[Fund List],ISNUMBER(SEARCH(Travel!Y10, TableFund[Fund List])))))} -> 00000 - Default | B9: 10500 - Road and Bridge | C9: 10501 - Road & Bridge District 1 | D9: 10502 - Road & Bridge District 2 | E9: 10503 - Road & Bridge District 3 | F9: 10504 - Road & Bridge District 4 | G9: 10505 - Road Reserves | H9: 12000 - General Fund | I9: 12400 - Jury Special Fund | J9: 12500 - Petit Jury Fund | K9: 12600 - Permanent Improvement Fund | L9: 12800 - Adult Probation | M9: 13000 - Election Special Fund | N9: 16200 - Alternate Dispute Resolution | O9: 16600 - State Report Interest Fund | P9: 16800 - Dallas County Historical Commission | Q9: 16900 - Historical Exhibit | R9: 17000 - Return Check Collection | S9: 18000 - Housing Finance Corp | T9: 19000 - CMAQ Congestion, Mitigation, & Air Quality | U9: 19500 - Major Technology Fund | V9: 19600 - Major Projects | W9: 20000 - Judicial | X9: 20100 - Technology | Y9: 20200 - Local Government | Z9: 20300 - Local Official | AA9: 20400 - Record Management | AB9: 20500 - Interest and Debt Retirement (Debt Service) Fund | AC9: 21000 - DS Arbitrage Rebate | AD9: 41400 - 1995 Road Bond Fund | AE9: 41500 - 1995A Permanent Impovement | AF9: 41800 - Road Bond Series 1996 | AG9: 42400 - Unlimited Tax Road Bonds Series 2000 | AH9: 42700 - Unlimited Tax Refunding & Improvement Bo | AI9: 43300 - Tax Note Series 2011 | AJ9: 44000 - Tax Note Series 2013 | AK9: 44100 - Combination Tax and Parking Garage Rev C | AL9: 44200 - Certificates of Obligation 2022 | AM9: 46400 - American Rescue Plan | AN9: 46600 - Grant Funds | AO9: 46700 - HUD Section 8 | AP9: 46800 - Charter School Grants | AQ9: 47000 - Law Library Fund | AR9: 47100 - Appellate Judicial System | AS9: 48100 - Unlimited Tax Road Bonds, Series 1988A | AT9: 48200 - Permanent Improvement Bond Series 1988 | AU9: 49000 - Unlimited Tax Road Bond Fund-1985 | AV9: 49200 - 1992 Road Bond Fund | AW9: 49300 - 1992A Permanent Improvement Bond Fund | AX9: 49400 - Unlimited Tax Road Bond Fund-1977 | AY9: 50000 - Payroll Fund | AZ9: 50100 - County Clerk-Special | BA9: 50200 - County Clerk-Trust | BB9: 50300 - District Clerk-Special | BC9: 50400 - District Clerk-Trust | BD9: 50500 - Sheriff-Special | BE9: 50600 - County Clerk Special Trust Fund | BF9: 51500 - Constable-Precinct 8 | BG9: 53200 - ESCROW FUND | BH9: 53400 - DA Restitution | BI9: 53500 - District Attorney Forfeiture | BJ9: 53700 - Youth Village Special Fund | BK9: 53800 - DA- Check Processing Fees | BL9: 54000 - DA Forfeitures-Federal | BM9: 54100 - DA Forfeitures-State | BN9: 54200 - DA Unadjudicated - Police Agencies | BO9: 54300 - Adult Probation-Restitution | BP9: 54400 - DA Forfeitures - Attorney General | BQ9: 54500 - DA Unajudicated-Gambling Statutes | BR9: 54600 - DA Forfeitures-Narcotics | BS9: 54700 - DA-State Forfeiture Fees Other | BT9: 55000 - Justice of the Peace 1-1 Special fund No | BU9: 55100 - Justice of the Peace 1-2 Special Fund No | BV9: 55300 - Justice of the Peace 3-3 Special Fund No | BW9: 55400 - Justice of the Peace 2-1 Special Fund No | BX9: 55500 - Justice of the Peace 2-2 Special Fund No | BY9: 55600 - Justice of the Peace 3-1 Special Fund No | BZ9: 55700 - Justice of the Peace 3-2 Special Fund No | CA9: 55900 - Justice of the Peace 4-1 Special Fund No | CB9: 56000 - Justice of the Peace 4-2 Special Fund No. 560 Bob Whitney*Effective 12-17-01* | CC9: 56100 - Justice of the Peace 5-1 Special Fund No. 561 Luis Sepulveda*Effective 12-17-01* | CD9: 56200 - Justice of the Peace 5-2 Special Fund No. 562 Juan Jasso*Effective 12-17-01* | CE9: 57000 - Dallas County Housing Fin. - 1993 | CF9: 57100 - Dallas County Housing Fin. - 1994 | CG9: 58000 - Constable 1 Special Fund No. 580 Derick Evans*12-17-01* | CH9: 58100 - Constable 2 Special Fund No. 581 Michael Gothard*Effective 12-17-01* | CI9: 58200 - Constable 3 Special Fund No. 582 Rick Richardson*Effective 12-17-01* | CJ9: 58300 - Constable 3-A Special Fund No. 583 Mike | CK9: 58400 - Constable 4 Special Fund No. 584 R. L. Skinner*Effective 12-17-01* | CL9: 58600 - Constable 5 Special Fund No. 586 Michael Orozco*Effective 11-02-18* | CM9: 60000 - DCS - Administration | CN9: 67000 - Credit Card BOA Charge Back | CO9: 70400 - Unallocated Tax | CP9: 76400 - Welfare Food Orders | CQ9: 80200 - Child Support Holding Fund | CR9: 80700 - District Attorney Check Collection | CS9: 80800 - Child Support Clearing | CT9: 82200 - 0 | CU9: 88200 - Cash Receipt pass through Acct. | CV9: 90100 - General Fixed Assets | CW9: 90300 - Internal Service Fund
A10: {=TRANSPOSE(_xlfn._xlws.SORT(_xlfn._xlws.FILTER(TableFund[Fund List],ISNUMBER(SEARCH(Travel!Y11, TableFund[Fund List])))))} -> 00000 - Default | B10: 10500 - Road and Bridge | C10: 10501 - Road & Bridge District 1 | D10: 10502 - Road & Bridge District 2 | E10: 10503 - Road & Bridge District 3 | F10: 10504 - Road & Bridge District 4 | G10: 10505 - Road Reserves | H10: 12000 - General Fund | I10: 12400 - Jury Special Fund | J10: 12500 - Petit Jury Fund | K10: 12600 - Permanent Improvement Fund | L10: 12800 - Adult Probation | M10: 13000 - Election Special Fund | N10: 16200 - Alternate Dispute Resolution | O10: 16600 - State Report Interest Fund | P10: 16800 - Dallas County Historical Commission | Q10: 16900 - Historical Exhibit | R10: 17000 - Return Check Collection | S10: 18000 - Housing Finance Corp | T10: 19000 - CMAQ Congestion, Mitigation, & Air Quality | U10: 19500 - Major Technology Fund | V10: 19600 - Major Projects | W10: 20000 - Judicial | X10: 20100 - Technology | Y10: 20200 - Local Government | Z10: 20300 - Local Official | AA10: 20400 - Record Management | AB10: 20500 - Interest and Debt Retirement (Debt Service) Fund | AC10: 21000 - DS Arbitrage Rebate | AD10: 41400 - 1995 Road Bond Fund | AE10: 41500 - 1995A Permanent Impovement | AF10: 41800 - Road Bond Series 1996 | AG10: 42400 - Unlimited Tax Road Bonds Series 2000 | AH10: 42700 - Unlimited Tax Refunding & Improvement Bo | AI10: 43300 - Tax Note Series 2011 | AJ10: 44000 - Tax Note Series 2013 | AK10: 44100 - Combination Tax and Parking Garage Rev C | AL10: 44200 - Certificates of Obligation 2022 | AM10: 46400 - American Rescue Plan | AN10: 46600 - Grant Funds | AO10: 46700 - HUD Section 8 | AP10: 46800 - Charter School Grants | AQ10: 47000 - Law Library Fund | AR10: 47100 - Appellate Judicial System | AS10: 48100 - Unlimited Tax Road Bonds, Series 1988A | AT10: 48200 - Permanent Improvement Bond Series 1988 | AU10: 49000 - Unlimited Tax Road Bond Fund-1985 | AV10: 49200 - 1992 Road Bond Fund | AW10: 49300 - 1992A Permanent Improvement Bond Fund | AX10: 49400 - Unlimited Tax Road Bond Fund-1977 | AY10: 50000 - Payroll Fund | AZ10: 50100 - County Clerk-Special | BA10: 50200 - County Clerk-Trust | BB10: 50300 - District Clerk-Special | BC10: 50400 - District Clerk-Trust | BD10: 50500 - Sheriff-Special | BE10: 50600 - County Clerk Special Trust Fund | BF10: 51500 - Constable-Precinct 8 | BG10: 53200 - ESCROW FUND | BH10: 53400 - DA Restitution | BI10: 53500 - District Attorney Forfeiture | BJ10: 53700 - Youth Village Special Fund | BK10: 53800 - DA- Check Processing Fees | BL10: 54000 - DA Forfeitures-Federal | BM10: 54100 - DA Forfeitures-State | BN10: 54200 - DA Unadjudicated - Police Agencies | BO10: 54300 - Adult Probation-Restitution | BP10: 54400 - DA Forfeitures - Attorney General | BQ10: 54500 - DA Unajudicated-Gambling Statutes | BR10: 54600 - DA Forfeitures-Narcotics | BS10: 54700 - DA-State Forfeiture Fees Other | BT10: 55000 - Justice of the Peace 1-1 Special fund No | BU10: 55100 - Justice of the Peace 1-2 Special Fund No | BV10: 55300 - Justice of the Peace 3-3 Special Fund No | BW10: 55400 - Justice of the Peace 2-1 Special Fund No | BX10: 55500 - Justice of the Peace 2-2 Special Fund No | BY10: 55600 - Justice of the Peace 3-1 Special Fund No | BZ10: 55700 - Justice of the Peace 3-2 Special Fund No | CA10: 55900 - Justice of the Peace 4-1 Special Fund No | CB10: 56000 - Justice of the Peace 4-2 Special Fund No. 560 Bob Whitney*Effective 12-17-01* | CC10: 56100 - Justice of the Peace 5-1 Special Fund No. 561 Luis Sepulveda*Effective 12-17-01* | CD10: 56200 - Justice of the Peace 5-2 Special Fund No. 562 Juan Jasso*Effective 12-17-01* | CE10: 57000 - Dallas County Housing Fin. - 1993 | CF10: 57100 - Dallas County Housing Fin. - 1994 | CG10: 58000 - Constable 1 Special Fund No. 580 Derick Evans*12-17-01* | CH10: 58100 - Constable 2 Special Fund No. 581 Michael Gothard*Effective 12-17-01* | CI10: 58200 - Constable 3 Special Fund No. 582 Rick Richardson*Effective 12-17-01* | CJ10: 58300 - Constable 3-A Special Fund No. 583 Mike | CK10: 58400 - Constable 4 Special Fund No. 584 R. L. Skinner*Effective 12-17-01* | CL10: 58600 - Constable 5 Special Fund No. 586 Michael Orozco*Effective 11-02-18* | CM10: 60000 - DCS - Administration | CN10: 67000 - Credit Card BOA Charge Back | CO10: 70400 - Unallocated Tax | CP10: 76400 - Welfare Food Orders | CQ10: 80200 - Child Support Holding Fund | CR10: 80700 - District Attorney Check Collection | CS10: 80800 - Child Support Clearing | CT10: 82200 - 0 | CU10: 88200 - Cash Receipt pass through Acct. | CV10: 90100 - General Fixed Assets | CW10: 90300 - Internal Service Fund
A11: {=TRANSPOSE(_xlfn._xlws.SORT(_xlfn._xlws.FILTER(TableFund[Fund List],ISNUMBER(SEARCH(Travel!Y12, TableFund[Fund List])))))} -> 00000 - Default | B11: 10500 - Road and Bridge | C11: 10501 - Road & Bridge District 1 | D11: 10502 - Road & Bridge District 2 | E11: 10503 - Road & Bridge District 3 | F11: 10504 - Road & Bridge District 4 | G11: 10505 - Road Reserves | H11: 12000 - General Fund | I11: 12400 - Jury Special Fund | J11: 12500 - Petit Jury Fund | K11: 12600 - Permanent Improvement Fund | L11: 12800 - Adult Probation | M11: 13000 - Election Special Fund | N11: 16200 - Alternate Dispute Resolution | O11: 16600 - State Report Interest Fund | P11: 16800 - Dallas County Historical Commission | Q11: 16900 - Historical Exhibit | R11: 17000 - Return Check Collection | S11: 18000 - Housing Finance Corp | T11: 19000 - CMAQ Congestion, Mitigation, & Air Quality | U11: 19500 - Major Technology Fund | V11: 19600 - Major Projects | W11: 20000 - Judicial | X11: 20100 - Technology | Y11: 20200 - Local Government | Z11: 20300 - Local Official | AA11: 20400 - Record Management | AB11: 20500 - Interest and Debt Retirement (Debt Service) Fund | AC11: 21000 - DS Arbitrage Rebate | AD11: 41400 - 1995 Road Bond Fund | AE11: 41500 - 1995A Permanent Impovement | AF11: 41800 - Road Bond Series 1996 | AG11: 42400 - Unlimited Tax Road Bonds Series 2000 | AH11: 42700 - Unlimited Tax Refunding & Improvement Bo | AI11: 43300 - Tax Note Series 2011 | AJ11: 44000 - Tax Note Series 2013 | AK11: 44100 - Combination Tax and Parking Garage Rev C | AL11: 44200 - Certificates of Obligation 2022 | AM11: 46400 - American Rescue Plan | AN11: 46600 - Grant Funds | AO11: 46700 - HUD Section 8 | AP11: 46800 - Charter School Grants | AQ11: 47000 - Law Library Fund | AR11: 47100 - Appellate Judicial System | AS11: 48100 - Unlimited Tax Road Bonds, Series 1988A | AT11: 48200 - Permanent Improvement Bond Series 1988 | AU11: 49000 - Unlimited Tax Road Bond Fund-1985 | AV11: 49200 - 1992 Road Bond Fund | AW11: 49300 - 1992A Permanent Improvement Bond Fund | AX11: 49400 - Unlimited Tax Road Bond Fund-1977 | AY11: 50000 - Payroll Fund | AZ11: 50100 - County Clerk-Special | BA11: 50200 - County Clerk-Trust | BB11: 50300 - District Clerk-Special | BC11: 50400 - District Clerk-Trust | BD11: 50500 - Sheriff-Special | BE11: 50600 - County Clerk Special Trust Fund | BF11: 51500 - Constable-Precinct 8 | BG11: 53200 - ESCROW FUND | BH11: 53400 - DA Restitution | BI11: 53500 - District Attorney Forfeiture | BJ11: 53700 - Youth Village Special Fund | BK11: 53800 - DA- Check Processing Fees | BL11: 54000 - DA Forfeitures-Federal | BM11: 54100 - DA Forfeitures-State | BN11: 54200 - DA Unadjudicated - Police Agencies | BO11: 54300 - Adult Probation-Restitution | BP11: 54400 - DA Forfeitures - Attorney General | BQ11: 54500 - DA Unajudicated-Gambling Statutes | BR11: 54600 - DA Forfeitures-Narcotics | BS11: 54700 - DA-State Forfeiture Fees Other | BT11: 55000 - Justice of the Peace 1-1 Special fund No | BU11: 55100 - Justice of the Peace 1-2 Special Fund No | BV11: 55300 - Justice of the Peace 3-3 Special Fund No | BW11: 55400 - Justice of the Peace 2-1 Special Fund No | BX11: 55500 - Justice of the Peace 2-2 Special Fund No | BY11: 55600 - Justice of the Peace 3-1 Special Fund No | BZ11: 55700 - Justice of the Peace 3-2 Special Fund No | CA11: 55900 - Justice of the Peace 4-1 Special Fund No | CB11: 56000 - Justice of the Peace 4-2 Special Fund No. 560 Bob Whitney*Effective 12-17-01* | CC11: 56100 - Justice of the Peace 5-1 Special Fund No. 561 Luis Sepulveda*Effective 12-17-01* | CD11: 56200 - Justice of the Peace 5-2 Special Fund No. 562 Juan Jasso*Effective 12-17-01* | CE11: 57000 - Dallas County Housing Fin. - 1993 | CF11: 57100 - Dallas County Housing Fin. - 1994 | CG11: 58000 - Constable 1 Special Fund No. 580 Derick Evans*12-17-01* | CH11: 58100 - Constable 2 Special Fund No. 581 Michael Gothard*Effective 12-17-01* | CI11: 58200 - Constable 3 Special Fund No. 582 Rick Richardson*Effective 12-17-01* | CJ11: 58300 - Constable 3-A Special Fund No. 583 Mike | CK11: 58400 - Constable 4 Special Fund No. 584 R. L. Skinner*Effective 12-17-01* | CL11: 58600 - Constable 5 Special Fund No. 586 Michael Orozco*Effective 11-02-18* | CM11: 60000 - DCS - Administration | CN11: 67000 - Credit Card BOA Charge Back | CO11: 70400 - Unallocated Tax | CP11: 76400 - Welfare Food Orders | CQ11: 80200 - Child Support Holding Fund | CR11: 80700 - District Attorney Check Collection | CS11: 80800 - Child Support Clearing | CT11: 82200 - 0 | CU11: 88200 - Cash Receipt pass through Acct. | CV11: 90100 - General Fixed Assets | CW11: 90300 - Internal Service Fund
A12: {=TRANSPOSE(_xlfn._xlws.SORT(_xlfn._xlws.FILTER(TableFund[Fund List],ISNUMBER(SEARCH(Travel!Y13, TableFund[Fund List])))))} -> 00000 - Default | B12: 10500 - Road and Bridge | C12: 10501 - Road & Bridge District 1 | D12: 10502 - Road & Bridge District 2 | E12: 10503 - Road & Bridge District 3 | F12: 10504 - Road & Bridge District 4 | G12: 10505 - Road Reserves | H12: 12000 - General Fund | I12: 12400 - Jury Special Fund | J12: 12500 - Petit Jury Fund | K12: 12600 - Permanent Improvement Fund | L12: 12800 - Adult Probation | M12: 13000 - Election Special Fund | N12: 16200 - Alternate Dispute Resolution | O12: 16600 - State Report Interest Fund | P12: 16800 - Dallas County Historical Commission | Q12: 16900 - Historical Exhibit | R12: 17000 - Return Check Collection | S12: 18000 - Housing Finance Corp | T12: 19000 - CMAQ Congestion, Mitigation, & Air Quality | U12: 19500 - Major Technology Fund | V12: 19600 - Major Projects | W12: 20000 - Judicial | X12: 20100 - Technology | Y12: 20200 - Local Government | Z12: 20300 - Local Official | AA12: 20400 - Record Management | AB12: 20500 - Interest and Debt Retirement (Debt Service) Fund | AC12: 21000 - DS Arbitrage Rebate | AD12: 41400 - 1995 Road Bond Fund | AE12: 41500 - 1995A Permanent Impovement | AF12: 41800 - Road Bond Series 1996 | AG12: 42400 - Unlimited Tax Road Bonds Series 2000 | AH12: 42700 - Unlimited Tax Refunding & Improvement Bo | AI12: 43300 - Tax Note Series 2011 | AJ12: 44000 - Tax Note Series 2013 | AK12: 44100 - Combination Tax and Parking Garage Rev C | AL12: 44200 - Certificates of Obligation 2022 | AM12: 46400 - American Rescue Plan | AN12: 46600 - Grant Funds | AO12: 46700 - HUD Section 8 | AP12: 46800 - Charter School Grants | AQ12: 47000 - Law Library Fund | AR12: 47100 - Appellate Judicial System | AS12: 48100 - Unlimited Tax Road Bonds, Series 1988A | AT12: 48200 - Permanent Improvement Bond Series 1988 | AU12: 49000 - Unlimited Tax Road Bond Fund-1985 | AV12: 49200 - 1992 Road Bond Fund | AW12: 49300 - 1992A Permanent Improvement Bond Fund | AX12: 49400 - Unlimited Tax Road Bond Fund-1977 | AY12: 50000 - Payroll Fund | AZ12: 50100 - County Clerk-Special | BA12: 50200 - County Clerk-Trust | BB12: 50300 - District Clerk-Special | BC12: 50400 - District Clerk-Trust | BD12: 50500 - Sheriff-Special | BE12: 50600 - County Clerk Special Trust Fund | BF12: 51500 - Constable-Precinct 8 | BG12: 53200 - ESCROW FUND | BH12: 53400 - DA Restitution | BI12: 53500 - District Attorney Forfeiture | BJ12: 53700 - Youth Village Special Fund | BK12: 53800 - DA- Check Processing Fees | BL12: 54000 - DA Forfeitures-Federal | BM12: 54100 - DA Forfeitures-State | BN12: 54200 - DA Unadjudicated - Police Agencies | BO12: 54300 - Adult Probation-Restitution | BP12: 54400 - DA Forfeitures - Attorney General | BQ12: 54500 - DA Unajudicated-Gambling Statutes | BR12: 54600 - DA Forfeitures-Narcotics | BS12: 54700 - DA-State Forfeiture Fees Other | BT12: 55000 - Justice of the Peace 1-1 Special fund No | BU12: 55100 - Justice of the Peace 1-2 Special Fund No | BV12: 55300 - Justice of the Peace 3-3 Special Fund No | BW12: 55400 - Justice of the Peace 2-1 Special Fund No | BX12: 55500 - Justice of the Peace 2-2 Special Fund No | BY12: 55600 - Justice of the Peace 3-1 Special Fund No | BZ12: 55700 - Justice of the Peace 3-2 Special Fund No | CA12: 55900 - Justice of the Peace 4-1 Special Fund No | CB12: 56000 - Justice of the Peace 4-2 Special Fund No. 560 Bob Whitney*Effective 12-17-01* | CC12: 56100 - Justice of the Peace 5-1 Special Fund No. 561 Luis Sepulveda*Effective 12-17-01* | CD12: 56200 - Justice of the Peace 5-2 Special Fund No. 562 Juan Jasso*Effective 12-17-01* | CE12: 57000 - Dallas County Housing Fin. - 1993 | CF12: 57100 - Dallas County Housing Fin. - 1994 | CG12: 58000 - Constable 1 Special Fund No. 580 Derick Evans*12-17-01* | CH12: 58100 - Constable 2 Special Fund No. 581 Michael Gothard*Effective 12-17-01* | CI12: 58200 - Constable 3 Special Fund No. 582 Rick Richardson*Effective 12-17-01* | CJ12: 58300 - Constable 3-A Special Fund No. 583 Mike | CK12: 58400 - Constable 4 Special Fund No. 584 R. L. Skinner*Effective 12-17-01* | CL12: 58600 - Constable 5 Special Fund No. 586 Michael Orozco*Effective 11-02-18* | CM12: 60000 - DCS - Administration | CN12: 67000 - Credit Card BOA Charge Back | CO12: 70400 - Unallocated Tax | CP12: 76400 - Welfare Food Orders | CQ12: 80200 - Child Support Holding Fund | CR12: 80700 - District Attorney Check Collection | CS12: 80800 - Child Support Clearing | CT12: 82200 - 0 | CU12: 88200 - Cash Receipt pass through Acct. | CV12: 90100 - General Fixed Assets | CW12: 90300 - Internal Service Fund
A13: {=TRANSPOSE(_xlfn._xlws.SORT(_xlfn._xlws.FILTER(TableFund[Fund List],ISNUMBER(SEARCH(Travel!Y14, TableFund[Fund List])))))} -> 00000 - Default | B13: 10500 - Road and Bridge | C13: 10501 - Road & Bridge District 1 | D13: 10502 - Road & Bridge District 2 | E13: 10503 - Road & Bridge District 3 | F13: 10504 - Road & Bridge District 4 | G13: 10505 - Road Reserves | H13: 12000 - General Fund | I13: 12400 - Jury Special Fund | J13: 12500 - Petit Jury Fund | K13: 12600 - Permanent Improvement Fund | L13: 12800 - Adult Probation | M13: 13000 - Election Special Fund | N13: 16200 - Alternate Dispute Resolution | O13: 16600 - State Report Interest Fund | P13: 16800 - Dallas County Historical Commission | Q13: 16900 - Historical Exhibit | R13: 17000 - Return Check Collection | S13: 18000 - Housing Finance Corp | T13: 19000 - CMAQ Congestion, Mitigation, & Air Quality | U13: 19500 - Major Technology Fund | V13: 19600 - Major Projects | W13: 20000 - Judicial | X13: 20100 - Technology | Y13: 20200 - Local Government | Z13: 20300 - Local Official | AA13: 20400 - Record Management | AB13: 20500 - Interest and Debt Retirement (Debt Service) Fund | AC13: 21000 - DS Arbitrage Rebate | AD13: 41400 - 1995 Road Bond Fund | AE13: 41500 - 1995A Permanent Impovement | AF13: 41800 - Road Bond Series 1996 | AG13: 42400 - Unlimited Tax Road Bonds Series 2000 | AH13: 42700 - Unlimited Tax Refunding & Improvement Bo | AI13: 43300 - Tax Note Series 2011 | AJ13: 44000 - Tax Note Series 2013 | AK13: 44100 - Combination Tax and Parking Garage Rev C | AL13: 44200 - Certificates of Obligation 2022 | AM13: 46400 - American Rescue Plan | AN13: 46600 - Grant Funds | AO13: 46700 - HUD Section 8 | AP13: 46800 - Charter School Grants | AQ13: 47000 - Law Library Fund | AR13: 47100 - Appellate Judicial System | AS13: 48100 - Unlimited Tax Road Bonds, Series 1988A | AT13: 48200 - Permanent Improvement Bond Series 1988 | AU13: 49000 - Unlimited Tax Road Bond Fund-1985 | AV13: 49200 - 1992 Road Bond Fund | AW13: 49300 - 1992A Permanent Improvement Bond Fund | AX13: 49400 - Unlimited Tax Road Bond Fund-1977 | AY13: 50000 - Payroll Fund | AZ13: 50100 - County Clerk-Special | BA13: 50200 - County Clerk-Trust | BB13: 50300 - District Clerk-Special | BC13: 50400 - District Clerk-Trust | BD13: 50500 - Sheriff-Special | BE13: 50600 - County Clerk Special Trust Fund | BF13: 51500 - Constable-Precinct 8 | BG13: 53200 - ESCROW FUND | BH13: 53400 - DA Restitution | BI13: 53500 - District Attorney Forfeiture | BJ13: 53700 - Youth Village Special Fund | BK13: 53800 - DA- Check Processing Fees | BL13: 54000 - DA Forfeitures-Federal | BM13: 54100 - DA Forfeitures-State | BN13: 54200 - DA Unadjudicated - Police Agencies | BO13: 54300 - Adult Probation-Restitution | BP13: 54400 - DA Forfeitures - Attorney General | BQ13: 54500 - DA Unajudicated-Gambling Statutes | BR13: 54600 - DA Forfeitures-Narcotics | BS13: 54700 - DA-State Forfeiture Fees Other | BT13: 55000 - Justice of the Peace 1-1 Special fund No | BU13: 55100 - Justice of the Peace 1-2 Special Fund No | BV13: 55300 - Justice of the Peace 3-3 Special Fund No | BW13: 55400 - Justice of the Peace 2-1 Special Fund No | BX13: 55500 - Justice of the Peace 2-2 Special Fund No | BY13: 55600 - Justice of the Peace 3-1 Special Fund No | BZ13: 55700 - Justice of the Peace 3-2 Special Fund No | CA13: 55900 - Justice of the Peace 4-1 Special Fund No | CB13: 56000 - Justice of the Peace 4-2 Special Fund No. 560 Bob Whitney*Effective 12-17-01* | CC13: 56100 - Justice of the Peace 5-1 Special Fund No. 561 Luis Sepulveda*Effective 12-17-01* | CD13: 56200 - Justice of the Peace 5-2 Special Fund No. 562 Juan Jasso*Effective 12-17-01* | CE13: 57000 - Dallas County Housing Fin. - 1993 | CF13: 57100 - Dallas County Housing Fin. - 1994 | CG13: 58000 - Constable 1 Special Fund No. 580 Derick Evans*12-17-01* | CH13: 58100 - Constable 2 Special Fund No. 581 Michael Gothard*Effective 12-17-01* | CI13: 58200 - Constable 3 Special Fund No. 582 Rick Richardson*Effective 12-17-01* | CJ13: 58300 - Constable 3-A Special Fund No. 583 Mike | CK13: 58400 - Constable 4 Special Fund No. 584 R. L. Skinner*Effective 12-17-01* | CL13: 58600 - Constable 5 Special Fund No. 586 Michael Orozco*Effective 11-02-18* | CM13: 60000 - DCS - Administration | CN13: 67000 - Credit Card BOA Charge Back | CO13: 70400 - Unallocated Tax | CP13: 76400 - Welfare Food Orders | CQ13: 80200 - Child Support Holding Fund | CR13: 80700 - District Attorney Check Collection | CS13: 80800 - Child Support Clearing | CT13: 82200 - 0 | CU13: 88200 - Cash Receipt pass through Acct. | CV13: 90100 - General Fixed Assets | CW13: 90300 - Internal Service Fund
... A98: {=TRANSPOSE(_xlfn._xlws.SORT(_xlfn._xlws.FILTER(TableFund[Fund List],ISNUMBER(SEARCH(Travel!Y99, TableFund[Fund List])))))} -> 00000 - Default | B98: 10500 - Road and Bridge | C98: 10501 - Road & Bridge District 1 | D98: 10502 - Road & Bridge District 2 | E98: 10503 - Road & Bridge District 3 | F98: 10504 - Road & Bridge District 4 | G98: 10505 - Road Reserves | H98: 12000 - General Fund | I98: 12400 - Jury Special Fund | J98: 12500 - Petit Jury Fund | K98: 12600 - Permanent Improvement Fund | L98: 12800 - Adult Probation | M98: 13000 - Election Special Fund | N98: 16200 - Alternate Dispute Resolution | O98: 16600 - State Report Interest Fund | P98: 16800 - Dallas County Historical Commission | Q98: 16900 - Historical Exhibit | R98: 17000 - Return Check Collection | S98: 18000 - Housing Finance Corp | T98: 19000 - CMAQ Congestion, Mitigation, & Air Quality | U98: 19500 - Major Technology Fund | V98: 19600 - Major Projects | W98: 20000 - Judicial | X98: 20100 - Technology | Y98: 20200 - Local Government | Z98: 20300 - Local Official | AA98: 20400 - Record Management | AB98: 20500 - Interest and Debt Retirement (Debt Service) Fund | AC98: 21000 - DS Arbitrage Rebate | AD98: 41400 - 1995 Road Bond Fund | AE98: 41500 - 1995A Permanent Impovement | AF98: 41800 - Road Bond Series 1996 | AG98: 42400 - Unlimited Tax Road Bonds Series 2000 | AH98: 42700 - Unlimited Tax Refunding & Improvement Bo | AI98: 43300 - Tax Note Series 2011 | AJ98: 44000 - Tax Note Series 2013 | AK98: 44100 - Combination Tax and Parking Garage Rev C | AL98: 44200 - Certificates of Obligation 2022 | AM98: 46400 - American Rescue Plan | AN98: 46600 - Grant Funds | AO98: 46700 - HUD Section 8 | AP98: 46800 - Charter School Grants | AQ98: 47000 - Law Library Fund | AR98: 47100 - Appellate Judicial System | AS98: 48100 - Unlimited Tax Road Bonds, Series 1988A | AT98: 48200 - Permanent Improvement Bond Series 1988 | AU98: 49000 - Unlimited Tax Road Bond Fund-1985 | AV98: 49200 - 1992 Road Bond Fund | AW98: 49300 - 1992A Permanent Improvement Bond Fund | AX98: 49400 - Unlimited Tax Road Bond Fund-1977 | AY98: 50000 - Payroll Fund | AZ98: 50100 - County Clerk-Special | BA98: 50200 - County Clerk-Trust | BB98: 50300 - District Clerk-Special | BC98: 50400 - District Clerk-Trust | BD98: 50500 - Sheriff-Special | BE98: 50600 - County Clerk Special Trust Fund | BF98: 51500 - Constable-Precinct 8 | BG98: 53200 - ESCROW FUND | BH98: 53400 - DA Restitution | BI98: 53500 - District Attorney Forfeiture | BJ98: 53700 - Youth Village Special Fund | BK98: 53800 - DA- Check Processing Fees | BL98: 54000 - DA Forfeitures-Federal | BM98: 54100 - DA Forfeitures-State | BN98: 54200 - DA Unadjudicated - Police Agencies | BO98: 54300 - Adult Probation-Restitution | BP98: 54400 - DA Forfeitures - Attorney General | BQ98: 54500 - DA Unajudicated-Gambling Statutes | BR98: 54600 - DA Forfeitures-Narcotics | BS98: 54700 - DA-State Forfeiture Fees Other | BT98: 55000 - Justice of the Peace 1-1 Special fund No | BU98: 55100 - Justice of the Peace 1-2 Special Fund No | BV98: 55300 - Justice of the Peace 3-3 Special Fund No | BW98: 55400 - Justice of the Peace 2-1 Special Fund No | BX98: 55500 - Justice of the Peace 2-2 Special Fund No | BY98: 55600 - Justice of the Peace 3-1 Special Fund No | BZ98: 55700 - Justice of the Peace 3-2 Special Fund No | CA98: 55900 - Justice of the Peace 4-1 Special Fund No | CB98: 56000 - Justice of the Peace 4-2 Special Fund No. 560 Bob Whitney*Effective 12-17-01* | CC98: 56100 - Justice of the Peace 5-1 Special Fund No. 561 Luis Sepulveda*Effective 12-17-01* | CD98: 56200 - Justice of the Peace 5-2 Special Fund No. 562 Juan Jasso*Effective 12-17-01* | CE98: 57000 - Dallas County Housing Fin. - 1993 | CF98: 57100 - Dallas County Housing Fin. - 1994 | CG98: 58000 - Constable 1 Special Fund No. 580 Derick Evans*12-17-01* | CH98: 58100 - Constable 2 Special Fund No. 581 Michael Gothard*Effective 12-17-01* | CI98: 58200 - Constable 3 Special Fund No. 582 Rick Richardson*Effective 12-17-01* | CJ98: 58300 - Constable 3-A Special Fund No. 583 Mike | CK98: 58400 - Constable 4 Special Fund No. 584 R. L. Skinner*Effective 12-17-01* | CL98: 58600 - Constable 5 Special Fund No. 586 Michael Orozco*Effective 11-02-18* | CM98: 60000 - DCS - Administration | CN98: 67000 - Credit Card BOA Charge Back | CO98: 70400 - Unallocated Tax | CP98: 76400 - Welfare Food Orders | CQ98: 80200 - Child Support Holding Fund | CR98: 80700 - District Attorney Check Collection | CS98: 80800 - Child Support Clearing | CT98: 82200 - 0 | CU98: 88200 - Cash Receipt pass through Acct. | CV98: 90100 - General Fixed Assets | CW98: 90300 - Internal Service Fund
A99: {=TRANSPOSE(_xlfn._xlws.SORT(_xlfn._xlws.FILTER(TableFund[Fund List],ISNUMBER(SEARCH(Travel!X101, TableFund[Fund List])))))} -> 00000 - Default | B99: 10500 - Road and Bridge | C99: 10501 - Road & Bridge District 1 | D99: 10502 - Road & Bridge District 2 | E99: 10503 - Road & Bridge District 3 | F99: 10504 - Road & Bridge District 4 | G99: 10505 - Road Reserves | H99: 12000 - General Fund | I99: 12400 - Jury Special Fund | J99: 12500 - Petit Jury Fund | K99: 12600 - Permanent Improvement Fund | L99: 12800 - Adult Probation | M99: 13000 - Election Special Fund | N99: 16200 - Alternate Dispute Resolution | O99: 16600 - State Report Interest Fund | P99: 16800 - Dallas County Historical Commission | Q99: 16900 - Historical Exhibit | R99: 17000 - Return Check Collection | S99: 18000 - Housing Finance Corp | T99: 19000 - CMAQ Congestion, Mitigation, & Air Quality | U99: 19500 - Major Technology Fund | V99: 19600 - Major Projects | W99: 20000 - Judicial | X99: 20100 - Technology | Y99: 20200 - Local Government | Z99: 20300 - Local Official | AA99: 20400 - Record Management | AB99: 20500 - Interest and Debt Retirement (Debt Service) Fund | AC99: 21000 - DS Arbitrage Rebate | AD99: 41400 - 1995 Road Bond Fund | AE99: 41500 - 1995A Permanent Impovement | AF99: 41800 - Road Bond Series 1996 | AG99: 42400 - Unlimited Tax Road Bonds Series 2000 | AH99: 42700 - Unlimited Tax Refunding & Improvement Bo | AI99: 43300 - Tax Note Series 2011 | AJ99: 44000 - Tax Note Series 2013 | AK99: 44100 - Combination Tax and Parking Garage Rev C | AL99: 44200 - Certificates of Obligation 2022 | AM99: 46400 - American Rescue Plan | AN99: 46600 - Grant Funds | AO99: 46700 - HUD Section 8 | AP99: 46800 - Charter School Grants | AQ99: 47000 - Law Library Fund | AR99: 47100 - Appellate Judicial System | AS99: 48100 - Unlimited Tax Road Bonds, Series 1988A | AT99: 48200 - Permanent Improvement Bond Series 1988 | AU99: 49000 - Unlimited Tax Road Bond Fund-1985 | AV99: 49200 - 1992 Road Bond Fund | AW99: 49300 - 1992A Permanent Improvement Bond Fund | AX99: 49400 - Unlimited Tax Road Bond Fund-1977 | AY99: 50000 - Payroll Fund | AZ99: 50100 - County Clerk-Special | BA99: 50200 - County Clerk-Trust | BB99: 50300 - District Clerk-Special | BC99: 50400 - District Clerk-Trust | BD99: 50500 - Sheriff-Special | BE99: 50600 - County Clerk Special Trust Fund | BF99: 51500 - Constable-Precinct 8 | BG99: 53200 - ESCROW FUND | BH99: 53400 - DA Restitution | BI99: 53500 - District Attorney Forfeiture | BJ99: 53700 - Youth Village Special Fund | BK99: 53800 - DA- Check Processing Fees | BL99: 54000 - DA Forfeitures-Federal | BM99: 54100 - DA Forfeitures-State | BN99: 54200 - DA Unadjudicated - Police Agencies | BO99: 54300 - Adult Probation-Restitution | BP99: 54400 - DA Forfeitures - Attorney General | BQ99: 54500 - DA Unajudicated-Gambling Statutes | BR99: 54600 - DA Forfeitures-Narcotics | BS99: 54700 - DA-State Forfeiture Fees Other | BT99: 55000 - Justice of the Peace 1-1 Special fund No | BU99: 55100 - Justice of the Peace 1-2 Special Fund No | BV99: 55300 - Justice of the Peace 3-3 Special Fund No | BW99: 55400 - Justice of the Peace 2-1 Special Fund No | BX99: 55500 - Justice of the Peace 2-2 Special Fund No | BY99: 55600 - Justice of the Peace 3-1 Special Fund No | BZ99: 55700 - Justice of the Peace 3-2 Special Fund No | CA99: 55900 - Justice of the Peace 4-1 Special Fund No | CB99: 56000 - Justice of the Peace 4-2 Special Fund No. 560 Bob Whitney*Effective 12-17-01* | CC99: 56100 - Justice of the Peace 5-1 Special Fund No. 561 Luis Sepulveda*Effective 12-17-01* | CD99: 56200 - Justice of the Peace 5-2 Special Fund No. 562 Juan Jasso*Effective 12-17-01* | CE99: 57000 - Dallas County Housing Fin. - 1993 | CF99: 57100 - Dallas County Housing Fin. - 1994 | CG99: 58000 - Constable 1 Special Fund No. 580 Derick Evans*12-17-01* | CH99: 58100 - Constable 2 Special Fund No. 581 Michael Gothard*Effective 12-17-01* | CI99: 58200 - Constable 3 Special Fund No. 582 Rick Richardson*Effective 12-17-01* | CJ99: 58300 - Constable 3-A Special Fund No. 583 Mike | CK99: 58400 - Constable 4 Special Fund No. 584 R. L. Skinner*Effective 12-17-01* | CL99: 58600 - Constable 5 Special Fund No. 586 Michael Orozco*Effective 11-02-18* | CM99: 60000 - DCS - Administration | CN99: 67000 - Credit Card BOA Charge Back | CO99: 70400 - Unallocated Tax | CP99: 76400 - Welfare Food Orders | CQ99: 80200 - Child Support Holding Fund | CR99: 80700 - District Attorney Check Collection | CS99: 80800 - Child Support Clearing | CT99: 82200 - 0 | CU99: 88200 - Cash Receipt pass through Acct. | CV99: 90100 - General Fixed Assets | CW99: 90300 - Internal Service Fund

Sheet costcenter_dp
A1: CostCenter
A2: {=TRANSPOSE(_xlfn._xlws.SORT(_xlfn._xlws.FILTER(TableCostCenter[Cost Center List],ISNUMBER(SEARCH(Travel!Z3,TableCostCenter[Cost Center List])))))} -> 0000 - Default Cost Center | B2: 1010 - County Judge | C2: 1011 - Truancy Courts | D2: 1016 - Planning and Development | E2: 1020 - Commissioners' Court Administrator | F2: 1021 - Operation Services - Engineering | G2: 1022 - Operation Services - Facilities | H2: 1023 - Operation Services - Comm/Central Services | I2: 1024 - Operation Services - Records Mgmt | J2: 1027 - Operation Services - Auto Service Center | K2: 1035 - Tax Assessor/Collector | L2: 1040 - Human Resource/Civil Service | M2: 1041 - HRCS - 52e Employees | N2: 1045 - Records Bldg Fitness Center | O2: 1050 - County Treasurer | P2: 1060 - Office of Budget & Evaluation | Q2: 1070 - County Auditor | R2: 1080 - Purchasing | S2: 1082 - Small Business Enterprise(SBE) | T2: 1090 - IT Data Services | U2: 1210 - Elections | V2: 2050 - Texas Cooperative Extension | W2: 2060 - Veterans Service | X2: 2080 - Historical Commission | Y2: 2110 - Public Works | Z2: 2115 - PW - Economic Development | AA2: 2510 - Road Precinct #1 | AB2: 2520 - Road Precinct #2 | AC2: 2530 - Road Precinct #3 | AD2: 2540 - Road Precinct #4 | AE2: 2550 - Road Reserves | AF2: 3020 - Community Supervision | AG2: 3030 - Public Service Program | AH2: 3043 - Unincorporated Area Services | AI2: 3110 - Executive | AJ2: 3111 - Special Investigation | AK2: 3112 - Intelligence | AL2: 3113 - Internal Affairs | AM2: 3114 - Compliance | AN2: 3121 - General Services | AO2: 3122 - Personnel | AP2: 3123 - Training | AQ2: 3124 - Communications | AR2: 3125 - Fiscal | AS2: 3126 - Photo Lab | AT2: 3127 - Print Shop Department | AU2: 3128 - Bonds | AV2: 3129 - Bailiff | AW2: 3130 - Warrants | AX2: 3131 - Fugitive Transportation | AY2: 3132 - Civil | AZ2: 3133 - Patrol | BA2: 3134 - Criminal Investigation | BB2: 3136 - FLEET | BC2: 3137 - Freeway Management Program | BD2: 3140 - Detention Services | BE2: 3141 - North Tower | BF2: 3142 - West Tower | BG2: 3147 - Central Intake | BH2: 3148 - South Tower | BI2: 3150 - Classification and Release | BJ2: 3151 - Inmate Program | BK2: 3152 - Central Kitchen | BL2: 3153 - Central Laundry | BM2: 3154 - Inmate Transport | BN2: 3155 - Jail Medical | BO2: 3156 - Pre/Post Trial Release Program | BP2: 3210 - Constable Precinct #1 | BQ2: 3220 - Constable Precinct #2 | BR2: 3230 - Constable Precinct #3 | BS2: 3240 - Constable Precinct #4 | BT2: 3250 - Constable Precinct #5 | BU2: 3270 - Constable Precinct #3A | BV2: 3280 - Constable Precinct #4A | BW2: 3311 - Crime Lab | BX2: 3312 - Medical Examiner | BY2: 3313 - Breath Alcohol Program | BZ2: 4001 - Building Security | CA2: 4002 - Emergency Management | CB2: 4003 - Fire Marshal | CC2: 4011 - District Attorney | CD2: 4012 - DA-Special Allocation | CE2: 4013 - Drug Court Program | CF2: 4014 - Jail Diversion | CG2: 4015 - Divert Court | CH2: 4016 - S.T.A.C. Court | CI2: 4020 - District Clerk | CJ2: 4031 - County Clerk | CK2: 4032 - County Clerk-Collections | CL2: 4033 - Truancy Courts Clerks | CM2: 4040 - Public Defender | CN2: 4051 - District Court Administration | CO2: 4052 - Family Court Services | CP2: 4053 - Child Support Payments Office | CQ2: 4054 - Alt. Dispute Resolution-Dept | CR2: 4056 - Domestic Relations Office Administration | CS2: 4060 - Jury Service | CT2: 4065 - Grand Jury Service | CU2: 4071 - 5th Court of Appeals | CV2: 4072 - First Admin. Judicial Region | CW2: 4080 - Court Cost Miscellaneous | CX2: 4090 - Appellate Justice System | CY2: 4110 - 14th Civil District Court | CZ2: 4115 - 44th Civil District Court | DA2: 4120 - 68th Civil District Court | DB2: 4125 - 95th Civil District Court | DC2: 4130 - 101st Civil District Court | DD2: 4135 - 116th Civil District Court | DE2: 4140 - 134th Civil District Court | DF2: 4145 - 160th Civil District Court | DG2: 4150 - 162nd Civil District Court | DH2: 4155 - 191st Civil District Court | DI2: 4160 - 192nd Civil District Court | DJ2: 4165 - 193rd Civil District Court | DK2: 4170 - 298th Civil District Court | DL2: 4175 - Civil District Masters | DM2: 4180 - Civil Tax Court | DN2: 4210 - 254th Family Court | DO2: 4215 - 255th Family Court | DP2: 4220 - 256th Family Court | DQ2: 4225 - 301st Family Court | DR2: 4230 - 302nd Family Court | DS2: 4235 - 303rd Family Court | DT2: 4240 - 330th Family Court | DU2: 4250 - IV-D Court | DV2: 4310 - 304th Juvenile Court | DW2: 4320 - 305th Juvenile Court | DX2: 4401 - Criminal District Court #1 | DY2: 4402 - Criminal District Court #2 | DZ2: 4403 - Criminal District Court #3 | EA2: 4404 - Criminal District Court #4 | EB2: 4405 - Criminal District Court #5 | EC2: 4406 - Criminal District Court #6 | ED2: 4407 - Criminal District Court #7 | EE2: 4410 - 194th Criminal District Court | EF2: 4415 - 195th Criminal District Court | EG2: 4420 - 203rd Criminal District Court | EH2: 4425 - 204th Criminal District Court | EI2: 4430 - 265th Criminal District Court | EJ2: 4435 - 282nd Criminal District Court | EK2: 4440 - 283rd Criminal District Court | EL2: 4445 - 291st Criminal District Court | EM2: 4450 - 292nd Criminal District Court | EN2: 4455 - 363rd Criminal District Court | EO2: 4460 - Criminal District Magistrates | EP2: 4461 - Pretrial Release | EQ2: 4465 - Staff Attorneys | ER2: 4470 - Criminal District Court Manager | ES2: 4501 - County Court at Law #1 | ET2: 4502 - County Court at Law #2 | EU2: 4503 - County Court at Law #3 | EV2: 4504 - County Court at Law #4 | EW2: 4505 - County Court at Law #5 | EX2: 4601 - County Criminal Court #1 | EY2: 4602 - County Criminal Court #2 | EZ2: 4603 - County Criminal Court #3 | FA2: 4604 - County Criminal Court #4 | FB2: 4605 - County Criminal Court #5 | FC2: 4606 - County Criminal Court #6 | FD2: 4607 - County Criminal Court #7 | FE2: 4608 - County Criminal Court #8 | FF2: 4609 - County Criminal Court #9 | FG2: 4610 - County Criminal Court #10 | FH2: 4611 - County Criminal Court #11 | FI2: 4615 - County Criminal Court of Appeals | FJ2: 4616 - County Criminal Court of Appeals #2 | FK2: 4617 - County Criminal Court - Magistrate | FL2: 4620 - County Criminal Court Manager | FM2: 4701 - Probate Court #1 | FN2: 4702 - Probate Court #2 | FO2: 4703 - Probate Court #3 | FP2: 4704 - Investigators/Court Visitor Program | FQ2: 4705 - Probate Associates | FR2: 4811 - J.P- 1-1 | FS2: 4812 - J.P- 1-2 | FT2: 4821 - J.P- 2-1 | FU2: 4822 - J.P- 2-2 | FV2: 4831 - J.P- 3-1 | FW2: 4832 - J.P- 3-2 | FX2: 4833 - J.P. Central Collections | FY2: 4841 - J.P- 4-1 | FZ2: 4842 - J.P- 4-2 | GA2: 4851 - J.P- 5-1 | GB2: 4852 - J.P- 5-2 | GC2: 4862 - J P 3-A | GD2: 4921 - District Clerk Criminal and Bond Forfeiture | GE2: 4922 - District Clerk Passport Central | GF2: 4923 - District Clerk Passport East | GG2: 4924 - District Passport North | GH2: 4925 - District Clerk Juvenile | GI2: 4926 - District Civil and Family, Trust and Collections | GJ2: 5001 - County Clerk Criminal and Bond Forfeiture | GK2: 5002 - County Clerk Recording | GL2: 5003 - County Clerk Vitals | GM2: 5004 - County Clerk Trust | GN2: 5005 - County Clerk Civil | GO2: 5006 - County Clerk Probate | GP2: 5007 - County Clerk Central Records | GQ2: 5008 - County Clerk-Collections | GR2: 5041 - Truancy South | GS2: 5042 - Truancy North | GT2: 5043 - Truancy East | GU2: 5110 - Employee Health Clinic | GV2: 5111 - Juvenile Administration | GW2: 5112 - Juvenile Psychological Service | GX2: 5114 - Juvenile-Detention Center | GY2: 5115 - Juvenile-Emergency Shelter | GZ2: 5116 - Juvenile-Letot Center | HA2: 5117 - Juvenile-Youth Village | HB2: 5118 - Juvenile-Medlock Center | HC2: 5119 - Juvenile-Letot Residential Treatment Center | HD2: 5120 - Health Administration | HE2: 5121 - Environmental Health | HF2: 5122 - Public Health Lab | HG2: 5123 - Preventive Health | HH2: 5124 - Communicable Disease Control | HI2: 5125 - STD Clinic | HJ2: 5126 - TB Clinic | HK2: 5128 - HHS - Finance Admin | HL2: 5130 - Budget Office Community Contracts | HM2: 5140 - CPS Program | HN2: 5170 - Welfare Assistance | HO2: 6340 - Wilmer Substance Abuse Facility | HP2: 6430 - Truancy Enforcement Center | HQ2: 6930 - Cash Match for Grants | HR2: 7138 - Parking Garage CO 2004 Series | HS2: 7139 - Unlimited Tax Ref 2005 24.097M | HT2: 7140 - Certificate Obligation, 2006 $65M | HU2: 7141 - Limited Tax Notes, Series 2011 | HV2: 7142 - Unlimited Tax Refunding Bonds Series 2011A-Dept | HW2: 7144 - Limited Tax Refunding Bonds Series 2013 | HX2: 7145 - Dept Limited Tax Notes Series 2013 | HY2: 7146 - Unlimited Tax Refunding Bonds Series 2015 | HZ2: 7147 - Combination Tax and Parking Garage Revenue Certificates of Obligation Series 2016 | IA2: 7148 - Certificates of Obligation, Series 2022 | IB2: 7400 - Administrative | IC2: 7414 - Unlimited Tax Road Bonds Series 1995 | ID2: 7418 - Road Bond Series 1996 | IE2: 7492 - 1995 Road Bond Fund | IF2: 8010 - State Highway Fund | IG2: 8011 - Vehicle Sales and Use Tax | IH2: 8012 - Certificate of Title Fund | II2: 8013 - State Beer and Wine | IJ2: 8014 - Unapportioned Tax | IK2: 8015 - Tax Refund | IL2: 8016 - Trust Fund (Tax Assessor) | IM2: 8017 - Mail-in License Renewal | IN2: 8459 - Chase C.C. Clearing Acct-Tax Office | IO2: 8465 - Chase C.C. MV Clearing Acct-Tax Office | IP2: 8466 - Chase Credit Card Charge Back-Tax Office | IQ2: 8467 - Chase C.C MV Charge Back Tax Office | IR2: 8543 - Chase Credit Card B&W Chargeback | IS2: 8545 - Chase Credit Card VIT/SIT Chargeback | IT2: 8718 - Dealers' Escrow Account | IU2: 8719 - Undisbursed Funds | IV2: 8720 - Credit Card Deposit/Clearing Acct | IW2: 8721 - Unapportioned Tax ( Year End ) Used to be 720 | IX2: 8731 - Credit Card Chargeback Acct | IY2: 9010 - Library Assistance | IZ2: 9020 - Local Emergencies | JA2: 9101 - Park & Open Space Adm | JB2: 9102 - Park and Open Space | JC2: 9200 - Escrows | JD2: 9205 - Constable Precinct #1 | JE2: 9206 - Constable Precinct #2 | JF2: 9207 - Constable Precinct #3 | JG2: 9208 - Constable Precinct #4 | JH2: 9209 - Constable Precinct #5 | JI2: 9215 - Commissary | JJ2: 9220 - District Attorney | JK2: 9225 - Sheriff | JL2: 9230 - Juvenile | JM2: 9235 - Justice of Peace | JN2: 9240 - County Clerk | JO2: 9245 - District Clerk | JP2: 9250 - County Clerk Record Management | JQ2: 9255 - District Clerk Record Management | JR2: 9256 - County & District Clerk Record Management | JS2: 9260 - Community Supervision and Correction Department | JT2: 9265 - Tax Office | JU2: 9270 - Criminal Justice | JV2: 9275 - Divert Court | JW2: 9280 - HHS | JX2: 9285 - Probate Court | JY2: 9290 - Law Library | JZ2: 9291 - SBE | KA2: 9292 - Fire Marshall | KB2: 9410 - IT Projects | KC2: 9420 - Facilities Projects | KD2: 9430 - Public Works Projects | KE2: 9440 - CSCD Projects | KF2: 9450 - Elections | KG2: 9455 - Household Hazardous Waste | KH2: 9464 - American Rescue Plan | KI2: 9466 - Major Grants | KJ2: 9467 - HUD Section 8 | KK2: 9468 - Charter School | KL2: 9900 - Non-Budget Charges | KM2: 9910 - Countywide Appropriations | KN2: 9915 - Surplus | KO2: 9920 - Payroll -Dept | KP2: 9940 - Reserves and Contingency | KQ2: 9950 - Emergency Reserves
A3: {=TRANSPOSE(_xlfn._xlws.SORT(_xlfn._xlws.FILTER(TableCostCenter[Cost Center List],ISNUMBER(SEARCH(Travel!Z4,TableCostCenter[Cost Center List])))))} -> 0000 - Default Cost Center | B3: 1010 - County Judge | C3: 1011 - Truancy Courts | D3: 1016 - Planning and Development | E3: 1020 - Commissioners' Court Administrator | F3: 1021 - Operation Services - Engineering | G3: 1022 - Operation Services - Facilities | H3: 1023 - Operation Services - Comm/Central Services | I3: 1024 - Operation Services - Records Mgmt | J3: 1027 - Operation Services - Auto Service Center | K3: 1035 - Tax Assessor/Collector | L3: 1040 - Human Resource/Civil Service | M3: 1041 - HRCS - 52e Employees | N3: 1045 - Records Bldg Fitness Center | O3: 1050 - County Treasurer | P3: 1060 - Office of Budget & Evaluation | Q3: 1070 - County Auditor | R3: 1080 - Purchasing | S3: 1082 - Small Business Enterprise(SBE) | T3: 1090 - IT Data Services | U3: 1210 - Elections | V3: 2050 - Texas Cooperative Extension | W3: 2060 - Veterans Service | X3: 2080 - Historical Commission | Y3: 2110 - Public Works | Z3: 2115 - PW - Economic Development | AA3: 2510 - Road Precinct #1 | AB3: 2520 - Road Precinct #2 | AC3: 2530 - Road Precinct #3 | AD3: 2540 - Road Precinct #4 | AE3: 2550 - Road Reserves | AF3: 3020 - Community Supervision | AG3: 3030 - Public Service Program | AH3: 3043 - Unincorporated Area Services | AI3: 3110 - Executive | AJ3: 3111 - Special Investigation | AK3: 3112 - Intelligence | AL3: 3113 - Internal Affairs | AM3: 3114 - Compliance | AN3: 3121 - General Services | AO3: 3122 - Personnel | AP3: 3123 - Training | AQ3: 3124 - Communications | AR3: 3125 - Fiscal | AS3: 3126 - Photo Lab | AT3: 3127 - Print Shop Department | AU3: 3128 - Bonds | AV3: 3129 - Bailiff | AW3: 3130 - Warrants | AX3: 3131 - Fugitive Transportation | AY3: 3132 - Civil | AZ3: 3133 - Patrol | BA3: 3134 - Criminal Investigation | BB3: 3136 - FLEET | BC3: 3137 - Freeway Management Program | BD3: 3140 - Detention Services | BE3: 3141 - North Tower | BF3: 3142 - West Tower | BG3: 3147 - Central Intake | BH3: 3148 - South Tower | BI3: 3150 - Classification and Release | BJ3: 3151 - Inmate Program | BK3: 3152 - Central Kitchen | BL3: 3153 - Central Laundry | BM3: 3154 - Inmate Transport | BN3: 3155 - Jail Medical | BO3: 3156 - Pre/Post Trial Release Program | BP3: 3210 - Constable Precinct #1 | BQ3: 3220 - Constable Precinct #2 | BR3: 3230 - Constable Precinct #3 | BS3: 3240 - Constable Precinct #4 | BT3: 3250 - Constable Precinct #5 | BU3: 3270 - Constable Precinct #3A | BV3: 3280 - Constable Precinct #4A | BW3: 3311 - Crime Lab | BX3: 3312 - Medical Examiner | BY3: 3313 - Breath Alcohol Program | BZ3: 4001 - Building Security | CA3: 4002 - Emergency Management | CB3: 4003 - Fire Marshal | CC3: 4011 - District Attorney | CD3: 4012 - DA-Special Allocation | CE3: 4013 - Drug Court Program | CF3: 4014 - Jail Diversion | CG3: 4015 - Divert Court | CH3: 4016 - S.T.A.C. Court | CI3: 4020 - District Clerk | CJ3: 4031 - County Clerk | CK3: 4032 - County Clerk-Collections | CL3: 4033 - Truancy Courts Clerks | CM3: 4040 - Public Defender | CN3: 4051 - District Court Administration | CO3: 4052 - Family Court Services | CP3: 4053 - Child Support Payments Office | CQ3: 4054 - Alt. Dispute Resolution-Dept | CR3: 4056 - Domestic Relations Office Administration | CS3: 4060 - Jury Service | CT3: 4065 - Grand Jury Service | CU3: 4071 - 5th Court of Appeals | CV3: 4072 - First Admin. Judicial Region | CW3: 4080 - Court Cost Miscellaneous | CX3: 4090 - Appellate Justice System | CY3: 4110 - 14th Civil District Court | CZ3: 4115 - 44th Civil District Court | DA3: 4120 - 68th Civil District Court | DB3: 4125 - 95th Civil District Court | DC3: 4130 - 101st Civil District Court | DD3: 4135 - 116th Civil District Court | DE3: 4140 - 134th Civil District Court | DF3: 4145 - 160th Civil District Court | DG3: 4150 - 162nd Civil District Court | DH3: 4155 - 191st Civil District Court | DI3: 4160 - 192nd Civil District Court | DJ3: 4165 - 193rd Civil District Court | DK3: 4170 - 298th Civil District Court | DL3: 4175 - Civil District Masters | DM3: 4180 - Civil Tax Court | DN3: 4210 - 254th Family Court | DO3: 4215 - 255th Family Court | DP3: 4220 - 256th Family Court | DQ3: 4225 - 301st Family Court | DR3: 4230 - 302nd Family Court | DS3: 4235 - 303rd Family Court | DT3: 4240 - 330th Family Court | DU3: 4250 - IV-D Court | DV3: 4310 - 304th Juvenile Court | DW3: 4320 - 305th Juvenile Court | DX3: 4401 - Criminal District Court #1 | DY3: 4402 - Criminal District Court #2 | DZ3: 4403 - Criminal District Court #3 | EA3: 4404 - Criminal District Court #4 | EB3: 4405 - Criminal District Court #5 | EC3: 4406 - Criminal District Court #6 | ED3: 4407 - Criminal District Court #7 | EE3: 4410 - 194th Criminal District Court | EF3: 4415 - 195th Criminal District Court | EG3: 4420 - 203rd Criminal District Court | EH3: 4425 - 204th Criminal District Court | EI3: 4430 - 265th Criminal District Court | EJ3: 4435 - 282nd Criminal District Court | EK3: 4440 - 283rd Criminal District Court | EL3: 4445 - 291st Criminal District Court | EM3: 4450 - 292nd Criminal District Court | EN3: 4455 - 363rd Criminal District Court | EO3: 4460 - Criminal District Magistrates | EP3: 4461 - Pretrial Release | EQ3: 4465 - Staff Attorneys | ER3: 4470 - Criminal District Court Manager | ES3: 4501 - County Court at Law #1 | ET3: 4502 - County Court at Law #2 | EU3: 4503 - County Court at Law #3 | EV3: 4504 - County Court at Law #4 | EW3: 4505 - County Court at Law #5 | EX3: 4601 - County Criminal Court #1 | EY3: 4602 - County Criminal Court #2 | EZ3: 4603 - County Criminal Court #3 | FA3: 4604 - County Criminal Court #4 | FB3: 4605 - County Criminal Court #5 | FC3: 4606 - County Criminal Court #6 | FD3: 4607 - County Criminal Court #7 | FE3: 4608 - County Criminal Court #8 | FF3: 4609 - County Criminal Court #9 | FG3: 4610 - County Criminal Court #10 | FH3: 4611 - County Criminal Court #11 | FI3: 4615 - County Criminal Court of Appeals | FJ3: 4616 - County Criminal Court of Appeals #2 | FK3: 4617 - County Criminal Court - Magistrate | FL3: 4620 - County Criminal Court Manager | FM3: 4701 - Probate Court #1 | FN3: 4702 - Probate Court #2 | FO3: 4703 - Probate Court #3 | FP3: 4704 - Investigators/Court Visitor Program | FQ3: 4705 - Probate Associates | FR3: 4811 - J.P- 1-1 | FS3: 4812 - J.P- 1-2 | FT3: 4821 - J.P- 2-1 | FU3: 4822 - J.P- 2-2 | FV3: 4831 - J.P- 3-1 | FW3: 4832 - J.P- 3-2 | FX3: 4833 - J.P. Central Collections | FY3: 4841 - J.P- 4-1 | FZ3: 4842 - J.P- 4-2 | GA3: 4851 - J.P- 5-1 | GB3: 4852 - J.P- 5-2 | GC3: 4862 - J P 3-A | GD3: 4921 - District Clerk Criminal and Bond Forfeiture | GE3: 4922 - District Clerk Passport Central | GF3: 4923 - District Clerk Passport East | GG3: 4924 - District Passport North | GH3: 4925 - District Clerk Juvenile | GI3: 4926 - District Civil and Family, Trust and Collections | GJ3: 5001 - County Clerk Criminal and Bond Forfeiture | GK3: 5002 - County Clerk Recording | GL3: 5003 - County Clerk Vitals | GM3: 5004 - County Clerk Trust | GN3: 5005 - County Clerk Civil | GO3: 5006 - County Clerk Probate | GP3: 5007 - County Clerk Central Records | GQ3: 5008 - County Clerk-Collections | GR3: 5041 - Truancy South | GS3: 5042 - Truancy North | GT3: 5043 - Truancy East | GU3: 5110 - Employee Health Clinic | GV3: 5111 - Juvenile Administration | GW3: 5112 - Juvenile Psychological Service | GX3: 5114 - Juvenile-Detention Center | GY3: 5115 - Juvenile-Emergency Shelter | GZ3: 5116 - Juvenile-Letot Center | HA3: 5117 - Juvenile-Youth Village | HB3: 5118 - Juvenile-Medlock Center | HC3: 5119 - Juvenile-Letot Residential Treatment Center | HD3: 5120 - Health Administration | HE3: 5121 - Environmental Health | HF3: 5122 - Public Health Lab | HG3: 5123 - Preventive Health | HH3: 5124 - Communicable Disease Control | HI3: 5125 - STD Clinic | HJ3: 5126 - TB Clinic | HK3: 5128 - HHS - Finance Admin | HL3: 5130 - Budget Office Community Contracts | HM3: 5140 - CPS Program | HN3: 5170 - Welfare Assistance | HO3: 6340 - Wilmer Substance Abuse Facility | HP3: 6430 - Truancy Enforcement Center | HQ3: 6930 - Cash Match for Grants | HR3: 7138 - Parking Garage CO 2004 Series | HS3: 7139 - Unlimited Tax Ref 2005 24.097M | HT3: 7140 - Certificate Obligation, 2006 $65M | HU3: 7141 - Limited Tax Notes, Series 2011 | HV3: 7142 - Unlimited Tax Refunding Bonds Series 2011A-Dept | HW3: 7144 - Limited Tax Refunding Bonds Series 2013 | HX3: 7145 - Dept Limited Tax Notes Series 2013 | HY3: 7146 - Unlimited Tax Refunding Bonds Series 2015 | HZ3: 7147 - Combination Tax and Parking Garage Revenue Certificates of Obligation Series 2016 | IA3: 7148 - Certificates of Obligation, Series 2022 | IB3: 7400 - Administrative | IC3: 7414 - Unlimited Tax Road Bonds Series 1995 | ID3: 7418 - Road Bond Series 1996 | IE3: 7492 - 1995 Road Bond Fund | IF3: 8010 - State Highway Fund | IG3: 8011 - Vehicle Sales and Use Tax | IH3: 8012 - Certificate of Title Fund | II3: 8013 - State Beer and Wine | IJ3: 8014 - Unapportioned Tax | IK3: 8015 - Tax Refund | IL3: 8016 - Trust Fund (Tax Assessor) | IM3: 8017 - Mail-in License Renewal | IN3: 8459 - Chase C.C. Clearing Acct-Tax Office | IO3: 8465 - Chase C.C. MV Clearing Acct-Tax Office | IP3: 8466 - Chase Credit Card Charge Back-Tax Office | IQ3: 8467 - Chase C.C MV Charge Back Tax Office | IR3: 8543 - Chase Credit Card B&W Chargeback | IS3: 8545 - Chase Credit Card VIT/SIT Chargeback | IT3: 8718 - Dealers' Escrow Account | IU3: 8719 - Undisbursed Funds | IV3: 8720 - Credit Card Deposit/Clearing Acct | IW3: 8721 - Unapportioned Tax ( Year End ) Used to be 720 | IX3: 8731 - Credit Card Chargeback Acct | IY3: 9010 - Library Assistance | IZ3: 9020 - Local Emergencies | JA3: 9101 - Park & Open Space Adm | JB3: 9102 - Park and Open Space | JC3: 9200 - Escrows | JD3: 9205 - Constable Precinct #1 | JE3: 9206 - Constable Precinct #2 | JF3: 9207 - Constable Precinct #3 | JG3: 9208 - Constable Precinct #4 | JH3: 9209 - Constable Precinct #5 | JI3: 9215 - Commissary | JJ3: 9220 - District Attorney | JK3: 9225 - Sheriff | JL3: 9230 - Juvenile | JM3: 9235 - Justice of Peace | JN3: 9240 - County Clerk | JO3: 9245 - District Clerk | JP3: 9250 - County Clerk Record Management | JQ3: 9255 - District Clerk Record Management | JR3: 9256 - County & District Clerk Record Management | JS3: 9260 - Community Supervision and Correction Department | JT3: 9265 - Tax Office | JU3: 9270 - Criminal Justice | JV3: 9275 - Divert Court | JW3: 9280 - HHS | JX3: 9285 - Probate Court | JY3: 9290 - Law Library | JZ3: 9291 - SBE | KA3: 9292 - Fire Marshall | KB3: 9410 - IT Projects | KC3: 9420 - Facilities Projects | KD3: 9430 - Public Works Projects | KE3: 9440 - CSCD Projects | KF3: 9450 - Elections | KG3: 9455 - Household Hazardous Waste | KH3: 9464 - American Rescue Plan | KI3: 9466 - Major Grants | KJ3: 9467 - HUD Section 8 | KK3: 9468 - Charter School | KL3: 9900 - Non-Budget Charges | KM3: 9910 - Countywide Appropriations | KN3: 9915 - Surplus | KO3: 9920 - Payroll -Dept | KP3: 9940 - Reserves and Contingency | KQ3: 9950 - Emergency Reserves
A4: {=TRANSPOSE(_xlfn._xlws.SORT(_xlfn._xlws.FILTER(TableCostCenter[Cost Center List],ISNUMBER(SEARCH(Travel!Z5,TableCostCenter[Cost Center List])))))} -> 0000 - Default Cost Center | B4: 1010 - County Judge | C4: 1011 - Truancy Courts | D4: 1016 - Planning and Development | E4: 1020 - Commissioners' Court Administrator | F4: 1021 - Operation Services - Engineering | G4: 1022 - Operation Services - Facilities | H4: 1023 - Operation Services - Comm/Central Services | I4: 1024 - Operation Services - Records Mgmt | J4: 1027 - Operation Services - Auto Service Center | K4: 1035 - Tax Assessor/Collector | L4: 1040 - Human Resource/Civil Service | M4: 1041 - HRCS - 52e Employees | N4: 1045 - Records Bldg Fitness Center | O4: 1050 - County Treasurer | P4: 1060 - Office of Budget & Evaluation | Q4: 1070 - County Auditor | R4: 1080 - Purchasing | S4: 1082 - Small Business Enterprise(SBE) | T4: 1090 - IT Data Services | U4: 1210 - Elections | V4: 2050 - Texas Cooperative Extension | W4: 2060 - Veterans Service | X4: 2080 - Historical Commission | Y4: 2110 - Public Works | Z4: 2115 - PW - Economic Development | AA4: 2510 - Road Precinct #1 | AB4: 2520 - Road Precinct #2 | AC4: 2530 - Road Precinct #3 | AD4: 2540 - Road Precinct #4 | AE4: 2550 - Road Reserves | AF4: 3020 - Community Supervision | AG4: 3030 - Public Service Program | AH4: 3043 - Unincorporated Area Services | AI4: 3110 - Executive | AJ4: 3111 - Special Investigation | AK4: 3112 - Intelligence | AL4: 3113 - Internal Affairs | AM4: 3114 - Compliance | AN4: 3121 - General Services | AO4: 3122 - Personnel | AP4: 3123 - Training | AQ4: 3124 - Communications | AR4: 3125 - Fiscal | AS4: 3126 - Photo Lab | AT4: 3127 - Print Shop Department | AU4: 3128 - Bonds | AV4: 3129 - Bailiff | AW4: 3130 - Warrants | AX4: 3131 - Fugitive Transportation | AY4: 3132 - Civil | AZ4: 3133 - Patrol | BA4: 3134 - Criminal Investigation | BB4: 3136 - FLEET | BC4: 3137 - Freeway Management Program | BD4: 3140 - Detention Services | BE4: 3141 - North Tower | BF4: 3142 - West Tower | BG4: 3147 - Central Intake | BH4: 3148 - South Tower | BI4: 3150 - Classification and Release | BJ4: 3151 - Inmate Program | BK4: 3152 - Central Kitchen | BL4: 3153 - Central Laundry | BM4: 3154 - Inmate Transport | BN4: 3155 - Jail Medical | BO4: 3156 - Pre/Post Trial Release Program | BP4: 3210 - Constable Precinct #1 | BQ4: 3220 - Constable Precinct #2 | BR4: 3230 - Constable Precinct #3 | BS4: 3240 - Constable Precinct #4 | BT4: 3250 - Constable Precinct #5 | BU4: 3270 - Constable Precinct #3A | BV4: 3280 - Constable Precinct #4A | BW4: 3311 - Crime Lab | BX4: 3312 - Medical Examiner | BY4: 3313 - Breath Alcohol Program | BZ4: 4001 - Building Security | CA4: 4002 - Emergency Management | CB4: 4003 - Fire Marshal | CC4: 4011 - District Attorney | CD4: 4012 - DA-Special Allocation | CE4: 4013 - Drug Court Program | CF4: 4014 - Jail Diversion | CG4: 4015 - Divert Court | CH4: 4016 - S.T.A.C. Court | CI4: 4020 - District Clerk | CJ4: 4031 - County Clerk | CK4: 4032 - County Clerk-Collections | CL4: 4033 - Truancy Courts Clerks | CM4: 4040 - Public Defender | CN4: 4051 - District Court Administration | CO4: 4052 - Family Court Services | CP4: 4053 - Child Support Payments Office | CQ4: 4054 - Alt. Dispute Resolution-Dept | CR4: 4056 - Domestic Relations Office Administration | CS4: 4060 - Jury Service | CT4: 4065 - Grand Jury Service | CU4: 4071 - 5th Court of Appeals | CV4: 4072 - First Admin. Judicial Region | CW4: 4080 - Court Cost Miscellaneous | CX4: 4090 - Appellate Justice System | CY4: 4110 - 14th Civil District Court | CZ4: 4115 - 44th Civil District Court | DA4: 4120 - 68th Civil District Court | DB4: 4125 - 95th Civil District Court | DC4: 4130 - 101st Civil District Court | DD4: 4135 - 116th Civil District Court | DE4: 4140 - 134th Civil District Court | DF4: 4145 - 160th Civil District Court | DG4: 4150 - 162nd Civil District Court | DH4: 4155 - 191st Civil District Court | DI4: 4160 - 192nd Civil District Court | DJ4: 4165 - 193rd Civil District Court | DK4: 4170 - 298th Civil District Court | DL4: 4175 - Civil District Masters | DM4: 4180 - Civil Tax Court | DN4: 4210 - 254th Family Court | DO4: 4215 - 255th Family Court | DP4: 4220 - 256th Family Court | DQ4: 4225 - 301st Family Court | DR4: 4230 - 302nd Family Court | DS4: 4235 - 303rd Family Court | DT4: 4240 - 330th Family Court | DU4: 4250 - IV-D Court | DV4: 4310 - 304th Juvenile Court | DW4: 4320 - 305th Juvenile Court | DX4: 4401 - Criminal District Court #1 | DY4: 4402 - Criminal District Court #2 | DZ4: 4403 - Criminal District Court #3 | EA4: 4404 - Criminal District Court #4 | EB4: 4405 - Criminal District Court #5 | EC4: 4406 - Criminal District Court #6 | ED4: 4407 - Criminal District Court #7 | EE4: 4410 - 194th Criminal District Court | EF4: 4415 - 195th Criminal District Court | EG4: 4420 - 203rd Criminal District Court | EH4: 4425 - 204th Criminal District Court | EI4: 4430 - 265th Criminal District Court | EJ4: 4435 - 282nd Criminal District Court | EK4: 4440 - 283rd Criminal District Court | EL4: 4445 - 291st Criminal District Court | EM4: 4450 - 292nd Criminal District Court | EN4: 4455 - 363rd Criminal District Court | EO4: 4460 - Criminal District Magistrates | EP4: 4461 - Pretrial Release | EQ4: 4465 - Staff Attorneys | ER4: 4470 - Criminal District Court Manager | ES4: 4501 - County Court at Law #1 | ET4: 4502 - County Court at Law #2 | EU4: 4503 - County Court at Law #3 | EV4: 4504 - County Court at Law #4 | EW4: 4505 - County Court at Law #5 | EX4: 4601 - County Criminal Court #1 | EY4: 4602 - County Criminal Court #2 | EZ4: 4603 - County Criminal Court #3 | FA4: 4604 - County Criminal Court #4 | FB4: 4605 - County Criminal Court #5 | FC4: 4606 - County Criminal Court #6 | FD4: 4607 - County Criminal Court #7 | FE4: 4608 - County Criminal Court #8 | FF4: 4609 - County Criminal Court #9 | FG4: 4610 - County Criminal Court #10 | FH4: 4611 - County Criminal Court #11 | FI4: 4615 - County Criminal Court of Appeals | FJ4: 4616 - County Criminal Court of Appeals #2 | FK4: 4617 - County Criminal Court - Magistrate | FL4: 4620 - County Criminal Court Manager | FM4: 4701 - Probate Court #1 | FN4: 4702 - Probate Court #2 | FO4: 4703 - Probate Court #3 | FP4: 4704 - Investigators/Court Visitor Program | FQ4: 4705 - Probate Associates | FR4: 4811 - J.P- 1-1 | FS4: 4812 - J.P- 1-2 | FT4: 4821 - J.P- 2-1 | FU4: 4822 - J.P- 2-2 | FV4: 4831 - J.P- 3-1 | FW4: 4832 - J.P- 3-2 | FX4: 4833 - J.P. Central Collections | FY4: 4841 - J.P- 4-1 | FZ4: 4842 - J.P- 4-2 | GA4: 4851 - J.P- 5-1 | GB4: 4852 - J.P- 5-2 | GC4: 4862 - J P 3-A | GD4: 4921 - District Clerk Criminal and Bond Forfeiture | GE4: 4922 - District Clerk Passport Central | GF4: 4923 - District Clerk Passport East | GG4: 4924 - District Passport North | GH4: 4925 - District Clerk Juvenile | GI4: 4926 - District Civil and Family, Trust and Collections | GJ4: 5001 - County Clerk Criminal and Bond Forfeiture | GK4: 5002 - County Clerk Recording | GL4: 5003 - County Clerk Vitals | GM4: 5004 - County Clerk Trust | GN4: 5005 - County Clerk Civil | GO4: 5006 - County Clerk Probate | GP4: 5007 - County Clerk Central Records | GQ4: 5008 - County Clerk-Collections | GR4: 5041 - Truancy South | GS4: 5042 - Truancy North | GT4: 5043 - Truancy East | GU4: 5110 - Employee Health Clinic | GV4: 5111 - Juvenile Administration | GW4: 5112 - Juvenile Psychological Service | GX4: 5114 - Juvenile-Detention Center | GY4: 5115 - Juvenile-Emergency Shelter | GZ4: 5116 - Juvenile-Letot Center | HA4: 5117 - Juvenile-Youth Village | HB4: 5118 - Juvenile-Medlock Center | HC4: 5119 - Juvenile-Letot Residential Treatment Center | HD4: 5120 - Health Administration | HE4: 5121 - Environmental Health | HF4: 5122 - Public Health Lab | HG4: 5123 - Preventive Health | HH4: 5124 - Communicable Disease Control | HI4: 5125 - STD Clinic | HJ4: 5126 - TB Clinic | HK4: 5128 - HHS - Finance Admin | HL4: 5130 - Budget Office Community Contracts | HM4: 5140 - CPS Program | HN4: 5170 - Welfare Assistance | HO4: 6340 - Wilmer Substance Abuse Facility | HP4: 6430 - Truancy Enforcement Center | HQ4: 6930 - Cash Match for Grants | HR4: 7138 - Parking Garage CO 2004 Series | HS4: 7139 - Unlimited Tax Ref 2005 24.097M | HT4: 7140 - Certificate Obligation, 2006 $65M | HU4: 7141 - Limited Tax Notes, Series 2011 | HV4: 7142 - Unlimited Tax Refunding Bonds Series 2011A-Dept | HW4: 7144 - Limited Tax Refunding Bonds Series 2013 | HX4: 7145 - Dept Limited Tax Notes Series 2013 | HY4: 7146 - Unlimited Tax Refunding Bonds Series 2015 | HZ4: 7147 - Combination Tax and Parking Garage Revenue Certificates of Obligation Series 2016 | IA4: 7148 - Certificates of Obligation, Series 2022 | IB4: 7400 - Administrative | IC4: 7414 - Unlimited Tax Road Bonds Series 1995 | ID4: 7418 - Road Bond Series 1996 | IE4: 7492 - 1995 Road Bond Fund | IF4: 8010 - State Highway Fund | IG4: 8011 - Vehicle Sales and Use Tax | IH4: 8012 - Certificate of Title Fund | II4: 8013 - State Beer and Wine | IJ4: 8014 - Unapportioned Tax | IK4: 8015 - Tax Refund | IL4: 8016 - Trust Fund (Tax Assessor) | IM4: 8017 - Mail-in License Renewal | IN4: 8459 - Chase C.C. Clearing Acct-Tax Office | IO4: 8465 - Chase C.C. MV Clearing Acct-Tax Office | IP4: 8466 - Chase Credit Card Charge Back-Tax Office | IQ4: 8467 - Chase C.C MV Charge Back Tax Office | IR4: 8543 - Chase Credit Card B&W Chargeback | IS4: 8545 - Chase Credit Card VIT/SIT Chargeback | IT4: 8718 - Dealers' Escrow Account | IU4: 8719 - Undisbursed Funds | IV4: 8720 - Credit Card Deposit/Clearing Acct | IW4: 8721 - Unapportioned Tax ( Year End ) Used to be 720 | IX4: 8731 - Credit Card Chargeback Acct | IY4: 9010 - Library Assistance | IZ4: 9020 - Local Emergencies | JA4: 9101 - Park & Open Space Adm | JB4: 9102 - Park and Open Space | JC4: 9200 - Escrows | JD4: 9205 - Constable Precinct #1 | JE4: 9206 - Constable Precinct #2 | JF4: 9207 - Constable Precinct #3 | JG4: 9208 - Constable Precinct #4 | JH4: 9209 - Constable Precinct #5 | JI4: 9215 - Commissary | JJ4: 9220 - District Attorney | JK4: 9225 - Sheriff | JL4: 9230 - Juvenile | JM4: 9235 - Justice of Peace | JN4: 9240 - County Clerk | JO4: 9245 - District Clerk | JP4: 9250 - County Clerk Record Management | JQ4: 9255 - District Clerk Record Management | JR4: 9256 - County & District Clerk Record Management | JS4: 9260 - Community Supervision and Correction Department | JT4: 9265 - Tax Office | JU4: 9270 - Criminal Justice | JV4: 9275 - Divert Court | JW4: 9280 - HHS | JX4: 9285 - Probate Court | JY4: 9290 - Law Library | JZ4: 9291 - SBE | KA4: 9292 - Fire Marshall | KB4: 9410 - IT Projects | KC4: 9420 - Facilities Projects | KD4: 9430 - Public Works Projects | KE4: 9440 - CSCD Projects | KF4: 9450 - Elections | KG4: 9455 - Household Hazardous Waste | KH4: 9464 - American Rescue Plan | KI4: 9466 - Major Grants | KJ4: 9467 - HUD Section 8 | KK4: 9468 - Charter School | KL4: 9900 - Non-Budget Charges | KM4: 9910 - Countywide Appropriations | KN4: 9915 - Surplus | KO4: 9920 - Payroll -Dept | KP4: 9940 - Reserves and Contingency | KQ4: 9950 - Emergency Reserves
A5: {=TRANSPOSE(_xlfn._xlws.SORT(_xlfn._xlws.FILTER(TableCostCenter[Cost Center List],ISNUMBER(SEARCH(Travel!Z6,TableCostCenter[Cost Center List])))))} -> 0000 - Default Cost Center | B5: 1010 - County Judge | C5: 1011 - Truancy Courts | D5: 1016 - Planning and Development | E5: 1020 - Commissioners' Court Administrator | F5: 1021 - Operation Services - Engineering | G5: 1022 - Operation Services - Facilities | H5: 1023 - Operation Services - Comm/Central Services | I5: 1024 - Operation Services - Records Mgmt | J5: 1027 - Operation Services - Auto Service Center | K5: 1035 - Tax Assessor/Collector | L5: 1040 - Human Resource/Civil Service | M5: 1041 - HRCS - 52e Employees | N5: 1045 - Records Bldg Fitness Center | O5: 1050 - County Treasurer | P5: 1060 - Office of Budget & Evaluation | Q5: 1070 - County Auditor | R5: 1080 - Purchasing | S5: 1082 - Small Business Enterprise(SBE) | T5: 1090 - IT Data Services | U5: 1210 - Elections | V5: 2050 - Texas Cooperative Extension | W5: 2060 - Veterans Service | X5: 2080 - Historical Commission | Y5: 2110 - Public Works | Z5: 2115 - PW - Economic Development | AA5: 2510 - Road Precinct #1 | AB5: 2520 - Road Precinct #2 | AC5: 2530 - Road Precinct #3 | AD5: 2540 - Road Precinct #4 | AE5: 2550 - Road Reserves | AF5: 3020 - Community Supervision | AG5: 3030 - Public Service Program | AH5: 3043 - Unincorporated Area Services | AI5: 3110 - Executive | AJ5: 3111 - Special Investigation | AK5: 3112 - Intelligence | AL5: 3113 - Internal Affairs | AM5: 3114 - Compliance | AN5: 3121 - General Services | AO5: 3122 - Personnel | AP5: 3123 - Training | AQ5: 3124 - Communications | AR5: 3125 - Fiscal | AS5: 3126 - Photo Lab | AT5: 3127 - Print Shop Department | AU5: 3128 - Bonds | AV5: 3129 - Bailiff | AW5: 3130 - Warrants | AX5: 3131 - Fugitive Transportation | AY5: 3132 - Civil | AZ5: 3133 - Patrol | BA5: 3134 - Criminal Investigation | BB5: 3136 - FLEET | BC5: 3137 - Freeway Management Program | BD5: 3140 - Detention Services | BE5: 3141 - North Tower | BF5: 3142 - West Tower | BG5: 3147 - Central Intake | BH5: 3148 - South Tower | BI5: 3150 - Classification and Release | BJ5: 3151 - Inmate Program | BK5: 3152 - Central Kitchen | BL5: 3153 - Central Laundry | BM5: 3154 - Inmate Transport | BN5: 3155 - Jail Medical | BO5: 3156 - Pre/Post Trial Release Program | BP5: 3210 - Constable Precinct #1 | BQ5: 3220 - Constable Precinct #2 | BR5: 3230 - Constable Precinct #3 | BS5: 3240 - Constable Precinct #4 | BT5: 3250 - Constable Precinct #5 | BU5: 3270 - Constable Precinct #3A | BV5: 3280 - Constable Precinct #4A | BW5: 3311 - Crime Lab | BX5: 3312 - Medical Examiner | BY5: 3313 - Breath Alcohol Program | BZ5: 4001 - Building Security | CA5: 4002 - Emergency Management | CB5: 4003 - Fire Marshal | CC5: 4011 - District Attorney | CD5: 4012 - DA-Special Allocation | CE5: 4013 - Drug Court Program | CF5: 4014 - Jail Diversion | CG5: 4015 - Divert Court | CH5: 4016 - S.T.A.C. Court | CI5: 4020 - District Clerk | CJ5: 4031 - County Clerk | CK5: 4032 - County Clerk-Collections | CL5: 4033 - Truancy Courts Clerks | CM5: 4040 - Public Defender | CN5: 4051 - District Court Administration | CO5: 4052 - Family Court Services | CP5: 4053 - Child Support Payments Office | CQ5: 4054 - Alt. Dispute Resolution-Dept | CR5: 4056 - Domestic Relations Office Administration | CS5: 4060 - Jury Service | CT5: 4065 - Grand Jury Service | CU5: 4071 - 5th Court of Appeals | CV5: 4072 - First Admin. Judicial Region | CW5: 4080 - Court Cost Miscellaneous | CX5: 4090 - Appellate Justice System | CY5: 4110 - 14th Civil District Court | CZ5: 4115 - 44th Civil District Court | DA5: 4120 - 68th Civil District Court | DB5: 4125 - 95th Civil District Court | DC5: 4130 - 101st Civil District Court | DD5: 4135 - 116th Civil District Court | DE5: 4140 - 134th Civil District Court | DF5: 4145 - 160th Civil District Court | DG5: 4150 - 162nd Civil District Court | DH5: 4155 - 191st Civil District Court | DI5: 4160 - 192nd Civil District Court | DJ5: 4165 - 193rd Civil District Court | DK5: 4170 - 298th Civil District Court | DL5: 4175 - Civil District Masters | DM5: 4180 - Civil Tax Court | DN5: 4210 - 254th Family Court | DO5: 4215 - 255th Family Court | DP5: 4220 - 256th Family Court | DQ5: 4225 - 301st Family Court | DR5: 4230 - 302nd Family Court | DS5: 4235 - 303rd Family Court | DT5: 4240 - 330th Family Court | DU5: 4250 - IV-D Court | DV5: 4310 - 304th Juvenile Court | DW5: 4320 - 305th Juvenile Court | DX5: 4401 - Criminal District Court #1 | DY5: 4402 - Criminal District Court #2 | DZ5: 4403 - Criminal District Court #3 | EA5: 4404 - Criminal District Court #4 | EB5: 4405 - Criminal District Court #5 | EC5: 4406 - Criminal District Court #6 | ED5: 4407 - Criminal District Court #7 | EE5: 4410 - 194th Criminal District Court | EF5: 4415 - 195th Criminal District Court | EG5: 4420 - 203rd Criminal District Court | EH5: 4425 - 204th Criminal District Court | EI5: 4430 - 265th Criminal District Court | EJ5: 4435 - 282nd Criminal District Court | EK5: 4440 - 283rd Criminal District Court | EL5: 4445 - 291st Criminal District Court | EM5: 4450 - 292nd Criminal District Court | EN5: 4455 - 363rd Criminal District Court | EO5: 4460 - Criminal District Magistrates | EP5: 4461 - Pretrial Release | EQ5: 4465 - Staff Attorneys | ER5: 4470 - Criminal District Court Manager | ES5: 4501 - County Court at Law #1 | ET5: 4502 - County Court at Law #2 | EU5: 4503 - County Court at Law #3 | EV5: 4504 - County Court at Law #4 | EW5: 4505 - County Court at Law #5 | EX5: 4601 - County Criminal Court #1 | EY5: 4602 - County Criminal Court #2 | EZ5: 4603 - County Criminal Court #3 | FA5: 4604 - County Criminal Court #4 | FB5: 4605 - County Criminal Court #5 | FC5: 4606 - County Criminal Court #6 | FD5: 4607 - County Criminal Court #7 | FE5: 4608 - County Criminal Court #8 | FF5: 4609 - County Criminal Court #9 | FG5: 4610 - County Criminal Court #10 | FH5: 4611 - County Criminal Court #11 | FI5: 4615 - County Criminal Court of Appeals | FJ5: 4616 - County Criminal Court of Appeals #2 | FK5: 4617 - County Criminal Court - Magistrate | FL5: 4620 - County Criminal Court Manager | FM5: 4701 - Probate Court #1 | FN5: 4702 - Probate Court #2 | FO5: 4703 - Probate Court #3 | FP5: 4704 - Investigators/Court Visitor Program | FQ5: 4705 - Probate Associates | FR5: 4811 - J.P- 1-1 | FS5: 4812 - J.P- 1-2 | FT5: 4821 - J.P- 2-1 | FU5: 4822 - J.P- 2-2 | FV5: 4831 - J.P- 3-1 | FW5: 4832 - J.P- 3-2 | FX5: 4833 - J.P. Central Collections | FY5: 4841 - J.P- 4-1 | FZ5: 4842 - J.P- 4-2 | GA5: 4851 - J.P- 5-1 | GB5: 4852 - J.P- 5-2 | GC5: 4862 - J P 3-A | GD5: 4921 - District Clerk Criminal and Bond Forfeiture | GE5: 4922 - District Clerk Passport Central | GF5: 4923 - District Clerk Passport East | GG5: 4924 - District Passport North | GH5: 4925 - District Clerk Juvenile | GI5: 4926 - District Civil and Family, Trust and Collections | GJ5: 5001 - County Clerk Criminal and Bond Forfeiture | GK5: 5002 - County Clerk Recording | GL5: 5003 - County Clerk Vitals | GM5: 5004 - County Clerk Trust | GN5: 5005 - County Clerk Civil | GO5: 5006 - County Clerk Probate | GP5: 5007 - County Clerk Central Records | GQ5: 5008 - County Clerk-Collections | GR5: 5041 - Truancy South | GS5: 5042 - Truancy North | GT5: 5043 - Truancy East | GU5: 5110 - Employee Health Clinic | GV5: 5111 - Juvenile Administration | GW5: 5112 - Juvenile Psychological Service | GX5: 5114 - Juvenile-Detention Center | GY5: 5115 - Juvenile-Emergency Shelter | GZ5: 5116 - Juvenile-Letot Center | HA5: 5117 - Juvenile-Youth Village | HB5: 5118 - Juvenile-Medlock Center | HC5: 5119 - Juvenile-Letot Residential Treatment Center | HD5: 5120 - Health Administration | HE5: 5121 - Environmental Health | HF5: 5122 - Public Health Lab | HG5: 5123 - Preventive Health | HH5: 5124 - Communicable Disease Control | HI5: 5125 - STD Clinic | HJ5: 5126 - TB Clinic | HK5: 5128 - HHS - Finance Admin | HL5: 5130 - Budget Office Community Contracts | HM5: 5140 - CPS Program | HN5: 5170 - Welfare Assistance | HO5: 6340 - Wilmer Substance Abuse Facility | HP5: 6430 - Truancy Enforcement Center | HQ5: 6930 - Cash Match for Grants | HR5: 7138 - Parking Garage CO 2004 Series | HS5: 7139 - Unlimited Tax Ref 2005 24.097M | HT5: 7140 - Certificate Obligation, 2006 $65M | HU5: 7141 - Limited Tax Notes, Series 2011 | HV5: 7142 - Unlimited Tax Refunding Bonds Series 2011A-Dept | HW5: 7144 - Limited Tax Refunding Bonds Series 2013 | HX5: 7145 - Dept Limited Tax Notes Series 2013 | HY5: 7146 - Unlimited Tax Refunding Bonds Series 2015 | HZ5: 7147 - Combination Tax and Parking Garage Revenue Certificates of Obligation Series 2016 | IA5: 7148 - Certificates of Obligation, Series 2022 | IB5: 7400 - Administrative | IC5: 7414 - Unlimited Tax Road Bonds Series 1995 | ID5: 7418 - Road Bond Series 1996 | IE5: 7492 - 1995 Road Bond Fund | IF5: 8010 - State Highway Fund | IG5: 8011 - Vehicle Sales and Use Tax | IH5: 8012 - Certificate of Title Fund | II5: 8013 - State Beer and Wine | IJ5: 8014 - Unapportioned Tax | IK5: 8015 - Tax Refund | IL5: 8016 - Trust Fund (Tax Assessor) | IM5: 8017 - Mail-in License Renewal | IN5: 8459 - Chase C.C. Clearing Acct-Tax Office | IO5: 8465 - Chase C.C. MV Clearing Acct-Tax Office | IP5: 8466 - Chase Credit Card Charge Back-Tax Office | IQ5: 8467 - Chase C.C MV Charge Back Tax Office | IR5: 8543 - Chase Credit Card B&W Chargeback | IS5: 8545 - Chase Credit Card VIT/SIT Chargeback | IT5: 8718 - Dealers' Escrow Account | IU5: 8719 - Undisbursed Funds | IV5: 8720 - Credit Card Deposit/Clearing Acct | IW5: 8721 - Unapportioned Tax ( Year End ) Used to be 720 | IX5: 8731 - Credit Card Chargeback Acct | IY5: 9010 - Library Assistance | IZ5: 9020 - Local Emergencies | JA5: 9101 - Park & Open Space Adm | JB5: 9102 - Park and Open Space | JC5: 9200 - Escrows | JD5: 9205 - Constable Precinct #1 | JE5: 9206 - Constable Precinct #2 | JF5: 9207 - Constable Precinct #3 | JG5: 9208 - Constable Precinct #4 | JH5: 9209 - Constable Precinct #5 | JI5: 9215 - Commissary | JJ5: 9220 - District Attorney | JK5: 9225 - Sheriff | JL5: 9230 - Juvenile | JM5: 9235 - Justice of Peace | JN5: 9240 - County Clerk | JO5: 9245 - District Clerk | JP5: 9250 - County Clerk Record Management | JQ5: 9255 - District Clerk Record Management | JR5: 9256 - County & District Clerk Record Management | JS5: 9260 - Community Supervision and Correction Department | JT5: 9265 - Tax Office | JU5: 9270 - Criminal Justice | JV5: 9275 - Divert Court | JW5: 9280 - HHS | JX5: 9285 - Probate Court | JY5: 9290 - Law Library | JZ5: 9291 - SBE | KA5: 9292 - Fire Marshall | KB5: 9410 - IT Projects | KC5: 9420 - Facilities Projects | KD5: 9430 - Public Works Projects | KE5: 9440 - CSCD Projects | KF5: 9450 - Elections | KG5: 9455 - Household Hazardous Waste | KH5: 9464 - American Rescue Plan | KI5: 9466 - Major Grants | KJ5: 9467 - HUD Section 8 | KK5: 9468 - Charter School | KL5: 9900 - Non-Budget Charges | KM5: 9910 - Countywide Appropriations | KN5: 9915 - Surplus | KO5: 9920 - Payroll -Dept | KP5: 9940 - Reserves and Contingency | KQ5: 9950 - Emergency Reserves
A6: {=TRANSPOSE(_xlfn._xlws.SORT(_xlfn._xlws.FILTER(TableCostCenter[Cost Center List],ISNUMBER(SEARCH(Travel!Z7,TableCostCenter[Cost Center List])))))} -> 0000 - Default Cost Center | B6: 1010 - County Judge | C6: 1011 - Truancy Courts | D6: 1016 - Planning and Development | E6: 1020 - Commissioners' Court Administrator | F6: 1021 - Operation Services - Engineering | G6: 1022 - Operation Services - Facilities | H6: 1023 - Operation Services - Comm/Central Services | I6: 1024 - Operation Services - Records Mgmt | J6: 1027 - Operation Services - Auto Service Center | K6: 1035 - Tax Assessor/Collector | L6: 1040 - Human Resource/Civil Service | M6: 1041 - HRCS - 52e Employees | N6: 1045 - Records Bldg Fitness Center | O6: 1050 - County Treasurer | P6: 1060 - Office of Budget & Evaluation | Q6: 1070 - County Auditor | R6: 1080 - Purchasing | S6: 1082 - Small Business Enterprise(SBE) | T6: 1090 - IT Data Services | U6: 1210 - Elections | V6: 2050 - Texas Cooperative Extension | W6: 2060 - Veterans Service | X6: 2080 - Historical Commission | Y6: 2110 - Public Works | Z6: 2115 - PW - Economic Development | AA6: 2510 - Road Precinct #1 | AB6: 2520 - Road Precinct #2 | AC6: 2530 - Road Precinct #3 | AD6: 2540 - Road Precinct #4 | AE6: 2550 - Road Reserves | AF6: 3020 - Community Supervision | AG6: 3030 - Public Service Program | AH6: 3043 - Unincorporated Area Services | AI6: 3110 - Executive | AJ6: 3111 - Special Investigation | AK6: 3112 - Intelligence | AL6: 3113 - Internal Affairs | AM6: 3114 - Compliance | AN6: 3121 - General Services | AO6: 3122 - Personnel | AP6: 3123 - Training | AQ6: 3124 - Communications | AR6: 3125 - Fiscal | AS6: 3126 - Photo Lab | AT6: 3127 - Print Shop Department | AU6: 3128 - Bonds | AV6: 3129 - Bailiff | AW6: 3130 - Warrants | AX6: 3131 - Fugitive Transportation | AY6: 3132 - Civil | AZ6: 3133 - Patrol | BA6: 3134 - Criminal Investigation | BB6: 3136 - FLEET | BC6: 3137 - Freeway Management Program | BD6: 3140 - Detention Services | BE6: 3141 - North Tower | BF6: 3142 - West Tower | BG6: 3147 - Central Intake | BH6: 3148 - South Tower | BI6: 3150 - Classification and Release | BJ6: 3151 - Inmate Program | BK6: 3152 - Central Kitchen | BL6: 3153 - Central Laundry | BM6: 3154 - Inmate Transport | BN6: 3155 - Jail Medical | BO6: 3156 - Pre/Post Trial Release Program | BP6: 3210 - Constable Precinct #1 | BQ6: 3220 - Constable Precinct #2 | BR6: 3230 - Constable Precinct #3 | BS6: 3240 - Constable Precinct #4 | BT6: 3250 - Constable Precinct #5 | BU6: 3270 - Constable Precinct #3A | BV6: 3280 - Constable Precinct #4A | BW6: 3311 - Crime Lab | BX6: 3312 - Medical Examiner | BY6: 3313 - Breath Alcohol Program | BZ6: 4001 - Building Security | CA6: 4002 - Emergency Management | CB6: 4003 - Fire Marshal | CC6: 4011 - District Attorney | CD6: 4012 - DA-Special Allocation | CE6: 4013 - Drug Court Program | CF6: 4014 - Jail Diversion | CG6: 4015 - Divert Court | CH6: 4016 - S.T.A.C. Court | CI6: 4020 - District Clerk | CJ6: 4031 - County Clerk | CK6: 4032 - County Clerk-Collections | CL6: 4033 - Truancy Courts Clerks | CM6: 4040 - Public Defender | CN6: 4051 - District Court Administration | CO6: 4052 - Family Court Services | CP6: 4053 - Child Support Payments Office | CQ6: 4054 - Alt. Dispute Resolution-Dept | CR6: 4056 - Domestic Relations Office Administration | CS6: 4060 - Jury Service | CT6: 4065 - Grand Jury Service | CU6: 4071 - 5th Court of Appeals | CV6: 4072 - First Admin. Judicial Region | CW6: 4080 - Court Cost Miscellaneous | CX6: 4090 - Appellate Justice System | CY6: 4110 - 14th Civil District Court | CZ6: 4115 - 44th Civil District Court | DA6: 4120 - 68th Civil District Court | DB6: 4125 - 95th Civil District Court | DC6: 4130 - 101st Civil District Court | DD6: 4135 - 116th Civil District Court | DE6: 4140 - 134th Civil District Court | DF6: 4145 - 160th Civil District Court | DG6: 4150 - 162nd Civil District Court | DH6: 4155 - 191st Civil District Court | DI6: 4160 - 192nd Civil District Court | DJ6: 4165 - 193rd Civil District Court | DK6: 4170 - 298th Civil District Court | DL6: 4175 - Civil District Masters | DM6: 4180 - Civil Tax Court | DN6: 4210 - 254th Family Court | DO6: 4215 - 255th Family Court | DP6: 4220 - 256th Family Court | DQ6: 4225 - 301st Family Court | DR6: 4230 - 302nd Family Court | DS6: 4235 - 303rd Family Court | DT6: 4240 - 330th Family Court | DU6: 4250 - IV-D Court | DV6: 4310 - 304th Juvenile Court | DW6: 4320 - 305th Juvenile Court | DX6: 4401 - Criminal District Court #1 | DY6: 4402 - Criminal District Court #2 | DZ6: 4403 - Criminal District Court #3 | EA6: 4404 - Criminal District Court #4 | EB6: 4405 - Criminal District Court #5 | EC6: 4406 - Criminal District Court #6 | ED6: 4407 - Criminal District Court #7 | EE6: 4410 - 194th Criminal District Court | EF6: 4415 - 195th Criminal District Court | EG6: 4420 - 203rd Criminal District Court | EH6: 4425 - 204th Criminal District Court | EI6: 4430 - 265th Criminal District Court | EJ6: 4435 - 282nd Criminal District Court | EK6: 4440 - 283rd Criminal District Court | EL6: 4445 - 291st Criminal District Court | EM6: 4450 - 292nd Criminal District Court | EN6: 4455 - 363rd Criminal District Court | EO6: 4460 - Criminal District Magistrates | EP6: 4461 - Pretrial Release | EQ6: 4465 - Staff Attorneys | ER6: 4470 - Criminal District Court Manager | ES6: 4501 - County Court at Law #1 | ET6: 4502 - County Court at Law #2 | EU6: 4503 - County Court at Law #3 | EV6: 4504 - County Court at Law #4 | EW6: 4505 - County Court at Law #5 | EX6: 4601 - County Criminal Court #1 | EY6: 4602 - County Criminal Court #2 | EZ6: 4603 - County Criminal Court #3 | FA6: 4604 - County Criminal Court #4 | FB6: 4605 - County Criminal Court #5 | FC6: 4606 - County Criminal Court #6 | FD6: 4607 - County Criminal Court #7 | FE6: 4608 - County Criminal Court #8 | FF6: 4609 - County Criminal Court #9 | FG6: 4610 - County Criminal Court #10 | FH6: 4611 - County Criminal Court #11 | FI6: 4615 - County Criminal Court of Appeals | FJ6: 4616 - County Criminal Court of Appeals #2 | FK6: 4617 - County Criminal Court - Magistrate | FL6: 4620 - County Criminal Court Manager | FM6: 4701 - Probate Court #1 | FN6: 4702 - Probate Court #2 | FO6: 4703 - Probate Court #3 | FP6: 4704 - Investigators/Court Visitor Program | FQ6: 4705 - Probate Associates | FR6: 4811 - J.P- 1-1 | FS6: 4812 - J.P- 1-2 | FT6: 4821 - J.P- 2-1 | FU6: 4822 - J.P- 2-2 | FV6: 4831 - J.P- 3-1 | FW6: 4832 - J.P- 3-2 | FX6: 4833 - J.P. Central Collections | FY6: 4841 - J.P- 4-1 | FZ6: 4842 - J.P- 4-2 | GA6: 4851 - J.P- 5-1 | GB6: 4852 - J.P- 5-2 | GC6: 4862 - J P 3-A | GD6: 4921 - District Clerk Criminal and Bond Forfeiture | GE6: 4922 - District Clerk Passport Central | GF6: 4923 - District Clerk Passport East | GG6: 4924 - District Passport North | GH6: 4925 - District Clerk Juvenile | GI6: 4926 - District Civil and Family, Trust and Collections | GJ6: 5001 - County Clerk Criminal and Bond Forfeiture | GK6: 5002 - County Clerk Recording | GL6: 5003 - County Clerk Vitals | GM6: 5004 - County Clerk Trust | GN6: 5005 - County Clerk Civil | GO6: 5006 - County Clerk Probate | GP6: 5007 - County Clerk Central Records | GQ6: 5008 - County Clerk-Collections | GR6: 5041 - Truancy South | GS6: 5042 - Truancy North | GT6: 5043 - Truancy East | GU6: 5110 - Employee Health Clinic | GV6: 5111 - Juvenile Administration | GW6: 5112 - Juvenile Psychological Service | GX6: 5114 - Juvenile-Detention Center | GY6: 5115 - Juvenile-Emergency Shelter | GZ6: 5116 - Juvenile-Letot Center | HA6: 5117 - Juvenile-Youth Village | HB6: 5118 - Juvenile-Medlock Center | HC6: 5119 - Juvenile-Letot Residential Treatment Center | HD6: 5120 - Health Administration | HE6: 5121 - Environmental Health | HF6: 5122 - Public Health Lab | HG6: 5123 - Preventive Health | HH6: 5124 - Communicable Disease Control | HI6: 5125 - STD Clinic | HJ6: 5126 - TB Clinic | HK6: 5128 - HHS - Finance Admin | HL6: 5130 - Budget Office Community Contracts | HM6: 5140 - CPS Program | HN6: 5170 - Welfare Assistance | HO6: 6340 - Wilmer Substance Abuse Facility | HP6: 6430 - Truancy Enforcement Center | HQ6: 6930 - Cash Match for Grants | HR6: 7138 - Parking Garage CO 2004 Series | HS6: 7139 - Unlimited Tax Ref 2005 24.097M | HT6: 7140 - Certificate Obligation, 2006 $65M | HU6: 7141 - Limited Tax Notes, Series 2011 | HV6: 7142 - Unlimited Tax Refunding Bonds Series 2011A-Dept | HW6: 7144 - Limited Tax Refunding Bonds Series 2013 | HX6: 7145 - Dept Limited Tax Notes Series 2013 | HY6: 7146 - Unlimited Tax Refunding Bonds Series 2015 | HZ6: 7147 - Combination Tax and Parking Garage Revenue Certificates of Obligation Series 2016 | IA6: 7148 - Certificates of Obligation, Series 2022 | IB6: 7400 - Administrative | IC6: 7414 - Unlimited Tax Road Bonds Series 1995 | ID6: 7418 - Road Bond Series 1996 | IE6: 7492 - 1995 Road Bond Fund | IF6: 8010 - State Highway Fund | IG6: 8011 - Vehicle Sales and Use Tax | IH6: 8012 - Certificate of Title Fund | II6: 8013 - State Beer and Wine | IJ6: 8014 - Unapportioned Tax | IK6: 8015 - Tax Refund | IL6: 8016 - Trust Fund (Tax Assessor) | IM6: 8017 - Mail-in License Renewal | IN6: 8459 - Chase C.C. Clearing Acct-Tax Office | IO6: 8465 - Chase C.C. MV Clearing Acct-Tax Office | IP6: 8466 - Chase Credit Card Charge Back-Tax Office | IQ6: 8467 - Chase C.C MV Charge Back Tax Office | IR6: 8543 - Chase Credit Card B&W Chargeback | IS6: 8545 - Chase Credit Card VIT/SIT Chargeback | IT6: 8718 - Dealers' Escrow Account | IU6: 8719 - Undisbursed Funds | IV6: 8720 - Credit Card Deposit/Clearing Acct | IW6: 8721 - Unapportioned Tax ( Year End ) Used to be 720 | IX6: 8731 - Credit Card Chargeback Acct | IY6: 9010 - Library Assistance | IZ6: 9020 - Local Emergencies | JA6: 9101 - Park & Open Space Adm | JB6: 9102 - Park and Open Space | JC6: 9200 - Escrows | JD6: 9205 - Constable Precinct #1 | JE6: 9206 - Constable Precinct #2 | JF6: 9207 - Constable Precinct #3 | JG6: 9208 - Constable Precinct #4 | JH6: 9209 - Constable Precinct #5 | JI6: 9215 - Commissary | JJ6: 9220 - District Attorney | JK6: 9225 - Sheriff | JL6: 9230 - Juvenile | JM6: 9235 - Justice of Peace | JN6: 9240 - County Clerk | JO6: 9245 - District Clerk | JP6: 9250 - County Clerk Record Management | JQ6: 9255 - District Clerk Record Management | JR6: 9256 - County & District Clerk Record Management | JS6: 9260 - Community Supervision and Correction Department | JT6: 9265 - Tax Office | JU6: 9270 - Criminal Justice | JV6: 9275 - Divert Court | JW6: 9280 - HHS | JX6: 9285 - Probate Court | JY6: 9290 - Law Library | JZ6: 9291 - SBE | KA6: 9292 - Fire Marshall | KB6: 9410 - IT Projects | KC6: 9420 - Facilities Projects | KD6: 9430 - Public Works Projects | KE6: 9440 - CSCD Projects | KF6: 9450 - Elections | KG6: 9455 - Household Hazardous Waste | KH6: 9464 - American Rescue Plan | KI6: 9466 - Major Grants | KJ6: 9467 - HUD Section 8 | KK6: 9468 - Charter School | KL6: 9900 - Non-Budget Charges | KM6: 9910 - Countywide Appropriations | KN6: 9915 - Surplus | KO6: 9920 - Payroll -Dept | KP6: 9940 - Reserves and Contingency | KQ6: 9950 - Emergency Reserves
A7: {=TRANSPOSE(_xlfn._xlws.SORT(_xlfn._xlws.FILTER(TableCostCenter[Cost Center List],ISNUMBER(SEARCH(Travel!Z8,TableCostCenter[Cost Center List])))))} -> 0000 - Default Cost Center | B7: 1010 - County Judge | C7: 1011 - Truancy Courts | D7: 1016 - Planning and Development | E7: 1020 - Commissioners' Court Administrator | F7: 1021 - Operation Services - Engineering | G7: 1022 - Operation Services - Facilities | H7: 1023 - Operation Services - Comm/Central Services | I7: 1024 - Operation Services - Records Mgmt | J7: 1027 - Operation Services - Auto Service Center | K7: 1035 - Tax Assessor/Collector | L7: 1040 - Human Resource/Civil Service | M7: 1041 - HRCS - 52e Employees | N7: 1045 - Records Bldg Fitness Center | O7: 1050 - County Treasurer | P7: 1060 - Office of Budget & Evaluation | Q7: 1070 - County Auditor | R7: 1080 - Purchasing | S7: 1082 - Small Business Enterprise(SBE) | T7: 1090 - IT Data Services | U7: 1210 - Elections | V7: 2050 - Texas Cooperative Extension | W7: 2060 - Veterans Service | X7: 2080 - Historical Commission | Y7: 2110 - Public Works | Z7: 2115 - PW - Economic Development | AA7: 2510 - Road Precinct #1 | AB7: 2520 - Road Precinct #2 | AC7: 2530 - Road Precinct #3 | AD7: 2540 - Road Precinct #4 | AE7: 2550 - Road Reserves | AF7: 3020 - Community Supervision | AG7: 3030 - Public Service Program | AH7: 3043 - Unincorporated Area Services | AI7: 3110 - Executive | AJ7: 3111 - Special Investigation | AK7: 3112 - Intelligence | AL7: 3113 - Internal Affairs | AM7: 3114 - Compliance | AN7: 3121 - General Services | AO7: 3122 - Personnel | AP7: 3123 - Training | AQ7: 3124 - Communications | AR7: 3125 - Fiscal | AS7: 3126 - Photo Lab | AT7: 3127 - Print Shop Department | AU7: 3128 - Bonds | AV7: 3129 - Bailiff | AW7: 3130 - Warrants | AX7: 3131 - Fugitive Transportation | AY7: 3132 - Civil | AZ7: 3133 - Patrol | BA7: 3134 - Criminal Investigation | BB7: 3136 - FLEET | BC7: 3137 - Freeway Management Program | BD7: 3140 - Detention Services | BE7: 3141 - North Tower | BF7: 3142 - West Tower | BG7: 3147 - Central Intake | BH7: 3148 - South Tower | BI7: 3150 - Classification and Release | BJ7: 3151 - Inmate Program | BK7: 3152 - Central Kitchen | BL7: 3153 - Central Laundry | BM7: 3154 - Inmate Transport | BN7: 3155 - Jail Medical | BO7: 3156 - Pre/Post Trial Release Program | BP7: 3210 - Constable Precinct #1 | BQ7: 3220 - Constable Precinct #2 | BR7: 3230 - Constable Precinct #3 | BS7: 3240 - Constable Precinct #4 | BT7: 3250 - Constable Precinct #5 | BU7: 3270 - Constable Precinct #3A | BV7: 3280 - Constable Precinct #4A | BW7: 3311 - Crime Lab | BX7: 3312 - Medical Examiner | BY7: 3313 - Breath Alcohol Program | BZ7: 4001 - Building Security | CA7: 4002 - Emergency Management | CB7: 4003 - Fire Marshal | CC7: 4011 - District Attorney | CD7: 4012 - DA-Special Allocation | CE7: 4013 - Drug Court Program | CF7: 4014 - Jail Diversion | CG7: 4015 - Divert Court | CH7: 4016 - S.T.A.C. Court | CI7: 4020 - District Clerk | CJ7: 4031 - County Clerk | CK7: 4032 - County Clerk-Collections | CL7: 4033 - Truancy Courts Clerks | CM7: 4040 - Public Defender | CN7: 4051 - District Court Administration | CO7: 4052 - Family Court Services | CP7: 4053 - Child Support Payments Office | CQ7: 4054 - Alt. Dispute Resolution-Dept | CR7: 4056 - Domestic Relations Office Administration | CS7: 4060 - Jury Service | CT7: 4065 - Grand Jury Service | CU7: 4071 - 5th Court of Appeals | CV7: 4072 - First Admin. Judicial Region | CW7: 4080 - Court Cost Miscellaneous | CX7: 4090 - Appellate Justice System | CY7: 4110 - 14th Civil District Court | CZ7: 4115 - 44th Civil District Court | DA7: 4120 - 68th Civil District Court | DB7: 4125 - 95th Civil District Court | DC7: 4130 - 101st Civil District Court | DD7: 4135 - 116th Civil District Court | DE7: 4140 - 134th Civil District Court | DF7: 4145 - 160th Civil District Court | DG7: 4150 - 162nd Civil District Court | DH7: 4155 - 191st Civil District Court | DI7: 4160 - 192nd Civil District Court | DJ7: 4165 - 193rd Civil District Court | DK7: 4170 - 298th Civil District Court | DL7: 4175 - Civil District Masters | DM7: 4180 - Civil Tax Court | DN7: 4210 - 254th Family Court | DO7: 4215 - 255th Family Court | DP7: 4220 - 256th Family Court | DQ7: 4225 - 301st Family Court | DR7: 4230 - 302nd Family Court | DS7: 4235 - 303rd Family Court | DT7: 4240 - 330th Family Court | DU7: 4250 - IV-D Court | DV7: 4310 - 304th Juvenile Court | DW7: 4320 - 305th Juvenile Court | DX7: 4401 - Criminal District Court #1 | DY7: 4402 - Criminal District Court #2 | DZ7: 4403 - Criminal District Court #3 | EA7: 4404 - Criminal District Court #4 | EB7: 4405 - Criminal District Court #5 | EC7: 4406 - Criminal District Court #6 | ED7: 4407 - Criminal District Court #7 | EE7: 4410 - 194th Criminal District Court | EF7: 4415 - 195th Criminal District Court | EG7: 4420 - 203rd Criminal District Court | EH7: 4425 - 204th Criminal District Court | EI7: 4430 - 265th Criminal District Court | EJ7: 4435 - 282nd Criminal District Court | EK7: 4440 - 283rd Criminal District Court | EL7: 4445 - 291st Criminal District Court | EM7: 4450 - 292nd Criminal District Court | EN7: 4455 - 363rd Criminal District Court | EO7: 4460 - Criminal District Magistrates | EP7: 4461 - Pretrial Release | EQ7: 4465 - Staff Attorneys | ER7: 4470 - Criminal District Court Manager | ES7: 4501 - County Court at Law #1 | ET7: 4502 - County Court at Law #2 | EU7: 4503 - County Court at Law #3 | EV7: 4504 - County Court at Law #4 | EW7: 4505 - County Court at Law #5 | EX7: 4601 - County Criminal Court #1 | EY7: 4602 - County Criminal Court #2 | EZ7: 4603 - County Criminal Court #3 | FA7: 4604 - County Criminal Court #4 | FB7: 4605 - County Criminal Court #5 | FC7: 4606 - County Criminal Court #6 | FD7: 4607 - County Criminal Court #7 | FE7: 4608 - County Criminal Court #8 | FF7: 4609 - County Criminal Court #9 | FG7: 4610 - County Criminal Court #10 | FH7: 4611 - County Criminal Court #11 | FI7: 4615 - County Criminal Court of Appeals | FJ7: 4616 - County Criminal Court of Appeals #2 | FK7: 4617 - County Criminal Court - Magistrate | FL7: 4620 - County Criminal Court Manager | FM7: 4701 - Probate Court #1 | FN7: 4702 - Probate Court #2 | FO7: 4703 - Probate Court #3 | FP7: 4704 - Investigators/Court Visitor Program | FQ7: 4705 - Probate Associates | FR7: 4811 - J.P- 1-1 | FS7: 4812 - J.P- 1-2 | FT7: 4821 - J.P- 2-1 | FU7: 4822 - J.P- 2-2 | FV7: 4831 - J.P- 3-1 | FW7: 4832 - J.P- 3-2 | FX7: 4833 - J.P. Central Collections | FY7: 4841 - J.P- 4-1 | FZ7: 4842 - J.P- 4-2 | GA7: 4851 - J.P- 5-1 | GB7: 4852 - J.P- 5-2 | GC7: 4862 - J P 3-A | GD7: 4921 - District Clerk Criminal and Bond Forfeiture | GE7: 4922 - District Clerk Passport Central | GF7: 4923 - District Clerk Passport East | GG7: 4924 - District Passport North | GH7: 4925 - District Clerk Juvenile | GI7: 4926 - District Civil and Family, Trust and Collections | GJ7: 5001 - County Clerk Criminal and Bond Forfeiture | GK7: 5002 - County Clerk Recording | GL7: 5003 - County Clerk Vitals | GM7: 5004 - County Clerk Trust | GN7: 5005 - County Clerk Civil | GO7: 5006 - County Clerk Probate | GP7: 5007 - County Clerk Central Records | GQ7: 5008 - County Clerk-Collections | GR7: 5041 - Truancy South | GS7: 5042 - Truancy North | GT7: 5043 - Truancy East | GU7: 5110 - Employee Health Clinic | GV7: 5111 - Juvenile Administration | GW7: 5112 - Juvenile Psychological Service | GX7: 5114 - Juvenile-Detention Center | GY7: 5115 - Juvenile-Emergency Shelter | GZ7: 5116 - Juvenile-Letot Center | HA7: 5117 - Juvenile-Youth Village | HB7: 5118 - Juvenile-Medlock Center | HC7: 5119 - Juvenile-Letot Residential Treatment Center | HD7: 5120 - Health Administration | HE7: 5121 - Environmental Health | HF7: 5122 - Public Health Lab | HG7: 5123 - Preventive Health | HH7: 5124 - Communicable Disease Control | HI7: 5125 - STD Clinic | HJ7: 5126 - TB Clinic | HK7: 5128 - HHS - Finance Admin | HL7: 5130 - Budget Office Community Contracts | HM7: 5140 - CPS Program | HN7: 5170 - Welfare Assistance | HO7: 6340 - Wilmer Substance Abuse Facility | HP7: 6430 - Truancy Enforcement Center | HQ7: 6930 - Cash Match for Grants | HR7: 7138 - Parking Garage CO 2004 Series | HS7: 7139 - Unlimited Tax Ref 2005 24.097M | HT7: 7140 - Certificate Obligation, 2006 $65M | HU7: 7141 - Limited Tax Notes, Series 2011 | HV7: 7142 - Unlimited Tax Refunding Bonds Series 2011A-Dept | HW7: 7144 - Limited Tax Refunding Bonds Series 2013 | HX7: 7145 - Dept Limited Tax Notes Series 2013 | HY7: 7146 - Unlimited Tax Refunding Bonds Series 2015 | HZ7: 7147 - Combination Tax and Parking Garage Revenue Certificates of Obligation Series 2016 | IA7: 7148 - Certificates of Obligation, Series 2022 | IB7: 7400 - Administrative | IC7: 7414 - Unlimited Tax Road Bonds Series 1995 | ID7: 7418 - Road Bond Series 1996 | IE7: 7492 - 1995 Road Bond Fund | IF7: 8010 - State Highway Fund | IG7: 8011 - Vehicle Sales and Use Tax | IH7: 8012 - Certificate of Title Fund | II7: 8013 - State Beer and Wine | IJ7: 8014 - Unapportioned Tax | IK7: 8015 - Tax Refund | IL7: 8016 - Trust Fund (Tax Assessor) | IM7: 8017 - Mail-in License Renewal | IN7: 8459 - Chase C.C. Clearing Acct-Tax Office | IO7: 8465 - Chase C.C. MV Clearing Acct-Tax Office | IP7: 8466 - Chase Credit Card Charge Back-Tax Office | IQ7: 8467 - Chase C.C MV Charge Back Tax Office | IR7: 8543 - Chase Credit Card B&W Chargeback | IS7: 8545 - Chase Credit Card VIT/SIT Chargeback | IT7: 8718 - Dealers' Escrow Account | IU7: 8719 - Undisbursed Funds | IV7: 8720 - Credit Card Deposit/Clearing Acct | IW7: 8721 - Unapportioned Tax ( Year End ) Used to be 720 | IX7: 8731 - Credit Card Chargeback Acct | IY7: 9010 - Library Assistance | IZ7: 9020 - Local Emergencies | JA7: 9101 - Park & Open Space Adm | JB7: 9102 - Park and Open Space | JC7: 9200 - Escrows | JD7: 9205 - Constable Precinct #1 | JE7: 9206 - Constable Precinct #2 | JF7: 9207 - Constable Precinct #3 | JG7: 9208 - Constable Precinct #4 | JH7: 9209 - Constable Precinct #5 | JI7: 9215 - Commissary | JJ7: 9220 - District Attorney | JK7: 9225 - Sheriff | JL7: 9230 - Juvenile | JM7: 9235 - Justice of Peace | JN7: 9240 - County Clerk | JO7: 9245 - District Clerk | JP7: 9250 - County Clerk Record Management | JQ7: 9255 - District Clerk Record Management | JR7: 9256 - County & District Clerk Record Management | JS7: 9260 - Community Supervision and Correction Department | JT7: 9265 - Tax Office | JU7: 9270 - Criminal Justice | JV7: 9275 - Divert Court | JW7: 9280 - HHS | JX7: 9285 - Probate Court | JY7: 9290 - Law Library | JZ7: 9291 - SBE | KA7: 9292 - Fire Marshall | KB7: 9410 - IT Projects | KC7: 9420 - Facilities Projects | KD7: 9430 - Public Works Projects | KE7: 9440 - CSCD Projects | KF7: 9450 - Elections | KG7: 9455 - Household Hazardous Waste | KH7: 9464 - American Rescue Plan | KI7: 9466 - Major Grants | KJ7: 9467 - HUD Section 8 | KK7: 9468 - Charter School | KL7: 9900 - Non-Budget Charges | KM7: 9910 - Countywide Appropriations | KN7: 9915 - Surplus | KO7: 9920 - Payroll -Dept | KP7: 9940 - Reserves and Contingency | KQ7: 9950 - Emergency Reserves
A8: {=TRANSPOSE(_xlfn._xlws.SORT(_xlfn._xlws.FILTER(TableCostCenter[Cost Center List],ISNUMBER(SEARCH(Travel!Z9,TableCostCenter[Cost Center List])))))} -> 0000 - Default Cost Center | B8: 1010 - County Judge | C8: 1011 - Truancy Courts | D8: 1016 - Planning and Development | E8: 1020 - Commissioners' Court Administrator | F8: 1021 - Operation Services - Engineering | G8: 1022 - Operation Services - Facilities | H8: 1023 - Operation Services - Comm/Central Services | I8: 1024 - Operation Services - Records Mgmt | J8: 1027 - Operation Services - Auto Service Center | K8: 1035 - Tax Assessor/Collector | L8: 1040 - Human Resource/Civil Service | M8: 1041 - HRCS - 52e Employees | N8: 1045 - Records Bldg Fitness Center | O8: 1050 - County Treasurer | P8: 1060 - Office of Budget & Evaluation | Q8: 1070 - County Auditor | R8: 1080 - Purchasing | S8: 1082 - Small Business Enterprise(SBE) | T8: 1090 - IT Data Services | U8: 1210 - Elections | V8: 2050 - Texas Cooperative Extension | W8: 2060 - Veterans Service | X8: 2080 - Historical Commission | Y8: 2110 - Public Works | Z8: 2115 - PW - Economic Development | AA8: 2510 - Road Precinct #1 | AB8: 2520 - Road Precinct #2 | AC8: 2530 - Road Precinct #3 | AD8: 2540 - Road Precinct #4 | AE8: 2550 - Road Reserves | AF8: 3020 - Community Supervision | AG8: 3030 - Public Service Program | AH8: 3043 - Unincorporated Area Services | AI8: 3110 - Executive | AJ8: 3111 - Special Investigation | AK8: 3112 - Intelligence | AL8: 3113 - Internal Affairs | AM8: 3114 - Compliance | AN8: 3121 - General Services | AO8: 3122 - Personnel | AP8: 3123 - Training | AQ8: 3124 - Communications | AR8: 3125 - Fiscal | AS8: 3126 - Photo Lab | AT8: 3127 - Print Shop Department | AU8: 3128 - Bonds | AV8: 3129 - Bailiff | AW8: 3130 - Warrants | AX8: 3131 - Fugitive Transportation | AY8: 3132 - Civil | AZ8: 3133 - Patrol | BA8: 3134 - Criminal Investigation | BB8: 3136 - FLEET | BC8: 3137 - Freeway Management Program | BD8: 3140 - Detention Services | BE8: 3141 - North Tower | BF8: 3142 - West Tower | BG8: 3147 - Central Intake | BH8: 3148 - South Tower | BI8: 3150 - Classification and Release | BJ8: 3151 - Inmate Program | BK8: 3152 - Central Kitchen | BL8: 3153 - Central Laundry | BM8: 3154 - Inmate Transport | BN8: 3155 - Jail Medical | BO8: 3156 - Pre/Post Trial Release Program | BP8: 3210 - Constable Precinct #1 | BQ8: 3220 - Constable Precinct #2 | BR8: 3230 - Constable Precinct #3 | BS8: 3240 - Constable Precinct #4 | BT8: 3250 - Constable Precinct #5 | BU8: 3270 - Constable Precinct #3A | BV8: 3280 - Constable Precinct #4A | BW8: 3311 - Crime Lab | BX8: 3312 - Medical Examiner | BY8: 3313 - Breath Alcohol Program | BZ8: 4001 - Building Security | CA8: 4002 - Emergency Management | CB8: 4003 - Fire Marshal | CC8: 4011 - District Attorney | CD8: 4012 - DA-Special Allocation | CE8: 4013 - Drug Court Program | CF8: 4014 - Jail Diversion | CG8: 4015 - Divert Court | CH8: 4016 - S.T.A.C. Court | CI8: 4020 - District Clerk | CJ8: 4031 - County Clerk | CK8: 4032 - County Clerk-Collections | CL8: 4033 - Truancy Courts Clerks | CM8: 4040 - Public Defender | CN8: 4051 - District Court Administration | CO8: 4052 - Family Court Services | CP8: 4053 - Child Support Payments Office | CQ8: 4054 - Alt. Dispute Resolution-Dept | CR8: 4056 - Domestic Relations Office Administration | CS8: 4060 - Jury Service | CT8: 4065 - Grand Jury Service | CU8: 4071 - 5th Court of Appeals | CV8: 4072 - First Admin. Judicial Region | CW8: 4080 - Court Cost Miscellaneous | CX8: 4090 - Appellate Justice System | CY8: 4110 - 14th Civil District Court | CZ8: 4115 - 44th Civil District Court | DA8: 4120 - 68th Civil District Court | DB8: 4125 - 95th Civil District Court | DC8: 4130 - 101st Civil District Court | DD8: 4135 - 116th Civil District Court | DE8: 4140 - 134th Civil District Court | DF8: 4145 - 160th Civil District Court | DG8: 4150 - 162nd Civil District Court | DH8: 4155 - 191st Civil District Court | DI8: 4160 - 192nd Civil District Court | DJ8: 4165 - 193rd Civil District Court | DK8: 4170 - 298th Civil District Court | DL8: 4175 - Civil District Masters | DM8: 4180 - Civil Tax Court | DN8: 4210 - 254th Family Court | DO8: 4215 - 255th Family Court | DP8: 4220 - 256th Family Court | DQ8: 4225 - 301st Family Court | DR8: 4230 - 302nd Family Court | DS8: 4235 - 303rd Family Court | DT8: 4240 - 330th Family Court | DU8: 4250 - IV-D Court | DV8: 4310 - 304th Juvenile Court | DW8: 4320 - 305th Juvenile Court | DX8: 4401 - Criminal District Court #1 | DY8: 4402 - Criminal District Court #2 | DZ8: 4403 - Criminal District Court #3 | EA8: 4404 - Criminal District Court #4 | EB8: 4405 - Criminal District Court #5 | EC8: 4406 - Criminal District Court #6 | ED8: 4407 - Criminal District Court #7 | EE8: 4410 - 194th Criminal District Court | EF8: 4415 - 195th Criminal District Court | EG8: 4420 - 203rd Criminal District Court | EH8: 4425 - 204th Criminal District Court | EI8: 4430 - 265th Criminal District Court | EJ8: 4435 - 282nd Criminal District Court | EK8: 4440 - 283rd Criminal District Court | EL8: 4445 - 291st Criminal District Court | EM8: 4450 - 292nd Criminal District Court | EN8: 4455 - 363rd Criminal District Court | EO8: 4460 - Criminal District Magistrates | EP8: 4461 - Pretrial Release | EQ8: 4465 - Staff Attorneys | ER8: 4470 - Criminal District Court Manager | ES8: 4501 - County Court at Law #1 | ET8: 4502 - County Court at Law #2 | EU8: 4503 - County Court at Law #3 | EV8: 4504 - County Court at Law #4 | EW8: 4505 - County Court at Law #5 | EX8: 4601 - County Criminal Court #1 | EY8: 4602 - County Criminal Court #2 | EZ8: 4603 - County Criminal Court #3 | FA8: 4604 - County Criminal Court #4 | FB8: 4605 - County Criminal Court #5 | FC8: 4606 - County Criminal Court #6 | FD8: 4607 - County Criminal Court #7 | FE8: 4608 - County Criminal Court #8 | FF8: 4609 - County Criminal Court #9 | FG8: 4610 - County Criminal Court #10 | FH8: 4611 - County Criminal Court #11 | FI8: 4615 - County Criminal Court of Appeals | FJ8: 4616 - County Criminal Court of Appeals #2 | FK8: 4617 - County Criminal Court - Magistrate | FL8: 4620 - County Criminal Court Manager | FM8: 4701 - Probate Court #1 | FN8: 4702 - Probate Court #2 | FO8: 4703 - Probate Court #3 | FP8: 4704 - Investigators/Court Visitor Program | FQ8: 4705 - Probate Associates | FR8: 4811 - J.P- 1-1 | FS8: 4812 - J.P- 1-2 | FT8: 4821 - J.P- 2-1 | FU8: 4822 - J.P- 2-2 | FV8: 4831 - J.P- 3-1 | FW8: 4832 - J.P- 3-2 | FX8: 4833 - J.P. Central Collections | FY8: 4841 - J.P- 4-1 | FZ8: 4842 - J.P- 4-2 | GA8: 4851 - J.P- 5-1 | GB8: 4852 - J.P- 5-2 | GC8: 4862 - J P 3-A | GD8: 4921 - District Clerk Criminal and Bond Forfeiture | GE8: 4922 - District Clerk Passport Central | GF8: 4923 - District Clerk Passport East | GG8: 4924 - District Passport North | GH8: 4925 - District Clerk Juvenile | GI8: 4926 - District Civil and Family, Trust and Collections | GJ8: 5001 - County Clerk Criminal and Bond Forfeiture | GK8: 5002 - County Clerk Recording | GL8: 5003 - County Clerk Vitals | GM8: 5004 - County Clerk Trust | GN8: 5005 - County Clerk Civil | GO8: 5006 - County Clerk Probate | GP8: 5007 - County Clerk Central Records | GQ8: 5008 - County Clerk-Collections | GR8: 5041 - Truancy South | GS8: 5042 - Truancy North | GT8: 5043 - Truancy East | GU8: 5110 - Employee Health Clinic | GV8: 5111 - Juvenile Administration | GW8: 5112 - Juvenile Psychological Service | GX8: 5114 - Juvenile-Detention Center | GY8: 5115 - Juvenile-Emergency Shelter | GZ8: 5116 - Juvenile-Letot Center | HA8: 5117 - Juvenile-Youth Village | HB8: 5118 - Juvenile-Medlock Center | HC8: 5119 - Juvenile-Letot Residential Treatment Center | HD8: 5120 - Health Administration | HE8: 5121 - Environmental Health | HF8: 5122 - Public Health Lab | HG8: 5123 - Preventive Health | HH8: 5124 - Communicable Disease Control | HI8: 5125 - STD Clinic | HJ8: 5126 - TB Clinic | HK8: 5128 - HHS - Finance Admin | HL8: 5130 - Budget Office Community Contracts | HM8: 5140 - CPS Program | HN8: 5170 - Welfare Assistance | HO8: 6340 - Wilmer Substance Abuse Facility | HP8: 6430 - Truancy Enforcement Center | HQ8: 6930 - Cash Match for Grants | HR8: 7138 - Parking Garage CO 2004 Series | HS8: 7139 - Unlimited Tax Ref 2005 24.097M | HT8: 7140 - Certificate Obligation, 2006 $65M | HU8: 7141 - Limited Tax Notes, Series 2011 | HV8: 7142 - Unlimited Tax Refunding Bonds Series 2011A-Dept | HW8: 7144 - Limited Tax Refunding Bonds Series 2013 | HX8: 7145 - Dept Limited Tax Notes Series 2013 | HY8: 7146 - Unlimited Tax Refunding Bonds Series 2015 | HZ8: 7147 - Combination Tax and Parking Garage Revenue Certificates of Obligation Series 2016 | IA8: 7148 - Certificates of Obligation, Series 2022 | IB8: 7400 - Administrative | IC8: 7414 - Unlimited Tax Road Bonds Series 1995 | ID8: 7418 - Road Bond Series 1996 | IE8: 7492 - 1995 Road Bond Fund | IF8: 8010 - State Highway Fund | IG8: 8011 - Vehicle Sales and Use Tax | IH8: 8012 - Certificate of Title Fund | II8: 8013 - State Beer and Wine | IJ8: 8014 - Unapportioned Tax | IK8: 8015 - Tax Refund | IL8: 8016 - Trust Fund (Tax Assessor) | IM8: 8017 - Mail-in License Renewal | IN8: 8459 - Chase C.C. Clearing Acct-Tax Office | IO8: 8465 - Chase C.C. MV Clearing Acct-Tax Office | IP8: 8466 - Chase Credit Card Charge Back-Tax Office | IQ8: 8467 - Chase C.C MV Charge Back Tax Office | IR8: 8543 - Chase Credit Card B&W Chargeback | IS8: 8545 - Chase Credit Card VIT/SIT Chargeback | IT8: 8718 - Dealers' Escrow Account | IU8: 8719 - Undisbursed Funds | IV8: 8720 - Credit Card Deposit/Clearing Acct | IW8: 8721 - Unapportioned Tax ( Year End ) Used to be 720 | IX8: 8731 - Credit Card Chargeback Acct | IY8: 9010 - Library Assistance | IZ8: 9020 - Local Emergencies | JA8: 9101 - Park & Open Space Adm | JB8: 9102 - Park and Open Space | JC8: 9200 - Escrows | JD8: 9205 - Constable Precinct #1 | JE8: 9206 - Constable Precinct #2 | JF8: 9207 - Constable Precinct #3 | JG8: 9208 - Constable Precinct #4 | JH8: 9209 - Constable Precinct #5 | JI8: 9215 - Commissary | JJ8: 9220 - District Attorney | JK8: 9225 - Sheriff | JL8: 9230 - Juvenile | JM8: 9235 - Justice of Peace | JN8: 9240 - County Clerk | JO8: 9245 - District Clerk | JP8: 9250 - County Clerk Record Management | JQ8: 9255 - District Clerk Record Management | JR8: 9256 - County & District Clerk Record Management | JS8: 9260 - Community Supervision and Correction Department | JT8: 9265 - Tax Office | JU8: 9270 - Criminal Justice | JV8: 9275 - Divert Court | JW8: 9280 - HHS | JX8: 9285 - Probate Court | JY8: 9290 - Law Library | JZ8: 9291 - SBE | KA8: 9292 - Fire Marshall | KB8: 9410 - IT Projects | KC8: 9420 - Facilities Projects | KD8: 9430 - Public Works Projects | KE8: 9440 - CSCD Projects | KF8: 9450 - Elections | KG8: 9455 - Household Hazardous Waste | KH8: 9464 - American Rescue Plan | KI8: 9466 - Major Grants | KJ8: 9467 - HUD Section 8 | KK8: 9468 - Charter School | KL8: 9900 - Non-Budget Charges | KM8: 9910 - Countywide Appropriations | KN8: 9915 - Surplus | KO8: 9920 - Payroll -Dept | KP8: 9940 - Reserves and Contingency | KQ8: 9950 - Emergency Reserves
A9: {=TRANSPOSE(_xlfn._xlws.SORT(_xlfn._xlws.FILTER(TableCostCenter[Cost Center List],ISNUMBER(SEARCH(Travel!Z10,TableCostCenter[Cost Center List])))))} -> 0000 - Default Cost Center | B9: 1010 - County Judge | C9: 1011 - Truancy Courts | D9: 1016 - Planning and Development | E9: 1020 - Commissioners' Court Administrator | F9: 1021 - Operation Services - Engineering | G9: 1022 - Operation Services - Facilities | H9: 1023 - Operation Services - Comm/Central Services | I9: 1024 - Operation Services - Records Mgmt | J9: 1027 - Operation Services - Auto Service Center | K9: 1035 - Tax Assessor/Collector | L9: 1040 - Human Resource/Civil Service | M9: 1041 - HRCS - 52e Employees | N9: 1045 - Records Bldg Fitness Center | O9: 1050 - County Treasurer | P9: 1060 - Office of Budget & Evaluation | Q9: 1070 - County Auditor | R9: 1080 - Purchasing | S9: 1082 - Small Business Enterprise(SBE) | T9: 1090 - IT Data Services | U9: 1210 - Elections | V9: 2050 - Texas Cooperative Extension | W9: 2060 - Veterans Service | X9: 2080 - Historical Commission | Y9: 2110 - Public Works | Z9: 2115 - PW - Economic Development | AA9: 2510 - Road Precinct #1 | AB9: 2520 - Road Precinct #2 | AC9: 2530 - Road Precinct #3 | AD9: 2540 - Road Precinct #4 | AE9: 2550 - Road Reserves | AF9: 3020 - Community Supervision | AG9: 3030 - Public Service Program | AH9: 3043 - Unincorporated Area Services | AI9: 3110 - Executive | AJ9: 3111 - Special Investigation | AK9: 3112 - Intelligence | AL9: 3113 - Internal Affairs | AM9: 3114 - Compliance | AN9: 3121 - General Services | AO9: 3122 - Personnel | AP9: 3123 - Training | AQ9: 3124 - Communications | AR9: 3125 - Fiscal | AS9: 3126 - Photo Lab | AT9: 3127 - Print Shop Department | AU9: 3128 - Bonds | AV9: 3129 - Bailiff | AW9: 3130 - Warrants | AX9: 3131 - Fugitive Transportation | AY9: 3132 - Civil | AZ9: 3133 - Patrol | BA9: 3134 - Criminal Investigation | BB9: 3136 - FLEET | BC9: 3137 - Freeway Management Program | BD9: 3140 - Detention Services | BE9: 3141 - North Tower | BF9: 3142 - West Tower | BG9: 3147 - Central Intake | BH9: 3148 - South Tower | BI9: 3150 - Classification and Release | BJ9: 3151 - Inmate Program | BK9: 3152 - Central Kitchen | BL9: 3153 - Central Laundry | BM9: 3154 - Inmate Transport | BN9: 3155 - Jail Medical | BO9: 3156 - Pre/Post Trial Release Program | BP9: 3210 - Constable Precinct #1 | BQ9: 3220 - Constable Precinct #2 | BR9: 3230 - Constable Precinct #3 | BS9: 3240 - Constable Precinct #4 | BT9: 3250 - Constable Precinct #5 | BU9: 3270 - Constable Precinct #3A | BV9: 3280 - Constable Precinct #4A | BW9: 3311 - Crime Lab | BX9: 3312 - Medical Examiner | BY9: 3313 - Breath Alcohol Program | BZ9: 4001 - Building Security | CA9: 4002 - Emergency Management | CB9: 4003 - Fire Marshal | CC9: 4011 - District Attorney | CD9: 4012 - DA-Special Allocation | CE9: 4013 - Drug Court Program | CF9: 4014 - Jail Diversion | CG9: 4015 - Divert Court | CH9: 4016 - S.T.A.C. Court | CI9: 4020 - District Clerk | CJ9: 4031 - County Clerk | CK9: 4032 - County Clerk-Collections | CL9: 4033 - Truancy Courts Clerks | CM9: 4040 - Public Defender | CN9: 4051 - District Court Administration | CO9: 4052 - Family Court Services | CP9: 4053 - Child Support Payments Office | CQ9: 4054 - Alt. Dispute Resolution-Dept | CR9: 4056 - Domestic Relations Office Administration | CS9: 4060 - Jury Service | CT9: 4065 - Grand Jury Service | CU9: 4071 - 5th Court of Appeals | CV9: 4072 - First Admin. Judicial Region | CW9: 4080 - Court Cost Miscellaneous | CX9: 4090 - Appellate Justice System | CY9: 4110 - 14th Civil District Court | CZ9: 4115 - 44th Civil District Court | DA9: 4120 - 68th Civil District Court | DB9: 4125 - 95th Civil District Court | DC9: 4130 - 101st Civil District Court | DD9: 4135 - 116th Civil District Court | DE9: 4140 - 134th Civil District Court | DF9: 4145 - 160th Civil District Court | DG9: 4150 - 162nd Civil District Court | DH9: 4155 - 191st Civil District Court | DI9: 4160 - 192nd Civil District Court | DJ9: 4165 - 193rd Civil District Court | DK9: 4170 - 298th Civil District Court | DL9: 4175 - Civil District Masters | DM9: 4180 - Civil Tax Court | DN9: 4210 - 254th Family Court | DO9: 4215 - 255th Family Court | DP9: 4220 - 256th Family Court | DQ9: 4225 - 301st Family Court | DR9: 4230 - 302nd Family Court | DS9: 4235 - 303rd Family Court | DT9: 4240 - 330th Family Court | DU9: 4250 - IV-D Court | DV9: 4310 - 304th Juvenile Court | DW9: 4320 - 305th Juvenile Court | DX9: 4401 - Criminal District Court #1 | DY9: 4402 - Criminal District Court #2 | DZ9: 4403 - Criminal District Court #3 | EA9: 4404 - Criminal District Court #4 | EB9: 4405 - Criminal District Court #5 | EC9: 4406 - Criminal District Court #6 | ED9: 4407 - Criminal District Court #7 | EE9: 4410 - 194th Criminal District Court | EF9: 4415 - 195th Criminal District Court | EG9: 4420 - 203rd Criminal District Court | EH9: 4425 - 204th Criminal District Court | EI9: 4430 - 265th Criminal District Court | EJ9: 4435 - 282nd Criminal District Court | EK9: 4440 - 283rd Criminal District Court | EL9: 4445 - 291st Criminal District Court | EM9: 4450 - 292nd Criminal District Court | EN9: 4455 - 363rd Criminal District Court | EO9: 4460 - Criminal District Magistrates | EP9: 4461 - Pretrial Release | EQ9: 4465 - Staff Attorneys | ER9: 4470 - Criminal District Court Manager | ES9: 4501 - County Court at Law #1 | ET9: 4502 - County Court at Law #2 | EU9: 4503 - County Court at Law #3 | EV9: 4504 - County Court at Law #4 | EW9: 4505 - County Court at Law #5 | EX9: 4601 - County Criminal Court #1 | EY9: 4602 - County Criminal Court #2 | EZ9: 4603 - County Criminal Court #3 | FA9: 4604 - County Criminal Court #4 | FB9: 4605 - County Criminal Court #5 | FC9: 4606 - County Criminal Court #6 | FD9: 4607 - County Criminal Court #7 | FE9: 4608 - County Criminal Court #8 | FF9: 4609 - County Criminal Court #9 | FG9: 4610 - County Criminal Court #10 | FH9: 4611 - County Criminal Court #11 | FI9: 4615 - County Criminal Court of Appeals | FJ9: 4616 - County Criminal Court of Appeals #2 | FK9: 4617 - County Criminal Court - Magistrate | FL9: 4620 - County Criminal Court Manager | FM9: 4701 - Probate Court #1 | FN9: 4702 - Probate Court #2 | FO9: 4703 - Probate Court #3 | FP9: 4704 - Investigators/Court Visitor Program | FQ9: 4705 - Probate Associates | FR9: 4811 - J.P- 1-1 | FS9: 4812 - J.P- 1-2 | FT9: 4821 - J.P- 2-1 | FU9: 4822 - J.P- 2-2 | FV9: 4831 - J.P- 3-1 | FW9: 4832 - J.P- 3-2 | FX9: 4833 - J.P. Central Collections | FY9: 4841 - J.P- 4-1 | FZ9: 4842 - J.P- 4-2 | GA9: 4851 - J.P- 5-1 | GB9: 4852 - J.P- 5-2 | GC9: 4862 - J P 3-A | GD9: 4921 - District Clerk Criminal and Bond Forfeiture | GE9: 4922 - District Clerk Passport Central | GF9: 4923 - District Clerk Passport East | GG9: 4924 - District Passport North | GH9: 4925 - District Clerk Juvenile | GI9: 4926 - District Civil and Family, Trust and Collections | GJ9: 5001 - County Clerk Criminal and Bond Forfeiture | GK9: 5002 - County Clerk Recording | GL9: 5003 - County Clerk Vitals | GM9: 5004 - County Clerk Trust | GN9: 5005 - County Clerk Civil | GO9: 5006 - County Clerk Probate | GP9: 5007 - County Clerk Central Records | GQ9: 5008 - County Clerk-Collections | GR9: 5041 - Truancy South | GS9: 5042 - Truancy North | GT9: 5043 - Truancy East | GU9: 5110 - Employee Health Clinic | GV9: 5111 - Juvenile Administration | GW9: 5112 - Juvenile Psychological Service | GX9: 5114 - Juvenile-Detention Center | GY9: 5115 - Juvenile-Emergency Shelter | GZ9: 5116 - Juvenile-Letot Center | HA9: 5117 - Juvenile-Youth Village | HB9: 5118 - Juvenile-Medlock Center | HC9: 5119 - Juvenile-Letot Residential Treatment Center | HD9: 5120 - Health Administration | HE9: 5121 - Environmental Health | HF9: 5122 - Public Health Lab | HG9: 5123 - Preventive Health | HH9: 5124 - Communicable Disease Control | HI9: 5125 - STD Clinic | HJ9: 5126 - TB Clinic | HK9: 5128 - HHS - Finance Admin | HL9: 5130 - Budget Office Community Contracts | HM9: 5140 - CPS Program | HN9: 5170 - Welfare Assistance | HO9: 6340 - Wilmer Substance Abuse Facility | HP9: 6430 - Truancy Enforcement Center | HQ9: 6930 - Cash Match for Grants | HR9: 7138 - Parking Garage CO 2004 Series | HS9: 7139 - Unlimited Tax Ref 2005 24.097M | HT9: 7140 - Certificate Obligation, 2006 $65M | HU9: 7141 - Limited Tax Notes, Series 2011 | HV9: 7142 - Unlimited Tax Refunding Bonds Series 2011A-Dept | HW9: 7144 - Limited Tax Refunding Bonds Series 2013 | HX9: 7145 - Dept Limited Tax Notes Series 2013 | HY9: 7146 - Unlimited Tax Refunding Bonds Series 2015 | HZ9: 7147 - Combination Tax and Parking Garage Revenue Certificates of Obligation Series 2016 | IA9: 7148 - Certificates of Obligation, Series 2022 | IB9: 7400 - Administrative | IC9: 7414 - Unlimited Tax Road Bonds Series 1995 | ID9: 7418 - Road Bond Series 1996 | IE9: 7492 - 1995 Road Bond Fund | IF9: 8010 - State Highway Fund | IG9: 8011 - Vehicle Sales and Use Tax | IH9: 8012 - Certificate of Title Fund | II9: 8013 - State Beer and Wine | IJ9: 8014 - Unapportioned Tax | IK9: 8015 - Tax Refund | IL9: 8016 - Trust Fund (Tax Assessor) | IM9: 8017 - Mail-in License Renewal | IN9: 8459 - Chase C.C. Clearing Acct-Tax Office | IO9: 8465 - Chase C.C. MV Clearing Acct-Tax Office | IP9: 8466 - Chase Credit Card Charge Back-Tax Office | IQ9: 8467 - Chase C.C MV Charge Back Tax Office | IR9: 8543 - Chase Credit Card B&W Chargeback | IS9: 8545 - Chase Credit Card VIT/SIT Chargeback | IT9: 8718 - Dealers' Escrow Account | IU9: 8719 - Undisbursed Funds | IV9: 8720 - Credit Card Deposit/Clearing Acct | IW9: 8721 - Unapportioned Tax ( Year End ) Used to be 720 | IX9: 8731 - Credit Card Chargeback Acct | IY9: 9010 - Library Assistance | IZ9: 9020 - Local Emergencies | JA9: 9101 - Park & Open Space Adm | JB9: 9102 - Park and Open Space | JC9: 9200 - Escrows | JD9: 9205 - Constable Precinct #1 | JE9: 9206 - Constable Precinct #2 | JF9: 9207 - Constable Precinct #3 | JG9: 9208 - Constable Precinct #4 | JH9: 9209 - Constable Precinct #5 | JI9: 9215 - Commissary | JJ9: 9220 - District Attorney | JK9: 9225 - Sheriff | JL9: 9230 - Juvenile | JM9: 9235 - Justice of Peace | JN9: 9240 - County Clerk | JO9: 9245 - District Clerk | JP9: 9250 - County Clerk Record Management | JQ9: 9255 - District Clerk Record Management | JR9: 9256 - County & District Clerk Record Management | JS9: 9260 - Community Supervision and Correction Department | JT9: 9265 - Tax Office | JU9: 9270 - Criminal Justice | JV9: 9275 - Divert Court | JW9: 9280 - HHS | JX9: 9285 - Probate Court | JY9: 9290 - Law Library | JZ9: 9291 - SBE | KA9: 9292 - Fire Marshall | KB9: 9410 - IT Projects | KC9: 9420 - Facilities Projects | KD9: 9430 - Public Works Projects | KE9: 9440 - CSCD Projects | KF9: 9450 - Elections | KG9: 9455 - Household Hazardous Waste | KH9: 9464 - American Rescue Plan | KI9: 9466 - Major Grants | KJ9: 9467 - HUD Section 8 | KK9: 9468 - Charter School | KL9: 9900 - Non-Budget Charges | KM9: 9910 - Countywide Appropriations | KN9: 9915 - Surplus | KO9: 9920 - Payroll -Dept | KP9: 9940 - Reserves and Contingency | KQ9: 9950 - Emergency Reserves
A10: {=TRANSPOSE(_xlfn._xlws.SORT(_xlfn._xlws.FILTER(TableCostCenter[Cost Center List],ISNUMBER(SEARCH(Travel!Z11,TableCostCenter[Cost Center List])))))} -> 0000 - Default Cost Center | B10: 1010 - County Judge | C10: 1011 - Truancy Courts | D10: 1016 - Planning and Development | E10: 1020 - Commissioners' Court Administrator | F10: 1021 - Operation Services - Engineering | G10: 1022 - Operation Services - Facilities | H10: 1023 - Operation Services - Comm/Central Services | I10: 1024 - Operation Services - Records Mgmt | J10: 1027 - Operation Services - Auto Service Center | K10: 1035 - Tax Assessor/Collector | L10: 1040 - Human Resource/Civil Service | M10: 1041 - HRCS - 52e Employees | N10: 1045 - Records Bldg Fitness Center | O10: 1050 - County Treasurer | P10: 1060 - Office of Budget & Evaluation | Q10: 1070 - County Auditor | R10: 1080 - Purchasing | S10: 1082 - Small Business Enterprise(SBE) | T10: 1090 - IT Data Services | U10: 1210 - Elections | V10: 2050 - Texas Cooperative Extension | W10: 2060 - Veterans Service | X10: 2080 - Historical Commission | Y10: 2110 - Public Works | Z10: 2115 - PW - Economic Development | AA10: 2510 - Road Precinct #1 | AB10: 2520 - Road Precinct #2 | AC10: 2530 - Road Precinct #3 | AD10: 2540 - Road Precinct #4 | AE10: 2550 - Road Reserves | AF10: 3020 - Community Supervision | AG10: 3030 - Public Service Program | AH10: 3043 - Unincorporated Area Services | AI10: 3110 - Executive | AJ10: 3111 - Special Investigation | AK10: 3112 - Intelligence | AL10: 3113 - Internal Affairs | AM10: 3114 - Compliance | AN10: 3121 - General Services | AO10: 3122 - Personnel | AP10: 3123 - Training | AQ10: 3124 - Communications | AR10: 3125 - Fiscal | AS10: 3126 - Photo Lab | AT10: 3127 - Print Shop Department | AU10: 3128 - Bonds | AV10: 3129 - Bailiff | AW10: 3130 - Warrants | AX10: 3131 - Fugitive Transportation | AY10: 3132 - Civil | AZ10: 3133 - Patrol | BA10: 3134 - Criminal Investigation | BB10: 3136 - FLEET | BC10: 3137 - Freeway Management Program | BD10: 3140 - Detention Services | BE10: 3141 - North Tower | BF10: 3142 - West Tower | BG10: 3147 - Central Intake | BH10: 3148 - South Tower | BI10: 3150 - Classification and Release | BJ10: 3151 - Inmate Program | BK10: 3152 - Central Kitchen | BL10: 3153 - Central Laundry | BM10: 3154 - Inmate Transport | BN10: 3155 - Jail Medical | BO10: 3156 - Pre/Post Trial Release Program | BP10: 3210 - Constable Precinct #1 | BQ10: 3220 - Constable Precinct #2 | BR10: 3230 - Constable Precinct #3 | BS10: 3240 - Constable Precinct #4 | BT10: 3250 - Constable Precinct #5 | BU10: 3270 - Constable Precinct #3A | BV10: 3280 - Constable Precinct #4A | BW10: 3311 - Crime Lab | BX10: 3312 - Medical Examiner | BY10: 3313 - Breath Alcohol Program | BZ10: 4001 - Building Security | CA10: 4002 - Emergency Management | CB10: 4003 - Fire Marshal | CC10: 4011 - District Attorney | CD10: 4012 - DA-Special Allocation | CE10: 4013 - Drug Court Program | CF10: 4014 - Jail Diversion | CG10: 4015 - Divert Court | CH10: 4016 - S.T.A.C. Court | CI10: 4020 - District Clerk | CJ10: 4031 - County Clerk | CK10: 4032 - County Clerk-Collections | CL10: 4033 - Truancy Courts Clerks | CM10: 4040 - Public Defender | CN10: 4051 - District Court Administration | CO10: 4052 - Family Court Services | CP10: 4053 - Child Support Payments Office | CQ10: 4054 - Alt. Dispute Resolution-Dept | CR10: 4056 - Domestic Relations Office Administration | CS10: 4060 - Jury Service | CT10: 4065 - Grand Jury Service | CU10: 4071 - 5th Court of Appeals | CV10: 4072 - First Admin. Judicial Region | CW10: 4080 - Court Cost Miscellaneous | CX10: 4090 - Appellate Justice System | CY10: 4110 - 14th Civil District Court | CZ10: 4115 - 44th Civil District Court | DA10: 4120 - 68th Civil District Court | DB10: 4125 - 95th Civil District Court | DC10: 4130 - 101st Civil District Court | DD10: 4135 - 116th Civil District Court | DE10: 4140 - 134th Civil District Court | DF10: 4145 - 160th Civil District Court | DG10: 4150 - 162nd Civil District Court | DH10: 4155 - 191st Civil District Court | DI10: 4160 - 192nd Civil District Court | DJ10: 4165 - 193rd Civil District Court | DK10: 4170 - 298th Civil District Court | DL10: 4175 - Civil District Masters | DM10: 4180 - Civil Tax Court | DN10: 4210 - 254th Family Court | DO10: 4215 - 255th Family Court | DP10: 4220 - 256th Family Court | DQ10: 4225 - 301st Family Court | DR10: 4230 - 302nd Family Court | DS10: 4235 - 303rd Family Court | DT10: 4240 - 330th Family Court | DU10: 4250 - IV-D Court | DV10: 4310 - 304th Juvenile Court | DW10: 4320 - 305th Juvenile Court | DX10: 4401 - Criminal District Court #1 | DY10: 4402 - Criminal District Court #2 | DZ10: 4403 - Criminal District Court #3 | EA10: 4404 - Criminal District Court #4 | EB10: 4405 - Criminal District Court #5 | EC10: 4406 - Criminal District Court #6 | ED10: 4407 - Criminal District Court #7 | EE10: 4410 - 194th Criminal District Court | EF10: 4415 - 195th Criminal District Court | EG10: 4420 - 203rd Criminal District Court | EH10: 4425 - 204th Criminal District Court | EI10: 4430 - 265th Criminal District Court | EJ10: 4435 - 282nd Criminal District Court | EK10: 4440 - 283rd Criminal District Court | EL10: 4445 - 291st Criminal District Court | EM10: 4450 - 292nd Criminal District Court | EN10: 4455 - 363rd Criminal District Court | EO10: 4460 - Criminal District Magistrates | EP10: 4461 - Pretrial Release | EQ10: 4465 - Staff Attorneys | ER10: 4470 - Criminal District Court Manager | ES10: 4501 - County Court at Law #1 | ET10: 4502 - County Court at Law #2 | EU10: 4503 - County Court at Law #3 | EV10: 4504 - County Court at Law #4 | EW10: 4505 - County Court at Law #5 | EX10: 4601 - County Criminal Court #1 | EY10: 4602 - County Criminal Court #2 | EZ10: 4603 - County Criminal Court #3 | FA10: 4604 - County Criminal Court #4 | FB10: 4605 - County Criminal Court #5 | FC10: 4606 - County Criminal Court #6 | FD10: 4607 - County Criminal Court #7 | FE10: 4608 - County Criminal Court #8 | FF10: 4609 - County Criminal Court #9 | FG10: 4610 - County Criminal Court #10 | FH10: 4611 - County Criminal Court #11 | FI10: 4615 - County Criminal Court of Appeals | FJ10: 4616 - County Criminal Court of Appeals #2 | FK10: 4617 - County Criminal Court - Magistrate | FL10: 4620 - County Criminal Court Manager | FM10: 4701 - Probate Court #1 | FN10: 4702 - Probate Court #2 | FO10: 4703 - Probate Court #3 | FP10: 4704 - Investigators/Court Visitor Program | FQ10: 4705 - Probate Associates | FR10: 4811 - J.P- 1-1 | FS10: 4812 - J.P- 1-2 | FT10: 4821 - J.P- 2-1 | FU10: 4822 - J.P- 2-2 | FV10: 4831 - J.P- 3-1 | FW10: 4832 - J.P- 3-2 | FX10: 4833 - J.P. Central Collections | FY10: 4841 - J.P- 4-1 | FZ10: 4842 - J.P- 4-2 | GA10: 4851 - J.P- 5-1 | GB10: 4852 - J.P- 5-2 | GC10: 4862 - J P 3-A | GD10: 4921 - District Clerk Criminal and Bond Forfeiture | GE10: 4922 - District Clerk Passport Central | GF10: 4923 - District Clerk Passport East | GG10: 4924 - District Passport North | GH10: 4925 - District Clerk Juvenile | GI10: 4926 - District Civil and Family, Trust and Collections | GJ10: 5001 - County Clerk Criminal and Bond Forfeiture | GK10: 5002 - County Clerk Recording | GL10: 5003 - County Clerk Vitals | GM10: 5004 - County Clerk Trust | GN10: 5005 - County Clerk Civil | GO10: 5006 - County Clerk Probate | GP10: 5007 - County Clerk Central Records | GQ10: 5008 - County Clerk-Collections | GR10: 5041 - Truancy South | GS10: 5042 - Truancy North | GT10: 5043 - Truancy East | GU10: 5110 - Employee Health Clinic | GV10: 5111 - Juvenile Administration | GW10: 5112 - Juvenile Psychological Service | GX10: 5114 - Juvenile-Detention Center | GY10: 5115 - Juvenile-Emergency Shelter | GZ10: 5116 - Juvenile-Letot Center | HA10: 5117 - Juvenile-Youth Village | HB10: 5118 - Juvenile-Medlock Center | HC10: 5119 - Juvenile-Letot Residential Treatment Center | HD10: 5120 - Health Administration | HE10: 5121 - Environmental Health | HF10: 5122 - Public Health Lab | HG10: 5123 - Preventive Health | HH10: 5124 - Communicable Disease Control | HI10: 5125 - STD Clinic | HJ10: 5126 - TB Clinic | HK10: 5128 - HHS - Finance Admin | HL10: 5130 - Budget Office Community Contracts | HM10: 5140 - CPS Program | HN10: 5170 - Welfare Assistance | HO10: 6340 - Wilmer Substance Abuse Facility | HP10: 6430 - Truancy Enforcement Center | HQ10: 6930 - Cash Match for Grants | HR10: 7138 - Parking Garage CO 2004 Series | HS10: 7139 - Unlimited Tax Ref 2005 24.097M | HT10: 7140 - Certificate Obligation, 2006 $65M | HU10: 7141 - Limited Tax Notes, Series 2011 | HV10: 7142 - Unlimited Tax Refunding Bonds Series 2011A-Dept | HW10: 7144 - Limited Tax Refunding Bonds Series 2013 | HX10: 7145 - Dept Limited Tax Notes Series 2013 | HY10: 7146 - Unlimited Tax Refunding Bonds Series 2015 | HZ10: 7147 - Combination Tax and Parking Garage Revenue Certificates of Obligation Series 2016 | IA10: 7148 - Certificates of Obligation, Series 2022 | IB10: 7400 - Administrative | IC10: 7414 - Unlimited Tax Road Bonds Series 1995 | ID10: 7418 - Road Bond Series 1996 | IE10: 7492 - 1995 Road Bond Fund | IF10: 8010 - State Highway Fund | IG10: 8011 - Vehicle Sales and Use Tax | IH10: 8012 - Certificate of Title Fund | II10: 8013 - State Beer and Wine | IJ10: 8014 - Unapportioned Tax | IK10: 8015 - Tax Refund | IL10: 8016 - Trust Fund (Tax Assessor) | IM10: 8017 - Mail-in License Renewal | IN10: 8459 - Chase C.C. Clearing Acct-Tax Office | IO10: 8465 - Chase C.C. MV Clearing Acct-Tax Office | IP10: 8466 - Chase Credit Card Charge Back-Tax Office | IQ10: 8467 - Chase C.C MV Charge Back Tax Office | IR10: 8543 - Chase Credit Card B&W Chargeback | IS10: 8545 - Chase Credit Card VIT/SIT Chargeback | IT10: 8718 - Dealers' Escrow Account | IU10: 8719 - Undisbursed Funds | IV10: 8720 - Credit Card Deposit/Clearing Acct | IW10: 8721 - Unapportioned Tax ( Year End ) Used to be 720 | IX10: 8731 - Credit Card Chargeback Acct | IY10: 9010 - Library Assistance | IZ10: 9020 - Local Emergencies | JA10: 9101 - Park & Open Space Adm | JB10: 9102 - Park and Open Space | JC10: 9200 - Escrows | JD10: 9205 - Constable Precinct #1 | JE10: 9206 - Constable Precinct #2 | JF10: 9207 - Constable Precinct #3 | JG10: 9208 - Constable Precinct #4 | JH10: 9209 - Constable Precinct #5 | JI10: 9215 - Commissary | JJ10: 9220 - District Attorney | JK10: 9225 - Sheriff | JL10: 9230 - Juvenile | JM10: 9235 - Justice of Peace | JN10: 9240 - County Clerk | JO10: 9245 - District Clerk | JP10: 9250 - County Clerk Record Management | JQ10: 9255 - District Clerk Record Management | JR10: 9256 - County & District Clerk Record Management | JS10: 9260 - Community Supervision and Correction Department | JT10: 9265 - Tax Office | JU10: 9270 - Criminal Justice | JV10: 9275 - Divert Court | JW10: 9280 - HHS | JX10: 9285 - Probate Court | JY10: 9290 - Law Library | JZ10: 9291 - SBE | KA10: 9292 - Fire Marshall | KB10: 9410 - IT Projects | KC10: 9420 - Facilities Projects | KD10: 9430 - Public Works Projects | KE10: 9440 - CSCD Projects | KF10: 9450 - Elections | KG10: 9455 - Household Hazardous Waste | KH10: 9464 - American Rescue Plan | KI10: 9466 - Major Grants | KJ10: 9467 - HUD Section 8 | KK10: 9468 - Charter School | KL10: 9900 - Non-Budget Charges | KM10: 9910 - Countywide Appropriations | KN10: 9915 - Surplus | KO10: 9920 - Payroll -Dept | KP10: 9940 - Reserves and Contingency | KQ10: 9950 - Emergency Reserves
